Workbook
Name _5.4_纪念碑谷: '5.4纪念碑谷'!$A$1:$C$13
Name 纪念碑谷: '5.4纪念碑谷'!$A$1:$C$13
Name 颜色主题: '1.序幕'!$D$27

Sheet 1.序幕
B3: 部落冲突研究笔记 | G3: 家乡大本营 | I3: 15 | V3: =IF(I3>=9,IF(I3>11,IF(I3>14,"Ⅴ 芬福时代","Ⅳ 帝王时代"),"Ⅲ 城堡时代"),IF(I3>1,"Ⅱ 封建时代","Ⅰ 黑暗时代")) -> Ⅴ 芬福时代
D5: ="陪你 "&DATEDIF(DATE(2018,6,11),NOW(),"D")&" 天了" -> 陪你 2129 天了
G6: 加农炮 | H6: ="★"&TEXT(VALUE(LEFT(小羊的家备份!Z8,2)),"?0")&" ☀"&TEXT(VALUE(RIGHT(小羊的家备份!Z8,3)),"?0") -> ★21 ☀ 7 | J6: 大本营 | K6: ="★"&TEXT(VALUE(LEFT(小羊的家备份!Z37,2)),"?0")&" ☀"&TEXT(VALUE(RIGHT(小羊的家备份!Z37,3)),"?0") -> ★15 ☀ 1 | M6: 野蛮人 | N6: ="★"&TEXT(VALUE(小羊的家备份!Z55),"?0") -> ★11 | P6: 雷电法术 | Q6: ="★"&TEXT(VALUE(小羊的家备份!Z83),"?0") -> ★10 | S6: ====联机模式==== | V6: 当前本升级数据
B7: 地狱飞龙 | G7: 箭塔 | H7: ="★"&TEXT(VALUE(LEFT(小羊的家备份!Z9,2)),"?0")&" ☀"&TEXT(VALUE(RIGHT(小羊的家备份!Z9,3)),"?0") -> ★21 ☀ 8 | J7: 部落城堡 | K7: ="★"&TEXT(VALUE(LEFT(小羊的家备份!Z38,2)),"?0")&" ☀"&TEXT(VALUE(RIGHT(小羊的家备份!Z38,3)),"?0") -> ★11 ☀ 1 | M7: 弓箭手 | N7: ="★"&TEXT(VALUE(小羊的家备份!Z56),"?0") -> ★11 | P7: 疗伤法术 | Q7: ="★"&TEXT(VALUE(小羊的家备份!Z84),"?0") -> ★ 9 | S7: 搜索费用 | T7: =小羊的家备份!Z121 -> 1400
G8: 城墙 | H8: ="★"&TEXT(VALUE(LEFT(小羊的家备份!Z10,2)),"?0")&" ☀"&TEXT(VALUE(RIGHT(小羊的家备份!Z10,3)),"?0") -> ★16 ☀200 | I8: =IF(I3=15,"★15☀125","") -> ★15☀125 | J8: 实验室 | K8: ="★"&TEXT(VALUE(LEFT(小羊的家备份!Z39,2)),"?0")&" ☀"&TEXT(VALUE(RIGHT(小羊的家备份!Z39,3)),"?0") -> ★13 ☀ 1 | M8: 巨人 | N8: ="★"&TEXT(VALUE(小羊的家备份!Z57),"?0") -> ★11 | P8: 狂暴法术 | Q8: ="★"&TEXT(VALUE(小羊的家备份!Z85),"?0") -> ★ 6 | S8: 金水比例 | T8: =小羊的家备份!Z122 -> 10 | V8: 圣水 | W8: =小羊的家备份!Z150 -> 552300000
G9: 迫击炮 | H9: ="★"&TEXT(VALUE(LEFT(小羊的家备份!Z11,2)),"?0")&" ☀"&TEXT(VALUE(RIGHT(小羊的家备份!Z11,3)),"?0") -> ★15 ☀ 4 | J9: 训练营 | K9: ="★"&TEXT(VALUE(LEFT(小羊的家备份!Z40,2)),"?0")&" ☀"&TEXT(VALUE(RIGHT(小羊的家备份!Z40,3)),"?0") -> ★16 ☀ 1 | M9: 哥布林 | N9: ="★"&TEXT(VALUE(小羊的家备份!Z58),"?0") -> ★ 8 | P9: 弹跳法术 | Q9: ="★"&TEXT(VALUE(小羊的家备份!Z86),"?0") -> ★ 5 | S9: 黑油比例 | T9: =小羊的家备份!Z123 -> 4 | V9: 金币 | W9: =小羊的家备份!Z151 -> 956500000
G10: 防空火箭 | H10: ="★"&TEXT(VALUE(LEFT(小羊的家备份!Z12,2)),"?0")&" ☀"&TEXT(VALUE(RIGHT(小羊的家备份!Z12,3)),"?0") -> ★13 ☀ 4 | J10: 暗黑训练营 | K10: ="★"&TEXT(VALUE(LEFT(小羊的家备份!Z41,2)),"?0")&" ☀"&TEXT(VALUE(RIGHT(小羊的家备份!Z41,3)),"?0") -> ★ 9 ☀ 1 | M10: 炸弹人 | N10: ="★"&TEXT(VALUE(小羊的家备份!Z59),"?0") -> ★11 | P10: 冰冻法术 | Q10: ="★"&TEXT(VALUE(小羊的家备份!Z87),"?0") -> ★ 7 | S10: 金水上限 | T10: =小羊的家备份!Z124 -> 650000 | V10: 黑油 | W10: =小羊的家备份!Z152 -> 16520000
B11: =INDEX(INDIRECT(小羊的家备份!T2),MATCH(1,INDIRECT(小羊的家备份!T1),0)) -> 家乡支援军->地狱飞龙 | E11: =HYPERLINK(INDEX(INDIRECT(小羊的家备份!T3),MATCH(1,INDIRECT(小羊的家备份!T1),0)),">>进入") -> >>进入 | G11: 法师塔 | H11: ="★"&TEXT(VALUE(LEFT(小羊的家备份!Z13,2)),"?0")&" ☀"&TEXT(VALUE(RIGHT(小羊的家备份!Z13,3)),"?0") -> ★15 ☀ 5 | J11: 兵营 | K11: ="★"&TEXT(VALUE(LEFT(小羊的家备份!Z42,2)),"?0")&" ☀"&TEXT(VALUE(RIGHT(小羊的家备份!Z42,3)),"?0") -> ★12 ☀ 4 | M11: 气球兵 | N11: ="★"&TEXT(VALUE(小羊的家备份!Z60),"?0") -> ★10 | P11: 镜像法术 | Q11: ="★"&TEXT(VALUE(小羊的家备份!Z88),"?0") -> ★ 7 | S11: 黑油上限 | T11: =小羊的家备份!Z125 -> 5500 | V11: 单个工人时间 | W11: =小羊的家备份!Z153 -> 1386
G12: 空气炮 | H12: ="★"&TEXT(VALUE(LEFT(小羊的家备份!Z14,2)),"?0")&" ☀"&TEXT(VALUE(RIGHT(小羊的家备份!Z14,3)),"?0") -> ★ 7 ☀ 2 | J12: 法术工厂 | K12: ="★"&TEXT(VALUE(LEFT(小羊的家备份!Z43,2)),"?0")&" ☀"&TEXT(VALUE(RIGHT(小羊的家备份!Z43,3)),"?0") -> ★ 7 ☀ 1 | M12: 法师 | N12: ="★"&TEXT(VALUE(小羊的家备份!Z61),"?0") -> ★11 | P12: 隐形法术 | Q12: ="★"&TEXT(VALUE(小羊的家备份!Z89),"?0") -> ★ 4 | V12: 科技时间 | W12: =小羊的家备份!Z154 -> 270.5
G13: 伏击电塔 | H13: ="★"&TEXT(VALUE(LEFT(小羊的家备份!Z15,2)),"?0")&" ☀"&TEXT(VALUE(RIGHT(小羊的家备份!Z15,3)),"?0") -> ★13 ☀ 5 | J13: 暗黑工厂 | K13: ="★"&TEXT(VALUE(LEFT(小羊的家备份!Z44,2)),"?0")&" ☀"&TEXT(VALUE(RIGHT(小羊的家备份!Z44,3)),"?0") -> ★ 5 ☀ 1 | M13: 天使 | N13: ="★"&TEXT(VALUE(小羊的家备份!Z62),"?0") -> ★ 7 | P13: 召回法术 | Q13: ="★"&TEXT(VALUE(小羊的家备份!Z90),"?0") -> ★ 4 | S13: ====部落对战==== | V13: 战宠时间 | W13: =小羊的家备份!Z155 -> 210
B14: =INDEX(INDIRECT(小羊的家备份!T2),MATCH(2,INDIRECT(小羊的家备份!T1),0)) -> 都城军队->地狱飞龙 | E14: =HYPERLINK(INDEX(INDIRECT(小羊的家备份!T3),MATCH(2,INDIRECT(小羊的家备份!T1),0)),">>进入") -> >>进入 | G14: 炸弹塔 | H14: ="★"&TEXT(VALUE(LEFT(小羊的家备份!Z16,2)),"?0")&" ☀"&TEXT(VALUE(RIGHT(小羊的家备份!Z16,3)),"?0") -> ★10 ☀ 2 | J14: 攻城工坊 | K14: ="★"&TEXT(VALUE(LEFT(小羊的家备份!Z45,2)),"?0")&" ☀"&TEXT(VALUE(RIGHT(小羊的家备份!Z45,3)),"?0") -> ★ 7 ☀ 1 | M14: 飞龙 | N14: ="★"&TEXT(VALUE(小羊的家备份!Z63),"?0") -> ★ 9 | S14: 对战经验 | T14: =小羊的家备份!Z128 -> 13 | V14: 刷墙金币 | W14: =小羊的家备份!Z156 -> 0
G15: X连弩 | H15: ="★"&TEXT(VALUE(LEFT(小羊的家备份!Z17,2)),"?0")&" ☀"&TEXT(VALUE(RIGHT(小羊的家备份!Z17,3)),"?0") -> ★10 ☀ 4 | J15: 圣水泵 | K15: ="★"&TEXT(VALUE(LEFT(小羊的家备份!Z46,2)),"?0")&" ☀"&TEXT(VALUE(RIGHT(小羊的家备份!Z46,3)),"?0") -> ★15 ☀ 7 | M15: 皮卡超人 | N15: ="★"&TEXT(VALUE(小羊的家备份!Z64),"?0") -> ★ 9 | P15: 毒药法术 | Q15: ="★"&TEXT(VALUE(小羊的家备份!Z93),"?0") -> ★ 9 | S15: 金水上限 | T15: =小羊的家备份!Z126 -> 150000 | V15: 刷墙金水 | W15: =小羊的家备份!Z157-小羊的家备份!Z156 -> 1600000000
G16: 地狱之塔 | H16: ="★"&TEXT(VALUE(LEFT(小羊的家备份!Z18,2)),"?0")&" ☀"&TEXT(VALUE(RIGHT(小羊的家备份!Z18,3)),"?0") -> ★ 9 ☀ 3 | J16: 圣水瓶 | K16: ="★"&TEXT(VALUE(LEFT(小羊的家备份!Z47,2)),"?0")&" ☀"&TEXT(VALUE(RIGHT(小羊的家备份!Z47,3)),"?0") -> ★16 ☀ 4 | M16: 飞龙宝宝 | N16: ="★"&TEXT(VALUE(小羊的家备份!Z65),"?0") -> ★ 8 | P16: 地震法术 | Q16: ="★"&TEXT(VALUE(小羊的家备份!Z94),"?0") -> ★ 5 | S16: 黑油上限 | T16: =小羊的家备份!Z127 -> 800
B17: =INDEX(INDIRECT(小羊的家备份!T2),MATCH(3,INDIRECT(小羊的家备份!T1),0)) -> 都城建筑->地狱飞龙训练营 | E17: =HYPERLINK(INDEX(INDIRECT(小羊的家备份!T3),MATCH(3,INDIRECT(小羊的家备份!T1),0)),">>进入") -> >>进入 | G17: 天鹰火炮 | H17: ="★"&TEXT(VALUE(LEFT(小羊的家备份!Z19,2)),"?0")&" ☀"&TEXT(VALUE(RIGHT(小羊的家备份!Z19,3)),"?0") -> ★ 5 ☀ 1 | J17: 采金场 | K17: ="★"&TEXT(VALUE(LEFT(小羊的家备份!Z48,2)),"?0")&" ☀"&TEXT(VALUE(RIGHT(小羊的家备份!Z48,3)),"?0") -> ★15 ☀ 7 | M17: 掘地矿工 | N17: ="★"&TEXT(VALUE(小羊的家备份!Z66),"?0") -> ★ 8 | P17: 急速法术 | Q17: ="★"&TEXT(VALUE(小羊的家备份!Z95),"?0") -> ★ 5
G18: 巨型电磁组件 | H18: ="★"&TEXT(VALUE(LEFT(小羊的家备份!Z24,2)),"?0")&" ☀"&TEXT(VALUE(RIGHT(小羊的家备份!Z24,3)),"?0") -> ★ 5 ☀ 1 | J18: 储金罐 | K18: ="★"&TEXT(VALUE(LEFT(小羊的家备份!Z49,2)),"?0")&" ☀"&TEXT(VALUE(RIGHT(小羊的家备份!Z49,3)),"?0") -> ★16 ☀ 4 | M18: 雷电飞龙 | N18: ="★"&TEXT(VALUE(小羊的家备份!Z67),"?0") -> ★ 5 | P18: 骷髅法术 | Q18: ="★"&TEXT(VALUE(小羊的家备份!Z96),"?0") -> ★ 7 | S18: ====城堡宝库==== | V18: 从一本至当大本全满
G19: 投石炮 | H19: ="★"&TEXT(VALUE(LEFT(小羊的家备份!Z20,2)),"?0")&" ☀"&TEXT(VALUE(RIGHT(小羊的家备份!Z20,3)),"?0") -> ★ 3 ☀ 2 | J19: 黑油钻井 | K19: ="★"&TEXT(VALUE(LEFT(小羊的家备份!Z50,2)),"?0")&" ☀"&TEXT(VALUE(RIGHT(小羊的家备份!Z50,3)),"?0") -> ★ 9 ☀ 3 | M19: 雪怪 | N19: ="★"&TEXT(VALUE(小羊的家备份!Z68),"?0") -> ★ 4 | P19: 蝙蝠法术 | Q19: ="★"&TEXT(VALUE(小羊的家备份!Z97),"?0") -> ★ 6 | S19: 金水上限 | T19: =小羊的家备份!Z131 -> 4800000 | V19: 从一本至当大本全满
B20: 注意：">>进入"按钮仅电脑有效 | G20: 连弩小屋组件 | H20: ="★"&TEXT(VALUE(LEFT(小羊的家备份!Z21,2)),"?0")&" ☀"&TEXT(VALUE(RIGHT(小羊的家备份!Z21,3)),"?0") -> ★ 4 ☀ 5 | J20: 黑油罐 | K20: ="★"&TEXT(VALUE(LEFT(小羊的家备份!Z51,2)),"?0")&" ☀"&TEXT(VALUE(RIGHT(小羊的家备份!Z51,3)),"?0") -> ★10 ☀ 1 | M20: 龙骑士 | N20: ="★"&TEXT(VALUE(小羊的家备份!Z69),"?0") -> ★ 3 | S20: 黑油上限 | T20: =小羊的家备份!Z132 -> 24000 | V20: 圣水 | W20: =小羊的家备份!Z158 -> 2454259950
G21: 法术塔 | H21: ="★"&TEXT(VALUE(LEFT(小羊的家备份!Z22,2)),"?0")&" ☀"&TEXT(VALUE(RIGHT(小羊的家备份!Z22,3)),"?0") -> ★ 3 ☀ 2 | J21: 战宠小屋 | K21: ="★"&TEXT(VALUE(LEFT(小羊的家备份!Z52,2)),"?0")&" ☀"&TEXT(VALUE(RIGHT(小羊的家备份!Z52,3)),"?0") -> ★ 8 ☀ 1 | M21: 雷霆泰坦 | N21: ="★"&TEXT(VALUE(小羊的家备份!Z70),"?0") -> ★ 3 | V21: 金币 | W21: =小羊的家备份!Z159 -> 4458169500
G22: 巨石碑 | H22: ="★"&TEXT(VALUE(LEFT(小羊的家备份!Z23,2)),"?0")&" ☀"&TEXT(VALUE(RIGHT(小羊的家备份!Z23,3)),"?0") -> ★ 2 ☀ 1 | S22: ====资源车==== | V22: 黑油 | W22: =小羊的家备份!Z160 -> 58010000
G23: 冰爆地狱组件 | H23: ="★"&TEXT(VALUE(LEFT(小羊的家备份!Z25,2)),"?0")&" ☀"&TEXT(VALUE(RIGHT(小羊的家备份!Z25,3)),"?0") -> ★ 5 ☀ 1 | M23: 亡灵 | N23: ="★"&TEXT(VALUE(小羊的家备份!Z72),"?0") -> ★11 | P23: 攻城战车 | Q23: ="★"&TEXT(VALUE(小羊的家备份!Z114),"?0") -> ★ 4 | S23: 金水上限 | T23: =小羊的家备份!Z129 -> 3000000 | V23: 单个工人时间 | W23: =小羊的家备份!Z161 -> 7598.4321
G24: 毒爆地狱组件 | H24: ="★"&TEXT(VALUE(LEFT(小羊的家备份!Z26,2)),"?0")&" ☀"&TEXT(VALUE(RIGHT(小羊的家备份!Z26,3)),"?0") -> ★ 5 ☀ 1 | M24: 野猪骑士 | N24: ="★"&TEXT(VALUE(小羊的家备份!Z73),"?0") -> ★11 | P24: 攻城飞艇 | Q24: ="★"&TEXT(VALUE(小羊的家备份!Z115),"?0") -> ★ 4 | S24: 黑油上限 | T24: =小羊的家备份!Z130 -> 6000 | V24: 科技时间 | W24: =小羊的家备份!Z162 -> 1853
G25: 魔能地狱组件 | H25: ="★"&TEXT(VALUE(LEFT(小羊的家备份!Z27,2)),"?0")&" ☀"&TEXT(VALUE(RIGHT(小羊的家备份!Z27,3)),"?0") -> ★ 5 ☀ 1 | M25: 武神 | N25: ="★"&TEXT(VALUE(小羊的家备份!Z74),"?0") -> ★ 9 | P25: 攻城气球 | Q25: ="★"&TEXT(VALUE(小羊的家备份!Z116),"?0") -> ★ 4 | S25: 金水填充 | T25: =小羊的家备份!Z133 -> 18000000 | V25: 战宠时间 | W25: =小羊的家备份!Z163 -> 420
M26: 戈仑石人 | N26: ="★"&TEXT(VALUE(小羊的家备份!Z75),"?0") -> ★11 | P26: 攻城训练营 | Q26: ="★"&TEXT(VALUE(小羊的家备份!Z117),"?0") -> ★ 4 | S26: 黑油填充 | T26: =小羊的家备份!Z134 -> 180000
B27: 颜色主题 | D27: 魔法 | M27: 女巫 | N27: ="★"&TEXT(VALUE(小羊的家备份!Z76),"?0") -> ★ 6 | P27: 滚木战车 | Q27: ="★"&TEXT(VALUE(小羊的家备份!Z118),"?0") -> ★ 4 | V27: 刷墙金币 | W27: =小羊的家备份!Z164 -> 5216250
G28: 隐形炸弹 | H28: ="★"&TEXT(VALUE(LEFT(小羊的家备份!Z29,2)),"?0")&" ☀"&TEXT(VALUE(RIGHT(小羊的家备份!Z29,3)),"?0") -> ★11 ☀ 8 | J28: 野蛮人之王 | K28: ="★"&TEXT(VALUE(小羊的家备份!Z100),"?0") -> ★85 | M28: 熔岩猎犬 | N28: ="★"&TEXT(VALUE(小羊的家备份!Z77),"?0") -> ★ 6 | P28: 投石战车 | Q28: ="★"&TEXT(VALUE(小羊的家备份!Z119),"?0") -> ★ 4 | V28: 刷墙金水 | W28: =小羊的家备份!Z165-小羊的家备份!Z164 -> 6466875000
G29: 空中炸弹 | H29: ="★"&TEXT(VALUE(LEFT(小羊的家备份!Z30,2)),"?0")&" ☀"&TEXT(VALUE(RIGHT(小羊的家备份!Z30,3)),"?0") -> ★10 ☀ 7 | J29: 弓箭女皇 | K29: ="★"&TEXT(VALUE(小羊的家备份!Z101),"?0") -> ★85 | M29: 巨石投手 | N29: ="★"&TEXT(VALUE(小羊的家备份!Z78),"?0") -> ★ 6 | P29: 攻城钻机 | Q29: ="★"&TEXT(VALUE(小羊的家备份!Z120),"?0") -> ★ 4 | S29: ====升本激励====
G30: 搜空地雷 | H30: ="★"&TEXT(VALUE(LEFT(小羊的家备份!Z31,2)),"?0")&" ☀"&TEXT(VALUE(RIGHT(小羊的家备份!Z31,3)),"?0") -> ★ 4 ☀ 8 | J30: 大守护者 | K30: ="★"&TEXT(VALUE(小羊的家备份!Z102),"?0") -> ★60 | M30: 戈仑冰人 | N30: ="★"&TEXT(VALUE(小羊的家备份!Z79),"?0") -> ★ 6 | S30: 英雄等级+5 | T30: =小羊的家备份!Z145 -> 5
G31: 隐形弹簧 | H31: ="★"&TEXT(VALUE(LEFT(小羊的家备份!Z32,2)),"?0")&" ☀"&TEXT(VALUE(RIGHT(小羊的家备份!Z32,3)),"?0") -> ★ 5 ☀ 9 | J31: 飞盾战神 | K31: ="★"&TEXT(VALUE(小羊的家备份!Z103),"?0") -> ★35 | M31: 英雄猎手 | N31: ="★"&TEXT(VALUE(小羊的家备份!Z80),"?0") -> ★ 3 | P31: 莱希 | Q31: ="★"&TEXT(VALUE(小羊的家备份!Z105),"?0") -> ★10 | S31: 科技至满 | T31: =小羊的家备份!Z146 -> 5
G32: 巨型炸弹 | H32: ="★"&TEXT(VALUE(LEFT(小羊的家备份!Z33,2)),"?0")&" ☀"&TEXT(VALUE(RIGHT(小羊的家备份!Z33,3)),"?0") -> ★ 8 ☀ 7 | P32: 大牦 | Q32: ="★"&TEXT(VALUE(小羊的家备份!Z106),"?0") -> ★10 | S32: 采集器*2 | T32: =小羊的家备份!Z147 -> 5
G33: 骷髅陷阱 | H33: ="★"&TEXT(VALUE(LEFT(小羊的家备份!Z34,2)),"?0")&" ☀"&TEXT(VALUE(RIGHT(小羊的家备份!Z34,3)),"?0") -> ★ 4 ☀ 4 | P33: 闪枭 | Q33: ="★"&TEXT(VALUE(小羊的家备份!Z107),"?0") -> ★10 | S33: 胜利之星*4 | T33: =小羊的家备份!Z148 -> 5
G34: 飓风陷阱 | H34: ="★"&TEXT(VALUE(LEFT(小羊的家备份!Z35,2)),"?0")&" ☀"&TEXT(VALUE(RIGHT(小羊的家备份!Z35,3)),"?0") -> ★ 3 ☀ 1 | P34: 独角 | Q34: ="★"&TEXT(VALUE(小羊的家备份!Z108),"?0") -> ★10
P35: 冰牙 | Q35: ="★"&TEXT(VALUE(小羊的家备份!Z109),"?0") -> ★10 | S35: ====回归奖励====
P36: 地兽 | Q36: ="★"&TEXT(VALUE(小羊的家备份!Z110),"?0") -> ★10 | S36: 建筑预算 | T36: =小羊的家备份!Z136 -> 41040000
P37: 猛蜥 | Q37: ="★"&TEXT(VALUE(小羊的家备份!Z111),"?0") -> ★10 | S37: 英雄预算 | T37: =小羊的家备份!Z137 -> 55000000
P38: 凤凰 | Q38: ="★"&TEXT(VALUE(小羊的家备份!Z112),"?0") -> ★10 | S38: 城墙预算 | T38: =小羊的家备份!Z138 -> 20520000
S39: 科技预算 | T39: =小羊的家备份!Z139 -> 41040000
S40: 英雄等级+5 | T40: =小羊的家备份!Z140 -> 5
S41: 科技至满 | T41: =小羊的家备份!Z141 -> 5
S42: 采集器*2 | T42: =小羊的家备份!Z142 -> 5
S43: 胜利之星*4 | T43: =小羊的家备份!Z143 -> 5
G46: 夜本大本营 | I46: 9 | S46: =IF(I46>=5,IF(I46>7,"Ⅳ 工业时代","Ⅲ 要塞时代"),IF(I46>2,"Ⅱ 商业时代","Ⅰ 探索时代")) -> Ⅳ 工业时代
G49: 联排城墙 | H49: ="★"&TEXT(VALUE(LEFT(小羊的家备份!Z186,2)),"?0")&" ☽"&TEXT(VALUE(RIGHT(小羊的家备份!Z186,3)),"?0") -> ★ 9 ☽180 | J49: 大本营 | K49: ="★"&TEXT(VALUE(LEFT(小羊的家备份!Z169,2)),"?0")&" ☽"&TEXT(VALUE(RIGHT(小羊的家备份!Z169,3)),"?0") -> ★ 9 ☽ 1 | M49: 狂暴野蛮人 | N49: ="★"&TEXT(VALUE(小羊的家备份!Z201),"?0") -> ★18
G50: 加农炮 | H50: ="★"&TEXT(VALUE(LEFT(小羊的家备份!Z187,2)),"?0")&" ☽"&TEXT(VALUE(RIGHT(小羊的家备份!Z187,3)),"?0") -> ★ 9 ☽ 3 | J50: 训练营 | K50: ="★"&TEXT(VALUE(LEFT(小羊的家备份!Z170,2)),"?0")&" ☽"&TEXT(VALUE(RIGHT(小羊的家备份!Z170,3)),"?0") -> ★11 ☽ 1 | M50: 隐秘弓箭手 | N50: ="★"&TEXT(VALUE(小羊的家备份!Z202),"?0") -> ★18
G51: 双管加农炮 | H51: ="★"&TEXT(VALUE(LEFT(小羊的家备份!Z188,2)),"?0")&" ☽"&TEXT(VALUE(RIGHT(小羊的家备份!Z188,3)),"?0") -> ★ 9 ☽ 3 | J51: 小型兵营 | K51: ="★"&TEXT(VALUE(LEFT(小羊的家备份!Z171,2)),"?0")&" ☽"&TEXT(VALUE(RIGHT(小羊的家备份!Z171,3)),"?0") -> ★ 1 ☽ 6 | M51: 巨人拳击手 | N51: ="★"&TEXT(VALUE(小羊的家备份!Z203),"?0") -> ★18
G52: 多功能箭塔 | H52: ="★"&TEXT(VALUE(LEFT(小羊的家备份!Z189,2)),"?0")&" ☽"&TEXT(VALUE(RIGHT(小羊的家备份!Z189,3)),"?0") -> ★ 9 ☽ 3 | J52: 实验室 | K52: ="★"&TEXT(VALUE(LEFT(小羊的家备份!Z172,2)),"?0")&" ☽"&TEXT(VALUE(RIGHT(小羊的家备份!Z172,3)),"?0") -> ★ 9 ☽ 1 | M52: 异变亡灵 | N52: ="★"&TEXT(VALUE(小羊的家备份!Z204),"?0") -> ★18
G53: 伏击电塔 | H53: ="★"&TEXT(VALUE(LEFT(小羊的家备份!Z190,2)),"?0")&" ☽"&TEXT(VALUE(RIGHT(小羊的家备份!Z190,3)),"?0") -> ★ 9 ☽ 3 | J53: 圣水瓶 | K53: ="★"&TEXT(VALUE(LEFT(小羊的家备份!Z173,2)),"?0")&" ☽"&TEXT(VALUE(RIGHT(小羊的家备份!Z173,3)),"?0") -> ★ 9 ☽ 2 | M53: 炸弹兵 | N53: ="★"&TEXT(VALUE(小羊的家备份!Z205),"?0") -> ★18
G54: 防空火炮 | H54: ="★"&TEXT(VALUE(LEFT(小羊的家备份!Z191,2)),"?0")&" ☽"&TEXT(VALUE(RIGHT(小羊的家备份!Z191,3)),"?0") -> ★ 9 ☽ 5 | J54: 圣水泵 | K54: ="★"&TEXT(VALUE(LEFT(小羊的家备份!Z174,2)),"?0")&" ☽"&TEXT(VALUE(RIGHT(小羊的家备份!Z174,3)),"?0") -> ★ 9 ☽ 3 | M54: 飞龙宝宝 | N54: ="★"&TEXT(VALUE(小羊的家备份!Z206),"?0") -> ★18
G55: 撼地巨石 | H55: ="★"&TEXT(VALUE(LEFT(小羊的家备份!Z192,2)),"?0")&" ☽"&TEXT(VALUE(RIGHT(小羊的家备份!Z192,3)),"?0") -> ★ 9 ☽ 2 | J55: 储金罐 | K55: ="★"&TEXT(VALUE(LEFT(小羊的家备份!Z175,2)),"?0")&" ☽"&TEXT(VALUE(RIGHT(小羊的家备份!Z175,3)),"?0") -> ★ 9 ☽ 2 | M55: 加农炮战车 | N55: ="★"&TEXT(VALUE(小羊的家备份!Z207),"?0") -> ★18
G56: 守卫岗哨 | H56: ="★"&TEXT(VALUE(LEFT(小羊的家备份!Z193,2)),"?0")&" ☽"&TEXT(VALUE(RIGHT(小羊的家备份!Z193,3)),"?0") -> ★ 9 ☽ 1 | J56: 采金场 | K56: ="★"&TEXT(VALUE(LEFT(小羊的家备份!Z176,2)),"?0")&" ☽"&TEXT(VALUE(RIGHT(小羊的家备份!Z176,3)),"?0") -> ★ 9 ☽ 3 | M56: 暗夜女巫 | N56: ="★"&TEXT(VALUE(小羊的家备份!Z208),"?0") -> ★18
G57: 空中炸弹发射器 | H57: ="★"&TEXT(VALUE(LEFT(小羊的家备份!Z194,2)),"?0")&" ☽"&TEXT(VALUE(RIGHT(小羊的家备份!Z194,3)),"?0") -> ★ 9 ☽ 1 | J57: 宝石矿井 | K57: ="★"&TEXT(VALUE(LEFT(小羊的家备份!Z177,2)),"?0")&" ☽"&TEXT(VALUE(RIGHT(小羊的家备份!Z177,3)),"?0") -> ★ 9 ☽ 1 | M57: 骷髅气球 | N57: ="★"&TEXT(VALUE(小羊的家备份!Z209),"?0") -> ★18
G58: 多管迫击炮 | H58: ="★"&TEXT(VALUE(LEFT(小羊的家备份!Z195,2)),"?0")&" ☽"&TEXT(VALUE(RIGHT(小羊的家备份!Z195,3)),"?0") -> ★ 9 ☽ 1 | J58: 时光钟楼 | K58: ="★"&TEXT(VALUE(LEFT(小羊的家备份!Z178,2)),"?0")&" ☽"&TEXT(VALUE(RIGHT(小羊的家备份!Z178,3)),"?0") -> ★ 9 ☽ 1 | M58: 超级皮卡 | N58: ="★"&TEXT(VALUE(小羊的家备份!Z210),"?0") -> ★18
G59: 熔岩火炮 | H59: ="★"&TEXT(VALUE(LEFT(小羊的家备份!Z196,2)),"?0")&" ☽"&TEXT(VALUE(RIGHT(小羊的家备份!Z196,3)),"?0") -> ★ 9 ☽ 1 | M59: 野猪飞骑 | N59: ="★"&TEXT(VALUE(小羊的家备份!Z211),"?0") -> ★18
G60: 巨型大炮 | H60: ="★"&TEXT(VALUE(LEFT(小羊的家备份!Z197,2)),"?0")&" ☽"&TEXT(VALUE(RIGHT(小羊的家备份!Z197,3)),"?0") -> ★ 9 ☽ 1 | J60: 弹射陷阱 | K60: ="★"&TEXT(VALUE(LEFT(小羊的家备份!Z179,2)),"?0")&" ☽"&TEXT(VALUE(RIGHT(小羊的家备份!Z179,3)),"?0") -> ★ 9 ☽ 5
G61: 超级电塔 | H61: ="★"&TEXT(VALUE(LEFT(小羊的家备份!Z198,2)),"?0")&" ☽"&TEXT(VALUE(RIGHT(小羊的家备份!Z198,3)),"?0") -> ★ 9 ☽ 1 | J61: 隐形弹簧 | K61: ="★"&TEXT(VALUE(LEFT(小羊的家备份!Z180,2)),"?0")&" ☽"&TEXT(VALUE(RIGHT(小羊的家备份!Z180,3)),"?0") -> ★ 4 ☽ 6 | M61: 战争机器 | N61: ="★"&TEXT(VALUE(小羊的家备份!Z213),"?0") -> ★30
G62: 熔岩火炮 | H62: ="★"&TEXT(VALUE(LEFT(小羊的家备份!Z199,2)),"?0")&" ☽"&TEXT(VALUE(RIGHT(小羊的家备份!Z199,3)),"?0") -> ★ 9 ☽ 1 | J62: 小型地雷 | K62: ="★"&TEXT(VALUE(LEFT(小羊的家备份!Z181,2)),"?0")&" ☽"&TEXT(VALUE(RIGHT(小羊的家备份!Z181,3)),"?0") -> ★ 9 ☽ 5
J63: 大型地雷 | K63: ="★"&TEXT(VALUE(LEFT(小羊的家备份!Z182,2)),"?0")&" ☽"&TEXT(VALUE(RIGHT(小羊的家备份!Z182,3)),"?0") -> ★ 9 ☽ 4
G67: 部落都城 | I67: 10 | S67: =IF(I67>=5,IF(I67>8,"Ⅳ 神话时代","Ⅲ 英雄时代"),IF(I67>1,"Ⅱ 古典时代","Ⅰ 远古时代")) -> Ⅳ 神话时代
G70: 都城之巅 | H70: ="★"&I67 -> ★10 | J70: 野蛮人营地 | K70: ="★"&小羊的家备份!DC6 -> ★5 | M70: 法师山谷 | N70: ="★"&小羊的家备份!DC7 -> ★5 | P70: 气球环焦 | Q70: ="★"&小羊的家备份!DC8 -> ★5 | S70: 建筑工人工坊 | T70: ="★"&小羊的家备份!DC9 -> ★5 | V70: 飞龙悬崖 | W70: ="★"&小羊的家备份!DC10 -> ★5 | Y70: 戈仑石场 | Z70: ="★"&小羊的家备份!DC11 -> ★5 | AB70: 骷髅公园 | AC70: ="★"&小羊的家备份!DC12 -> ★4
G72: 城墙 | H72: ="★"&TEXT(VALUE(LEFT(小羊的家备份!DC14,2)),"?0")&" ☪"&TEXT(VALUE(RIGHT(小羊的家备份!DC14,3)),"?0") -> ★ 5 ☪280 | J72: 城墙 | K72: ="★"&TEXT(VALUE(LEFT(小羊的家备份!DC44,2)),"?0")&" ☪"&TEXT(VALUE(RIGHT(小羊的家备份!DC44,3)),"?0") -> ★ 5 ☪200 | M72: 城墙 | N72: ="★"&TEXT(VALUE(LEFT(小羊的家备份!DC76,2)),"?0")&" ☪"&TEXT(VALUE(RIGHT(小羊的家备份!DC76,3)),"?0") -> ★ 5 ☪180 | P72: 城墙 | Q72: ="★"&TEXT(VALUE(LEFT(小羊的家备份!DC108,2)),"?0")&" ☪"&TEXT(VALUE(RIGHT(小羊的家备份!DC108,3)),"?0") -> ★ 5 ☪120 | S72: 城墙 | T72: ="★"&TEXT(VALUE(LEFT(小羊的家备份!DC140,2)),"?0")&" ☪"&TEXT(VALUE(RIGHT(小羊的家备份!DC140,3)),"?0") -> ★ 5 ☪180 | V72: 城墙 | W72: ="★"&TEXT(VALUE(LEFT(小羊的家备份!DC172,2)),"?0")&" ☪"&TEXT(VALUE(RIGHT(小羊的家备份!DC172,3)),"?0") -> ★ 5 ☪140 | Y72: 城墙 | Z72: ="★"&TEXT(VALUE(LEFT(小羊的家备份!DC205,2)),"?0")&" ☪"&TEXT(VALUE(RIGHT(小羊的家备份!DC205,3)),"?0") -> ★ 5 ☪160 | AB72: 城墙 | AC72: ="★"&TEXT(VALUE(LEFT(小羊的家备份!DC238,2)),"?0")&" ☪"&TEXT(VALUE(RIGHT(小羊的家备份!DC238,3)),"?0") -> ★ 4 ☪100
G73: 加农炮 | H73: ="★"&TEXT(VALUE(LEFT(小羊的家备份!DC15,2)),"?0")&" ☪"&TEXT(VALUE(RIGHT(小羊的家备份!DC15,3)),"?0") -> ★ 5 ☪ 6 | J73: 加农炮 | K73: ="★"&TEXT(VALUE(LEFT(小羊的家备份!DC45,2)),"?0")&" ☪"&TEXT(VALUE(RIGHT(小羊的家备份!DC45,3)),"?0") -> ★ 5 ☪ 9 | M73: 加农炮 | N73: ="★"&TEXT(VALUE(LEFT(小羊的家备份!DC77,2)),"?0")&" ☪"&TEXT(VALUE(RIGHT(小羊的家备份!DC77,3)),"?0") -> ★ 5 ☪ 7 | P73: 加农炮 | Q73: ="★"&TEXT(VALUE(LEFT(小羊的家备份!DC109,2)),"?0")&" ☪"&TEXT(VALUE(RIGHT(小羊的家备份!DC109,3)),"?0") -> ★ 5 ☪16 | S73: 加农炮 | T73: ="★"&TEXT(VALUE(LEFT(小羊的家备份!DC141,2)),"?0")&" ☪"&TEXT(VALUE(RIGHT(小羊的家备份!DC141,3)),"?0") -> ★ 5 ☪ 8 | V73: 加农炮 | W73: ="★"&TEXT(VALUE(LEFT(小羊的家备份!DC173,2)),"?0")&" ☪"&TEXT(VALUE(RIGHT(小羊的家备份!DC173,3)),"?0") -> ★ 5 ☪ 8 | Y73: 加农炮 | Z73: ="★"&TEXT(VALUE(LEFT(小羊的家备份!DC206,2)),"?0")&" ☪"&TEXT(VALUE(RIGHT(小羊的家备份!DC206,3)),"?0") -> ★ 5 ☪15 | AB73: 加农炮 | AC73: ="★"&TEXT(VALUE(LEFT(小羊的家备份!DC239,2)),"?0")&" ☪"&TEXT(VALUE(RIGHT(小羊的家备份!DC239,3)),"?0") -> ★ 4 ☪ 6
G74: 投矛器 | H74: ="★"&TEXT(VALUE(LEFT(小羊的家备份!DC16,2)),"?0")&" ☪"&TEXT(VALUE(RIGHT(小羊的家备份!DC16,3)),"?0") -> ★ 5 ☪ 6 | J74: 投矛器 | K74: ="★"&TEXT(VALUE(LEFT(小羊的家备份!DC46,2)),"?0")&" ☪"&TEXT(VALUE(RIGHT(小羊的家备份!DC46,3)),"?0") -> ★ 5 ☪ 9 | M74: 投矛器 | N74: ="★"&TEXT(VALUE(LEFT(小羊的家备份!DC78,2)),"?0")&" ☪"&TEXT(VALUE(RIGHT(小羊的家备份!DC78,3)),"?0") -> ★ 5 ☪14 | P74: 投矛器 | Q74: ="★"&TEXT(VALUE(LEFT(小羊的家备份!DC110,2)),"?0")&" ☪"&TEXT(VALUE(RIGHT(小羊的家备份!DC110,3)),"?0") -> ★ 5 ☪14 | S74: 投矛器 | T74: ="★"&TEXT(VALUE(LEFT(小羊的家备份!DC142,2)),"?0")&" ☪"&TEXT(VALUE(RIGHT(小羊的家备份!DC142,3)),"?0") -> ★ 5 ☪13 | V74: 投矛器 | W74: ="★"&TEXT(VALUE(LEFT(小羊的家备份!DC174,2)),"?0")&" ☪"&TEXT(VALUE(RIGHT(小羊的家备份!DC174,3)),"?0") -> ★ 5 ☪13 | Y74: 投矛器 | Z74: ="★"&TEXT(VALUE(LEFT(小羊的家备份!DC207,2)),"?0")&" ☪"&TEXT(VALUE(RIGHT(小羊的家备份!DC207,3)),"?0") -> ★ 5 ☪12 | AB74: 投矛器 | AC74: ="★"&TEXT(VALUE(LEFT(小羊的家备份!DC240,2)),"?0")&" ☪"&TEXT(VALUE(RIGHT(小羊的家备份!DC240,3)),"?0") -> ★ 4 ☪ 8
G75: 防空火箭 | H75: ="★"&TEXT(VALUE(LEFT(小羊的家备份!DC17,2)),"?0")&" ☪"&TEXT(VALUE(RIGHT(小羊的家备份!DC17,3)),"?0") -> ★ 5 ☪ 4 | J75: 防空火箭 | K75: ="★"&TEXT(VALUE(LEFT(小羊的家备份!DC47,2)),"?0")&" ☪"&TEXT(VALUE(RIGHT(小羊的家备份!DC47,3)),"?0") -> ★ 5 ☪ 7 | M75: 防空火箭 | N75: ="★"&TEXT(VALUE(LEFT(小羊的家备份!DC79,2)),"?0")&" ☪"&TEXT(VALUE(RIGHT(小羊的家备份!DC79,3)),"?0") -> ★ 5 ☪ 6 | P75: 防空火箭 | Q75: ="★"&TEXT(VALUE(LEFT(小羊的家备份!DC111,2)),"?0")&" ☪"&TEXT(VALUE(RIGHT(小羊的家备份!DC111,3)),"?0") -> ★ 5 ☪ 3 | S75: 防空火箭 | T75: ="★"&TEXT(VALUE(LEFT(小羊的家备份!DC143,2)),"?0")&" ☪"&TEXT(VALUE(RIGHT(小羊的家备份!DC143,3)),"?0") -> ★ 5 ☪ 8 | V75: 防空火箭 | W75: ="★"&TEXT(VALUE(LEFT(小羊的家备份!DC175,2)),"?0")&" ☪"&TEXT(VALUE(RIGHT(小羊的家备份!DC175,3)),"?0") -> ★ 5 ☪ 7 | Y75: 防空火箭 | Z75: ="★"&TEXT(VALUE(LEFT(小羊的家备份!DC208,2)),"?0")&" ☪"&TEXT(VALUE(RIGHT(小羊的家备份!DC208,3)),"?0") -> ★ 5 ☪ 9 | AB75: 防空火箭 | AC75: ="★"&TEXT(VALUE(LEFT(小羊的家备份!DC241,2)),"?0")&" ☪"&TEXT(VALUE(RIGHT(小羊的家备份!DC241,3)),"?0") -> ★ 4 ☪ 5
G76: 多管加农炮 | H76: ="★"&TEXT(VALUE(LEFT(小羊的家备份!DC18,2)),"?0")&" ☪"&TEXT(VALUE(RIGHT(小羊的家备份!DC18,3)),"?0") -> ★ 5 ☪ 2 | J76: 多管加农炮 | K76: ="★"&TEXT(VALUE(LEFT(小羊的家备份!DC48,2)),"?0")&" ☪"&TEXT(VALUE(RIGHT(小羊的家备份!DC48,3)),"?0") -> ★ 5 ☪ 6 | M76: 多管加农炮 | N76: ="★"&TEXT(VALUE(LEFT(小羊的家备份!DC80,2)),"?0")&" ☪"&TEXT(VALUE(RIGHT(小羊的家备份!DC80,3)),"?0") -> ★ 5 ☪ 2 | P76: 多管加农炮 | Q76: ="★"&TEXT(VALUE(LEFT(小羊的家备份!DC112,2)),"?0")&" ☪"&TEXT(VALUE(RIGHT(小羊的家备份!DC112,3)),"?0") -> ★ 5 ☪ 2 | S76: 多管加农炮 | T76: ="★"&TEXT(VALUE(LEFT(小羊的家备份!DC144,2)),"?0")&" ☪"&TEXT(VALUE(RIGHT(小羊的家备份!DC144,3)),"?0") -> ★ 5 ☪ 4 | V76: 炸弹塔 | W76: ="★"&TEXT(VALUE(LEFT(小羊的家备份!DC177,2)),"?0")&" ☪"&TEXT(VALUE(RIGHT(小羊的家备份!DC177,3)),"?0") -> ★ 5 ☪ 3 | Y76: 多管加农炮 | Z76: ="★"&TEXT(VALUE(LEFT(小羊的家备份!DC209,2)),"?0")&" ☪"&TEXT(VALUE(RIGHT(小羊的家备份!DC209,3)),"?0") -> ★ 5 ☪ 3 | AB76: 多管加农炮 | AC76: ="★"&TEXT(VALUE(LEFT(小羊的家备份!DC242,2)),"?0")&" ☪"&TEXT(VALUE(RIGHT(小羊的家备份!DC242,3)),"?0") -> ★ 4 ☪ 4
G77: 炸弹塔 | H77: ="★"&TEXT(VALUE(LEFT(小羊的家备份!DC19,2)),"?0")&" ☪"&TEXT(VALUE(RIGHT(小羊的家备份!DC19,3)),"?0") -> ★ 5 ☪ 2 | J77: 炸弹塔 | K77: ="★"&TEXT(VALUE(LEFT(小羊的家备份!DC49,2)),"?0")&" ☪"&TEXT(VALUE(RIGHT(小羊的家备份!DC49,3)),"?0") -> ★ 5 ☪ 4 | M77: 超级法师塔 | N77: ="★"&TEXT(VALUE(LEFT(小羊的家备份!DC81,2)),"?0")&" ☪"&TEXT(VALUE(RIGHT(小羊的家备份!DC81,3)),"?0") -> ★ 5 ☪ 6 | P77: 炸弹塔 | Q77: ="★"&TEXT(VALUE(LEFT(小羊的家备份!DC113,2)),"?0")&" ☪"&TEXT(VALUE(RIGHT(小羊的家备份!DC113,3)),"?0") -> ★ 5 ☪ 2 | S77: 多管迫击炮 | T77: ="★"&TEXT(VALUE(LEFT(小羊的家备份!DC145,2)),"?0")&" ☪"&TEXT(VALUE(RIGHT(小羊的家备份!DC145,3)),"?0") -> ★ 5 ☪ 2 | V77: 超级法师塔 | W77: ="★"&TEXT(VALUE(LEFT(小羊的家备份!DC178,2)),"?0")&" ☪"&TEXT(VALUE(RIGHT(小羊的家备份!DC178,3)),"?0") -> ★ 5 ☪ 4 | Y77: 多管迫击炮 | Z77: ="★"&TEXT(VALUE(LEFT(小羊的家备份!DC210,2)),"?0")&" ☪"&TEXT(VALUE(RIGHT(小羊的家备份!DC210,3)),"?0") -> ★ 5 ☪ 4 | AB77: 炸弹塔 | AC77: ="★"&TEXT(VALUE(LEFT(小羊的家备份!DC243,2)),"?0")&" ☪"&TEXT(VALUE(RIGHT(小羊的家备份!DC243,3)),"?0") -> ★ 4 ☪ 4
G78: 多管迫击炮 | H78: ="★"&TEXT(VALUE(LEFT(小羊的家备份!DC20,2)),"?0")&" ☪"&TEXT(VALUE(RIGHT(小羊的家备份!DC20,3)),"?0") -> ★ 5 ☪ 2 | J78: 多管迫击炮 | K78: ="★"&TEXT(VALUE(LEFT(小羊的家备份!DC50,2)),"?0")&" ☪"&TEXT(VALUE(RIGHT(小羊的家备份!DC50,3)),"?0") -> ★ 5 ☪ 4 | M78: 空中炸弹发射器 | N78: ="★"&TEXT(VALUE(LEFT(小羊的家备份!DC82,2)),"?0")&" ☪"&TEXT(VALUE(RIGHT(小羊的家备份!DC82,3)),"?0") -> ★ 5 ☪ 3 | P78: 空中炸弹发射器 | Q78: ="★"&TEXT(VALUE(LEFT(小羊的家备份!DC114,2)),"?0")&" ☪"&TEXT(VALUE(RIGHT(小羊的家备份!DC114,3)),"?0") -> ★ 5 ☪ 4 | S78: 超级法师塔 | T78: ="★"&TEXT(VALUE(LEFT(小羊的家备份!DC146,2)),"?0")&" ☪"&TEXT(VALUE(RIGHT(小羊的家备份!DC146,3)),"?0") -> ★ 5 ☪ 2 | V78: 空中炸弹发射器 | W78: ="★"&TEXT(VALUE(LEFT(小羊的家备份!DC179,2)),"?0")&" ☪"&TEXT(VALUE(RIGHT(小羊的家备份!DC179,3)),"?0") -> ★ 5 ☪ 2 | Y78: 空中炸弹发射器 | Z78: ="★"&TEXT(VALUE(LEFT(小羊的家备份!DC211,2)),"?0")&" ☪"&TEXT(VALUE(RIGHT(小羊的家备份!DC211,3)),"?0") -> ★ 5 ☪ 2 | AB78: 多管迫击炮 | AC78: ="★"&TEXT(VALUE(LEFT(小羊的家备份!DC244,2)),"?0")&" ☪"&TEXT(VALUE(RIGHT(小羊的家备份!DC244,3)),"?0") -> ★ 4 ☪ 3
G79: 超级法师塔 | H79: ="★"&TEXT(VALUE(LEFT(小羊的家备份!DC21,2)),"?0")&" ☪"&TEXT(VALUE(RIGHT(小羊的家备份!DC21,3)),"?0") -> ★ 5 ☪ 2 | J79: 空中炸弹发射器 | K79: ="★"&TEXT(VALUE(LEFT(小羊的家备份!DC51,2)),"?0")&" ☪"&TEXT(VALUE(RIGHT(小羊的家备份!DC51,3)),"?0") -> ★ 5 ☪ 3 | M79: 超级特斯拉电塔 | N79: ="★"&TEXT(VALUE(LEFT(小羊的家备份!DC83,2)),"?0")&" ☪"&TEXT(VALUE(RIGHT(小羊的家备份!DC83,3)),"?0") -> ★ 5 ☪ 2 | P79: 疾速火箭 | Q79: ="★"&TEXT(VALUE(LEFT(小羊的家备份!DC115,2)),"?0")&" ☪"&TEXT(VALUE(RIGHT(小羊的家备份!DC115,3)),"?0") -> ★ 5 ☪ 4 | S79: 空中炸弹发射器 | T79: ="★"&TEXT(VALUE(LEFT(小羊的家备份!DC147,2)),"?0")&" ☪"&TEXT(VALUE(RIGHT(小羊的家备份!DC147,3)),"?0") -> ★ 5 ☪ 3 | V79: 地狱之塔 | W79: ="★"&TEXT(VALUE(LEFT(小羊的家备份!DC180,2)),"?0")&" ☪"&TEXT(VALUE(RIGHT(小羊的家备份!DC180,3)),"?0") -> ★ 5 ☪ 2 | Y79: 疾速火箭 | Z79: ="★"&TEXT(VALUE(LEFT(小羊的家备份!DC212,2)),"?0")&" ☪"&TEXT(VALUE(RIGHT(小羊的家备份!DC212,3)),"?0") -> ★ 5 ☪ 3 | AB79: 法师塔 | AC79: ="★"&TEXT(VALUE(LEFT(小羊的家备份!DC245,2)),"?0")&" ☪"&TEXT(VALUE(RIGHT(小羊的家备份!DC245,3)),"?0") -> ★ 4 ☪ 4
G80: 空中炸弹发射器 | H80: ="★"&TEXT(VALUE(LEFT(小羊的家备份!DC22,2)),"?0")&" ☪"&TEXT(VALUE(RIGHT(小羊的家备份!DC22,3)),"?0") -> ★ 5 ☪ 2 | J80: 疾速火箭 | K80: ="★"&TEXT(VALUE(LEFT(小羊的家备份!DC52,2)),"?0")&" ☪"&TEXT(VALUE(RIGHT(小羊的家备份!DC52,3)),"?0") -> ★ 5 ☪ 4 | M80: 巨型加农炮 | N80: ="★"&TEXT(VALUE(LEFT(小羊的家备份!DC84,2)),"?0")&" ☪"&TEXT(VALUE(RIGHT(小羊的家备份!DC84,3)),"?0") -> ★ 5 ☪ 2 | P80: 撼地巨石 | Q80: ="★"&TEXT(VALUE(LEFT(小羊的家备份!DC116,2)),"?0")&" ☪"&TEXT(VALUE(RIGHT(小羊的家备份!DC116,3)),"?0") -> ★ 5 ☪ 2 | S80: 疾速火箭 | T80: ="★"&TEXT(VALUE(LEFT(小羊的家备份!DC148,2)),"?0")&" ☪"&TEXT(VALUE(RIGHT(小羊的家备份!DC148,3)),"?0") -> ★ 5 ☪ 4 | V80: 爆炸强弩 | W80: ="★"&TEXT(VALUE(LEFT(小羊的家备份!DC181,2)),"?0")&" ☪"&TEXT(VALUE(RIGHT(小羊的家备份!DC181,3)),"?0") -> ★ 5 ☪ 1 | Y80: 撼地巨石 | Z80: ="★"&TEXT(VALUE(LEFT(小羊的家备份!DC213,2)),"?0")&" ☪"&TEXT(VALUE(RIGHT(小羊的家备份!DC213,3)),"?0") -> ★ 5 ☪ 2 | AB80: 空中炸弹发射器 | AC80: ="★"&TEXT(VALUE(LEFT(小羊的家备份!DC246,2)),"?0")&" ☪"&TEXT(VALUE(RIGHT(小羊的家备份!DC246,3)),"?0") -> ★ 4 ☪ 3
G81: 疾速火箭 | H81: ="★"&TEXT(VALUE(LEFT(小羊的家备份!DC23,2)),"?0")&" ☪"&TEXT(VALUE(RIGHT(小羊的家备份!DC23,3)),"?0") -> ★ 5 ☪ 8 | J81: 超级特斯拉电塔 | K81: ="★"&TEXT(VALUE(LEFT(小羊的家备份!DC53,2)),"?0")&" ☪"&TEXT(VALUE(RIGHT(小羊的家备份!DC53,3)),"?0") -> ★ 5 ☪ 4 | M81: 地狱之塔 | N81: ="★"&TEXT(VALUE(LEFT(小羊的家备份!DC85,2)),"?0")&" ☪"&TEXT(VALUE(RIGHT(小羊的家备份!DC85,3)),"?0") -> ★ 5 ☪ 3 | P81: 超级特斯拉电塔 | Q81: ="★"&TEXT(VALUE(LEFT(小羊的家备份!DC117,2)),"?0")&" ☪"&TEXT(VALUE(RIGHT(小羊的家备份!DC117,3)),"?0") -> ★ 5 ☪ 2 | S81: 撼地巨石 | T81: ="★"&TEXT(VALUE(LEFT(小羊的家备份!DC149,2)),"?0")&" ☪"&TEXT(VALUE(RIGHT(小羊的家备份!DC149,3)),"?0") -> ★ 5 ☪ 2 | V81: 超级飞龙岗哨 | W81: ="★"&TEXT(VALUE(LEFT(小羊的家备份!DC182,2)),"?0")&" ☪"&TEXT(VALUE(RIGHT(小羊的家备份!DC182,3)),"?0") -> ★ 5 ☪ 6 | Y81: 超级特斯拉电塔 | Z81: ="★"&TEXT(VALUE(LEFT(小羊的家备份!DC214,2)),"?0")&" ☪"&TEXT(VALUE(RIGHT(小羊的家备份!DC214,3)),"?0") -> ★ 5 ☪ 1 | AB81: 疾速火箭 | AC81: ="★"&TEXT(VALUE(LEFT(小羊的家备份!DC247,2)),"?0")&" ☪"&TEXT(VALUE(RIGHT(小羊的家备份!DC247,3)),"?0") -> ★ 4 ☪ 5
G82: 撼地巨石 | H82: ="★"&TEXT(VALUE(LEFT(小羊的家备份!DC24,2)),"?0")&" ☪"&TEXT(VALUE(RIGHT(小羊的家备份!DC24,3)),"?0") -> ★ 5 ☪ 2 | J82: 巨型加农炮 | K82: ="★"&TEXT(VALUE(LEFT(小羊的家备份!DC54,2)),"?0")&" ☪"&TEXT(VALUE(RIGHT(小羊的家备份!DC54,3)),"?0") -> ★ 5 ☪ 2 | M82: 突袭炮车岗哨 | N82: ="★"&TEXT(VALUE(LEFT(小羊的家备份!DC86,2)),"?0")&" ☪"&TEXT(VALUE(RIGHT(小羊的家备份!DC86,3)),"?0") -> ★ 5 ☪ 3 | P82: 火箭炮 | Q82: ="★"&TEXT(VALUE(LEFT(小羊的家备份!DC118,2)),"?0")&" ☪"&TEXT(VALUE(RIGHT(小羊的家备份!DC118,3)),"?0") -> ★ 5 ☪ 4 | S82: 超级特斯拉电塔 | T82: ="★"&TEXT(VALUE(LEFT(小羊的家备份!DC150,2)),"?0")&" ☪"&TEXT(VALUE(RIGHT(小羊的家备份!DC150,3)),"?0") -> ★ 5 ☪ 5 | Y82: 火箭炮 | Z82: ="★"&TEXT(VALUE(LEFT(小羊的家备份!DC215,2)),"?0")&" ☪"&TEXT(VALUE(RIGHT(小羊的家备份!DC215,3)),"?0") -> ★ 5 ☪ 3 | AB82: 特斯拉电塔 | AC82: ="★"&TEXT(VALUE(LEFT(小羊的家备份!DC248,2)),"?0")&" ☪"&TEXT(VALUE(RIGHT(小羊的家备份!DC248,3)),"?0") -> ★ 4 ☪ 5
G83: 超级特斯拉电塔 | H83: ="★"&TEXT(VALUE(LEFT(小羊的家备份!DC25,2)),"?0")&" ☪"&TEXT(VALUE(RIGHT(小羊的家备份!DC25,3)),"?0") -> ★ 5 ☪ 2 | J83: 火箭炮 | K83: ="★"&TEXT(VALUE(LEFT(小羊的家备份!DC55,2)),"?0")&" ☪"&TEXT(VALUE(RIGHT(小羊的家备份!DC55,3)),"?0") -> ★ 5 ☪ 2 | P83: 地狱之塔 | Q83: ="★"&TEXT(VALUE(LEFT(小羊的家备份!DC119,2)),"?0")&" ☪"&TEXT(VALUE(RIGHT(小羊的家备份!DC119,3)),"?0") -> ★ 5 ☪ 2 | S83: 巨型加农炮 | T83: ="★"&TEXT(VALUE(LEFT(小羊的家备份!DC151,2)),"?0")&" ☪"&TEXT(VALUE(RIGHT(小羊的家备份!DC151,3)),"?0") -> ★ 5 ☪ 4 | Y83: 爆炸强弩 | Z83: ="★"&TEXT(VALUE(LEFT(小羊的家备份!DC216,2)),"?0")&" ☪"&TEXT(VALUE(RIGHT(小羊的家备份!DC216,3)),"?0") -> ★ 5 ☪ 3 | AB83: 巨型加农炮 | AC83: ="★"&TEXT(VALUE(LEFT(小羊的家备份!DC249,2)),"?0")&" ☪"&TEXT(VALUE(RIGHT(小羊的家备份!DC249,3)),"?0") -> ★ 4 ☪ 1
G84: 巨型加农炮 | H84: ="★"&TEXT(VALUE(LEFT(小羊的家备份!DC26,2)),"?0")&" ☪"&TEXT(VALUE(RIGHT(小羊的家备份!DC26,3)),"?0") -> ★ 5 ☪ 2 | J84: 超级巨人岗哨 | K84: ="★"&TEXT(VALUE(LEFT(小羊的家备份!DC56,2)),"?0")&" ☪"&TEXT(VALUE(RIGHT(小羊的家备份!DC56,3)),"?0") -> ★ 5 ☪ 3 | S84: 爆炸强弩 | T84: ="★"&TEXT(VALUE(LEFT(小羊的家备份!DC152,2)),"?0")&" ☪"&TEXT(VALUE(RIGHT(小羊的家备份!DC152,3)),"?0") -> ★ 5 ☪ 2 | AB84: 火箭炮 | AC84: ="★"&TEXT(VALUE(LEFT(小羊的家备份!DC250,2)),"?0")&" ☪"&TEXT(VALUE(RIGHT(小羊的家备份!DC250,3)),"?0") -> ★ 4 ☪ 2
G85: 火箭炮 | H85: ="★"&TEXT(VALUE(LEFT(小羊的家备份!DC27,2)),"?0")&" ☪"&TEXT(VALUE(RIGHT(小羊的家备份!DC27,3)),"?0") -> ★ 5 ☪ 2 | AB85: 迷你亡灵巢穴 | AC85: ="★"&TEXT(VALUE(LEFT(小羊的家备份!DC251,2)),"?0")&" ☪"&TEXT(VALUE(RIGHT(小羊的家备份!DC251,3)),"?0") -> ★ 4 ☪ 2
G86: 地狱之塔 | H86: ="★"&TEXT(VALUE(LEFT(小羊的家备份!DC28,2)),"?0")&" ☪"&TEXT(VALUE(RIGHT(小羊的家备份!DC28,3)),"?0") -> ★ 5 ☪ 2 | J86: 兵营 | K86: ="★"&TEXT(VALUE(LEFT(小羊的家备份!DC58,2)),"?0")&" ☪"&TEXT(VALUE(RIGHT(小羊的家备份!DC58,3)),"?0") -> ★ 5 ☪ 3 | M86: 兵营 | N86: ="★"&TEXT(VALUE(LEFT(小羊的家备份!DC90,2)),"?0")&" ☪"&TEXT(VALUE(RIGHT(小羊的家备份!DC90,3)),"?0") -> ★ 5 ☪ 1 | P86: 火箭气球兵训练营 | Q86: ="★"&TEXT(VALUE(LEFT(小羊的家备份!DC122,2)),"?0")&" ☪"&TEXT(VALUE(RIGHT(小羊的家备份!DC122,3)),"?0") -> ★ 5 ☪ 1 | S86: 突袭炮车训练营 | T86: ="★"&TEXT(VALUE(LEFT(小羊的家备份!DC154,2)),"?0")&" ☪"&TEXT(VALUE(RIGHT(小羊的家备份!DC154,3)),"?0") -> ★ 5 ☪ 1 | V86: 兵营 | W86: ="★"&TEXT(VALUE(LEFT(小羊的家备份!DC186,2)),"?0")&" ☪"&TEXT(VALUE(RIGHT(小羊的家备份!DC186,3)),"?0") -> ★ 5 ☪ 1 | Y86: 高山戈仑石场 | Z86: ="★"&TEXT(VALUE(LEFT(小羊的家备份!DC219,2)),"?0")&" ☪"&TEXT(VALUE(RIGHT(小羊的家备份!DC219,3)),"?0") -> ★ 5 ☪ 1 | AB86: 反弹机 | AC86: ="★"&TEXT(VALUE(LEFT(小羊的家备份!DC252,2)),"?0")&" ☪"&TEXT(VALUE(RIGHT(小羊的家备份!DC252,3)),"?0") -> ★ 4 ☪ 6
G87: 爆炸强弩 | H87: ="★"&TEXT(VALUE(LEFT(小羊的家备份!DC29,2)),"?0")&" ☪"&TEXT(VALUE(RIGHT(小羊的家备份!DC29,3)),"?0") -> ★ 5 ☪ 2 | J87: 超级野蛮人训练营 | K87: ="★"&TEXT(VALUE(LEFT(小羊的家备份!DC59,2)),"?0")&" ☪"&TEXT(VALUE(RIGHT(小羊的家备份!DC59,3)),"?0") -> ★ 5 ☪ 1 | M87: 法术仓库 | N87: ="★"&TEXT(VALUE(LEFT(小羊的家备份!DC91,2)),"?0")&" ☪"&TEXT(VALUE(RIGHT(小羊的家备份!DC91,3)),"?0") -> ★ 5 ☪ 1 | P87: 骷髅飞桶训练营 | Q87: ="★"&TEXT(VALUE(LEFT(小羊的家备份!DC123,2)),"?0")&" ☪"&TEXT(VALUE(RIGHT(小羊的家备份!DC123,3)),"?0") -> ★ 5 ☪ 1 | S87: 超级皮卡训练营 | T87: ="★"&TEXT(VALUE(LEFT(小羊的家备份!DC155,2)),"?0")&" ☪"&TEXT(VALUE(RIGHT(小羊的家备份!DC155,3)),"?0") -> ★ 5 ☪ 1 | V87: 野猪特工队训练营 | W87: ="★"&TEXT(VALUE(LEFT(小羊的家备份!DC187,2)),"?0")&" ☪"&TEXT(VALUE(RIGHT(小羊的家备份!DC187,3)),"?0") -> ★ 5 ☪ 1
G88: 超级巨人岗哨 | H88: ="★"&TEXT(VALUE(LEFT(小羊的家备份!DC30,2)),"?0")&" ☪"&TEXT(VALUE(RIGHT(小羊的家备份!DC30,3)),"?0") -> ★ 5 ☪ 1 | J88: 隐秘弓箭手训练营 | K88: ="★"&TEXT(VALUE(LEFT(小羊的家备份!DC60,2)),"?0")&" ☪"&TEXT(VALUE(RIGHT(小羊的家备份!DC60,3)),"?0") -> ★ 5 ☪ 1 | M88: 超级法师训练营 | N88: ="★"&TEXT(VALUE(LEFT(小羊的家备份!DC92,2)),"?0")&" ☪"&TEXT(VALUE(RIGHT(小羊的家备份!DC92,3)),"?0") -> ★ 5 ☪ 1 | P88: 空中堡垒工坊 | Q88: ="★"&TEXT(VALUE(LEFT(小羊的家备份!DC124,2)),"?0")&" ☪"&TEXT(VALUE(RIGHT(小羊的家备份!DC124,3)),"?0") -> ★ 5 ☪ 1 | S88: 冰霜法术工厂 | T88: ="★"&TEXT(VALUE(LEFT(小羊的家备份!DC156,2)),"?0")&" ☪"&TEXT(VALUE(RIGHT(小羊的家备份!DC156,3)),"?0") -> ★ 5 ☪ 1 | V88: 超级飞龙训练营 | W88: ="★"&TEXT(VALUE(LEFT(小羊的家备份!DC188,2)),"?0")&" ☪"&TEXT(VALUE(RIGHT(小羊的家备份!DC188,3)),"?0") -> ★ 5 ☪ 1 | AB88: 地狱飞龙训练营 | AC88: ="★"&TEXT(VALUE(LEFT(小羊的家备份!DC254,2)),"?0")&" ☪"&TEXT(VALUE(RIGHT(小羊的家备份!DC254,3)),"?0") -> ★ 4 ☪ 1
G89: 突袭炮车岗哨 | H89: ="★"&TEXT(VALUE(LEFT(小羊的家备份!DC31,2)),"?0")&" ☪"&TEXT(VALUE(RIGHT(小羊的家备份!DC31,3)),"?0") -> ★ 5 ☪ 1 | J89: 超级巨人训练营 | K89: ="★"&TEXT(VALUE(LEFT(小羊的家备份!DC61,2)),"?0")&" ☪"&TEXT(VALUE(RIGHT(小羊的家备份!DC61,3)),"?0") -> ★ 5 ☪ 1 | M89: 疗伤法术工厂 | N89: ="★"&TEXT(VALUE(LEFT(小羊的家备份!DC93,2)),"?0")&" ☪"&TEXT(VALUE(RIGHT(小羊的家备份!DC93,3)),"?0") -> ★ 5 ☪ 1 | P89: 雷电法术工厂 | Q89: ="★"&TEXT(VALUE(LEFT(小羊的家备份!DC125,2)),"?0")&" ☪"&TEXT(VALUE(RIGHT(小羊的家备份!DC125,3)),"?0") -> ★ 5 ☪ 1 | V89: 狂暴法术工厂 | W89: ="★"&TEXT(VALUE(LEFT(小羊的家备份!DC189,2)),"?0")&" ☪"&TEXT(VALUE(RIGHT(小羊的家备份!DC189,3)),"?0") -> ★ 5 ☪ 1 | AB89: 骷髅召唤法术工厂 | AC89: ="★"&TEXT(VALUE(LEFT(小羊的家备份!DC255,2)),"?0")&" ☪"&TEXT(VALUE(RIGHT(小羊的家备份!DC255,3)),"?0") -> ★ 4 ☪ 1
G90: 超级飞龙岗哨 | H90: ="★"&TEXT(VALUE(LEFT(小羊的家备份!DC32,2)),"?0")&" ☪"&TEXT(VALUE(RIGHT(小羊的家备份!DC32,3)),"?0") -> ★ 5 ☪ 1 | J90: 野蛮人攻城槌训练营 | K90: ="★"&TEXT(VALUE(LEFT(小羊的家备份!DC62,2)),"?0")&" ☪"&TEXT(VALUE(RIGHT(小羊的家备份!DC62,3)),"?0") -> ★ 5 ☪ 1 | M90: 弹跳法术工厂 | N90: ="★"&TEXT(VALUE(LEFT(小羊的家备份!DC94,2)),"?0")&" ☪"&TEXT(VALUE(RIGHT(小羊的家备份!DC94,3)),"?0") -> ★ 5 ☪ 1
J91: 亡灵训练营 | K91: ="★"&TEXT(VALUE(LEFT(小羊的家备份!DC63,2)),"?0")&" ☪"&TEXT(VALUE(RIGHT(小羊的家备份!DC63,3)),"?0") -> ★ 5 ☪ 1 | AB91: 地雷 | AC91: ="★"&TEXT(VALUE(LEFT(小羊的家备份!DC257,2)),"?0")&" ☪"&TEXT(VALUE(RIGHT(小羊的家备份!DC257,3)),"?0") -> ★ 4 ☪ 5
AB92: 巨型地雷 | AC92: ="★"&TEXT(VALUE(LEFT(小羊的家备份!DC258,2)),"?0")&" ☪"&TEXT(VALUE(RIGHT(小羊的家备份!DC258,3)),"?0") -> ★ 4 ☪ 2
G93: 地雷 | H93: ="★"&TEXT(VALUE(LEFT(小羊的家备份!DC35,2)),"?0")&" ☪"&TEXT(VALUE(RIGHT(小羊的家备份!DC35,3)),"?0") -> ★ 5 ☪ 8 | J93: 地雷 | K93: ="★"&TEXT(VALUE(LEFT(小羊的家备份!DC65,2)),"?0")&" ☪"&TEXT(VALUE(RIGHT(小羊的家备份!DC65,3)),"?0") -> ★ 5 ☪ 8 | M93: 地雷 | N93: ="★"&TEXT(VALUE(LEFT(小羊的家备份!DC97,2)),"?0")&" ☪"&TEXT(VALUE(RIGHT(小羊的家备份!DC97,3)),"?0") -> ★ 5 ☪ 6 | P93: 地雷 | Q93: ="★"&TEXT(VALUE(LEFT(小羊的家备份!DC129,2)),"?0")&" ☪"&TEXT(VALUE(RIGHT(小羊的家备份!DC129,3)),"?0") -> ★ 5 ☪10 | S93: 地雷 | T93: ="★"&TEXT(VALUE(LEFT(小羊的家备份!DC161,2)),"?0")&" ☪"&TEXT(VALUE(RIGHT(小羊的家备份!DC161,3)),"?0") -> ★ 5 ☪ 7 | V93: 地雷 | W93: ="★"&TEXT(VALUE(LEFT(小羊的家备份!DC193,2)),"?0")&" ☪"&TEXT(VALUE(RIGHT(小羊的家备份!DC193,3)),"?0") -> ★ 5 ☪ 7 | Y93: 地雷 | Z93: ="★"&TEXT(VALUE(LEFT(小羊的家备份!DC226,2)),"?0")&" ☪"&TEXT(VALUE(RIGHT(小羊的家备份!DC226,3)),"?0") -> ★ 5 ☪ 5 | AB93: 滚木陷阱 | AC93: ="★"&TEXT(VALUE(LEFT(小羊的家备份!DC259,2)),"?0")&" ☪"&TEXT(VALUE(RIGHT(小羊的家备份!DC259,3)),"?0") -> ★ 4 ☪ 5
G94: 巨型地雷 | H94: ="★"&TEXT(VALUE(LEFT(小羊的家备份!DC36,2)),"?0")&" ☪"&TEXT(VALUE(RIGHT(小羊的家备份!DC36,3)),"?0") -> ★ 5 ☪12 | J94: 巨型地雷 | K94: ="★"&TEXT(VALUE(LEFT(小羊的家备份!DC66,2)),"?0")&" ☪"&TEXT(VALUE(RIGHT(小羊的家备份!DC66,3)),"?0") -> ★ 5 ☪ 4 | M94: 巨型地雷 | N94: ="★"&TEXT(VALUE(LEFT(小羊的家备份!DC98,2)),"?0")&" ☪"&TEXT(VALUE(RIGHT(小羊的家备份!DC98,3)),"?0") -> ★ 5 ☪ 6 | P94: 巨型地雷 | Q94: ="★"&TEXT(VALUE(LEFT(小羊的家备份!DC130,2)),"?0")&" ☪"&TEXT(VALUE(RIGHT(小羊的家备份!DC130,3)),"?0") -> ★ 5 ☪ 3 | S94: 巨型地雷 | T94: ="★"&TEXT(VALUE(LEFT(小羊的家备份!DC162,2)),"?0")&" ☪"&TEXT(VALUE(RIGHT(小羊的家备份!DC162,3)),"?0") -> ★ 5 ☪ 3 | V94: 滚木陷阱 | W94: ="★"&TEXT(VALUE(LEFT(小羊的家备份!DC194,2)),"?0")&" ☪"&TEXT(VALUE(RIGHT(小羊的家备份!DC194,3)),"?0") -> ★ 5 ☪ 2 | Y94: 滚木陷阱 | Z94: ="★"&TEXT(VALUE(LEFT(小羊的家备份!DC227,2)),"?0")&" ☪"&TEXT(VALUE(RIGHT(小羊的家备份!DC227,3)),"?0") -> ★ 5 ☪ 6 | AB94: 电击陷阱 | AC94: ="★"&TEXT(VALUE(LEFT(小羊的家备份!DC260,2)),"?0")&" ☪"&TEXT(VALUE(RIGHT(小羊的家备份!DC260,3)),"?0") -> ★ 4 ☪ 3
G95: 滚木陷阱 | H95: ="★"&TEXT(VALUE(LEFT(小羊的家备份!DC37,2)),"?0")&" ☪"&TEXT(VALUE(RIGHT(小羊的家备份!DC37,3)),"?0") -> ★ 5 ☪ 4 | M95: 滚木陷阱 | N95: ="★"&TEXT(VALUE(LEFT(小羊的家备份!DC99,2)),"?0")&" ☪"&TEXT(VALUE(RIGHT(小羊的家备份!DC99,3)),"?0") -> ★ 5 ☪ 1 | P95: 滚木陷阱 | Q95: ="★"&TEXT(VALUE(LEFT(小羊的家备份!DC131,2)),"?0")&" ☪"&TEXT(VALUE(RIGHT(小羊的家备份!DC131,3)),"?0") -> ★ 5 ☪ 4 | S95: 滚木陷阱 | T95: ="★"&TEXT(VALUE(LEFT(小羊的家备份!DC163,2)),"?0")&" ☪"&TEXT(VALUE(RIGHT(小羊的家备份!DC163,3)),"?0") -> ★ 5 ☪ 8 | V95: 电击陷阱 | W95: ="★"&TEXT(VALUE(LEFT(小羊的家备份!DC195,2)),"?0")&" ☪"&TEXT(VALUE(RIGHT(小羊的家备份!DC195,3)),"?0") -> ★ 5 ☪ 5 | Y95: 电击陷阱 | Z95: ="★"&TEXT(VALUE(LEFT(小羊的家备份!DC228,2)),"?0")&" ☪"&TEXT(VALUE(RIGHT(小羊的家备份!DC228,3)),"?0") -> ★ 5 ☪ 6
G96: 电击陷阱 | H96: ="★"&TEXT(VALUE(LEFT(小羊的家备份!DC38,2)),"?0")&" ☪"&TEXT(VALUE(RIGHT(小羊的家备份!DC38,3)),"?0") -> ★ 5 ☪ 5 | S96: 电击陷阱 | T96: ="★"&TEXT(VALUE(LEFT(小羊的家备份!DC164,2)),"?0")&" ☪"&TEXT(VALUE(RIGHT(小羊的家备份!DC164,3)),"?0") -> ★ 5 ☪ 6
AB97: 平顶屋 | AC97: =" ☪"&小羊的家备份!DC262 -> ☪4
G98: 部落营房 | H98: ="☪"&小羊的家备份!DC40 -> ☪50 | J98: 平顶屋 | K98: =" ☪"&小羊的家备份!DC70 -> ☪5 | M98: 小屋 | N98: =" ☪"&小羊的家备份!DC102 -> ☪10 | P98: 平顶屋 | Q98: =" ☪"&小羊的家备份!DC134 -> ☪10 | S98: 小屋 | T98: =" ☪"&小羊的家备份!DC166 -> ☪8 | V98: 平顶屋 | W98: =" ☪"&小羊的家备份!DC198 -> ☪4 | Y98: 小屋 | Z98: =" ☪"&小羊的家备份!DC231 -> ☪4 | AB98: 小屋 | AC98: =" ☪"&小羊的家备份!DC263 -> ☪2
J99: 稻草屋 | K99: =" ☪"&小羊的家备份!DC71 -> ☪9 | M99: 木屋 | N99: =" ☪"&小羊的家备份!DC103 -> ☪8 | P99: 平顶木屋 | Q99: =" ☪"&小羊的家备份!DC135 -> ☪5 | S99: 斜顶屋 | T99: =" ☪"&小羊的家备份!DC167 -> ☪8 | V99: 稻草屋 | W99: =" ☪"&小羊的家备份!DC199 -> ☪8 | Y99: 木屋 | Z99: =" ☪"&小羊的家备份!DC232 -> ☪8 | AB99: 木屋 | AC99: =" ☪"&小羊的家备份!DC264 -> ☪6
V100: 小屋 | W100: =" ☪"&小羊的家备份!DC200 -> ☪8 | Y100: 斜顶屋 | Z100: =" ☪"&小羊的家备份!DC233 -> ☪4 | AB100: 平顶木屋 | AC100: =" ☪"&小羊的家备份!DC265 -> ☪2
A103: 部落冲突研究笔记 2.0.1，更新于2023年9月3日 | G103: =IFERROR(INDEX('5.4纪念碑谷'!AK7:AK396,RANDBETWEEN(1,344-7)),"") -> 确保雪怪受到足够的伤害投放小雪怪对于增加它所造成的伤害来说非常必要。
A104: 点我进入小羊的小窝，可私信反馈>>>
A105: 开发者：斫冰扬灵、拥抱鲜花的小羊

Sheet 2.1家乡主力军
A1: 2.1 家乡主力军 | D1: 圣水军队 | AM1: 无畏英雄
AO2: 备注：所有英雄都会在临死前放出自己的技能
A3: 一场战斗中必不可少的军队，是战争体系的流砥柱。 | D3: 索引： | AM3: 索引：
D4: 01.野蛮人 | F4: 野蛮人 Barbarian | P4: 弓箭手 Archer | R4: 箭矢 | Z4: 巨人 Giant | AM4: 01.野蛮人之王
A5: 大本等级 | B5: 图例样式 | C5: 简介 | D5: 02.弓箭手 | F5: 攻击任何陆军 | H5: 等级 | I5: 生命值 | J5: 每秒伤害 | K5: 升级成本 | L5: 升级时间 | P5: 攻击任何陆空 | R5: 等级 | S5: 生命值 | T5: 每秒伤害 | U5: 升级成本 | V5: 升级时间 | Z5: 优先攻击防御 | AB5: 等级 | AC5: 生命值 | AD5: 每秒伤害 | AE5: 每次伤害 | AF5: 升级成本 | AG5: 升级时间 | AM5: 02.弓箭女皇 | AO5: 野蛮人之王 Barbarian King | BD5: 弓箭女皇 Archer Queen | BF5: 霰弹弩箭
A6: 1~6本 | B6: 6 | C6: 新手诞生 | D6: 03.巨人 | F6: 射程：0.4格 | H6: 1 | I6: 45 | J6: 8 | P6: 射程：3.5格 | R6: 1 | S6: 20 | T6: 7 | Z6: 射程：1格 | AB6: 1 | AC6: 300 | AD6: 11 | AE6: 22 | AM6: 03.大守护者 | AO6: 攻击任何陆军 | AQ6: 等级 | AR6: 生命值 | AS6: 每秒伤害 | AT6: 每次伤害 | AU6: 恢复时间 | AV6: 升级成本 | AW6: 升级时间 | AX6: 技能等级 | AY6: 生命恢复 | AZ6: 移速增加 | BA6: 秒伤增加 | BB6: 召唤数量 | BD6: 攻击任何陆空 | BF6: 等级 | BG6: 生命值 | BH6: 每秒伤害 | BI6: 每次伤害 | BJ6: 恢复时间 | BK6: 升级成本 | BL6: 升级时间 | BM6: 技能等级 | BN6: 生命恢复 | BO6: 隐身时长 | BP6: 秒伤增加 | BQ6: 召唤数量
A7: 07本 | B7: 7 | C7: 游戏开始 | D7: 04.哥布林 | F7: 攻速：1秒/次 | H7: 2 | I7: 54 | J7: 11 | K7: 20000 | L7: 0.083333333 | P7: 攻速：1秒/次 | R7: 2 | S7: 23 | T7: 9 | U7: 30000 | V7: 0.125 | Z7: 攻速：2秒/次 | AB7: 2 | AC7: 360 | AD7: 14 | AE7: 28 | AF7: 40000 | AG7: 0.16666667 | AM7: 04.飞盾战神 | AO7: 射程：0.4格 | AQ7: 1 | AR7: 1700 | AS7: 120 | AT7: =AS7*1.2 -> 144 | AU7: 10 | AV7: 5000 | BD7: 射程：5格 | BF7: 1 | BG7: 725 | BH7: 160 | BI7: =BH7*0.75 -> 120 | BJ7: 10 | BK7: 10000
A8: 08本 | B8: 8 | C8: 游戏渐进 | D8: 05.炸弹人 | F8: 移速：2.0格/秒 | H8: 3 | I8: 65 | J8: 14 | K8: 60000 | L8: 0.20833333 | P8: 移速：3.0格/秒 | R8: 3 | S8: 28 | T8: 12 | U8: 80000 | V8: 0.25 | Z8: 移速：1.5格/秒 | AB8: 3 | AC8: 430 | AD8: 19 | AE8: 38 | AF8: 150000 | AG8: 0.33333333 | AO8: 攻速：1.2秒/次 | AQ8: 2 | AR8: 1742 | AS8: 122 | AT8: =AS8*1.2 -> 146.4 | AU8: 10 | AV8: 6000 | AW8: 0.16666667 | BD8: 攻速：0.75秒/次 | BF8: 2 | BG8: 740 | BH8: 164 | BI8: =BH8*0.75 -> 123 | BJ8: 10 | BK8: 11000 | BL8: 0.16666667
A9: 09本 | B9: 9 | C9: 渐入高潮 | D9: 06.气球兵 | F9: 单体攻击 | H9: 4 | I9: 85 | J9: 18 | K9: 200000 | L9: 0.5 | P9: 单体攻击 | R9: 4 | S9: 33 | T9: 16 | U9: 300000 | V9: 0.5 | Z9: 单体攻击 | AB9: 4 | AC9: 520 | AD9: 24 | AE9: 48 | AF9: 500000 | AG9: 0.5 | AM9: >>圣水军队 | AO9: 移速：2.0格/秒 | AQ9: 3 | AR9: 1786 | AS9: 124 | AT9: =AS9*1.2 -> 148.8 | AU9: 10 | AV9: 7000 | AW9: 0.25 | BD9: 移速：3.0格/秒 | BF9: 3 | BG9: 755 | BH9: 168 | BI9: =BH9*0.75 -> 126 | BJ9: 10 | BK9: 12000 | BL9: 0.25
A10: 10本 | B10: 10 | C10: 炽热之心 | D10: 07.法师 | H10: 5 | I10: 105 | J10: 23 | K10: 650000 | L10: 1 | R10: 5 | S10: 40 | T10: 20 | U10: 800000 | V10: 1 | AB10: 5 | AC10: 720 | AD10: 31 | AE10: 62 | AF10: 1200000 | AG10: 1 | AM10: >>黑油军队 | AO10: 巡逻半径: | AP10: 3格 | AQ10: 4 | AR10: 1830 | AS10: 127 | AT10: =AS10*1.2 -> 152.4 | AU10: 10 | AV10: 8000 | AW10: 0.33333333 | BD10: 巡逻半径: | BE10: 3格 | BF10: 4 | BG10: 771 | BH10: 172 | BI10: =BH10*0.75 -> 129 | BJ10: 10 | BK10: 13000 | BL10: 0.33333333
A11: 11本 | B11: 11 | C11: 重锤出击 | D11: 08.天使 | H11: 6 | I11: 125 | J11: 26 | K11: 1400000 | L11: 1.5 | R11: 6 | S11: 44 | T11: 22 | U11: 2000000 | V11: 1.5 | AB11: 6 | AC11: 940 | AD11: 43 | AE11: 86 | AF11: 2000000 | AG11: 2 | AM11: >>战争宠物 | AO11: 警戒半径: | AP11: 12格 | AQ11: 5 | AR11: 1876 | AS11: 129 | AT11: =AS11*1.2 -> 154.8 | AU11: 12 | AV11: 10000 | AW11: 0.41666667 | AX11: 1 | AY11: 500 | AZ11: 18 | BA11: 56 | BB11: 6 | BD11: 警戒半径: | BE11: 13格 | BF11: 5 | BG11: 787 | BH11: 176 | BI11: =BH11*0.75 -> 132 | BJ11: 12 | BK11: 15000 | BL11: 0.41666667 | BM11: 1 | BN11: 150 | BO11: 3.6 | BP11: 300 | BQ11: 5
A12: 12本 | B12: 12 | C12: 绝地反击 | D12: 09.飞龙 | F12: 占用空间：1 | H12: 7 | I12: 160 | J12: 30 | K12: 2100000 | L12: 2.5 | P12: 占用空间：1 | R12: 7 | S12: 48 | T12: 25 | U12: 2500000 | V12: 2.5 | Z12: 占用空间：5 | AB12: 7 | AC12: 1280 | AD12: 55 | AE12: 110 | AF12: 3000000 | AG12: 3.5 | AM12: ○主界面 | AO12: 搜索半径: | AP12: 9格 | AQ12: 6 | AR12: 1923 | AS12: 132 | AT12: =AS12*1.2 -> 158.4 | AU12: 12 | AV12: 11000 | AW12: 0.5 | AX12: 1 | AY12: 500 | AZ12: 18 | BA12: 56 | BB12: 6 | BD12: 搜索半径: | BE12: 10格 | BF12: 6 | BG12: 804 | BH12: 181 | BI12: =BH12*0.75 -> 135.75 | BJ12: 12 | BK12: 16000 | BL12: 0.5 | BM12: 1 | BN12: 150 | BO12: 3.6 | BP12: 300 | BQ12: 5
A13: 13本 | B13: 13 | C13: 冰火合奏 | D13: 10.皮卡超人 | F13: 训练时间：5秒 | H13: 8 | I13: 205 | J13: 34 | K13: 2800000 | L13: 3 | P13: 训练时间：6秒 | R13: 8 | S13: 52 | T13: 28 | U13: 3200000 | V13: 3.5 | Z13: 训练时间：30秒 | AB13: 8 | AC13: 1500 | AD13: 62 | AE13: 124 | AF13: 3500000 | AG13: 5.5 | AO13: 技能持续 | AP13: 10秒 | AQ13: 7 | AR13: 1971 | AS13: 135 | AT13: =AS13*1.2 -> 162 | AU13: 12 | AV13: 12000 | AW13: 0.58333333 | AX13: 1 | AY13: 500 | AZ13: 18 | BA13: 56 | BB13: 6 | BD13: 技能持续 | BE13: 可变 | BF13: 7 | BG13: 821 | BH13: 185 | BI13: =BH13*0.75 -> 138.75 | BJ13: 12 | BK13: 17000 | BL13: 0.58333333 | BM13: 1 | BN13: 150 | BO13: 3.6 | BP13: 300 | BQ13: 5
A14: 14本 | B14: 14 | C14: 远古结晶 | D14: 11.飞龙宝宝 | F14: 权重：50/100 | H14: 9 | I14: 230 | J14: 38 | K14: 5600000 | L14: 7 | P14: 权重：50/100 | R14: 9 | S14: 56 | T14: 31 | U14: 6300000 | V14: 7 | Z14: 权重：600/500 | AB14: 9 | AC14: 1850 | AD14: 70 | AE14: 140 | AF14: 6300000 | AG14: 9 | AO14: 技能半径 | AP14: 2.5格 | AQ14: 8 | AR14: 2020 | AS14: 137 | AT14: =AS14*1.2 -> 164.4 | AU14: 12 | AV14: 13000 | AW14: 0.66666667 | AX14: 1 | AY14: 500 | AZ14: 18 | BA14: 56 | BB14: 6 | BD14: 召唤兵种 | BE14: 弓箭手 | BF14: 8 | BG14: 838 | BH14: 190 | BI14: =BH14*0.75 -> 142.5 | BJ14: 12 | BK14: 18000 | BL14: 0.66666667 | BM14: 1 | BN14: 150 | BO14: 3.6 | BP14: 300 | BQ14: 5
A15: 15本 | B15: 15 | C15: 魔法挑战 | D15: 12.掘地矿工 | H15: 10 | I15: 250 | J15: 42 | K15: 14000000 | L15: 13 | R15: 10 | S15: 60 | T15: 34 | U15: 14500000 | V15: 13 | AB15: 10 | AC15: 2000 | AD15: 78 | AE15: 156 | AF15: 10000000 | AG15: 11.25 | AO15: 召唤兵种 | AP15: 野蛮人 | AQ15: 9 | AR15: 2071 | AS15: 140 | AT15: =AS15*1.2 -> 168 | AU15: 12 | AV15: 14000 | AW15: 0.75 | AX15: 1 | AY15: 500 | AZ15: 18 | BA15: 56 | BB15: 6 | BD15: 权重：2100/500 | BF15: 9 | BG15: 856 | BH15: 194 | BI15: =BH15*0.75 -> 145.5 | BJ15: 12 | BK15: 19000 | BL15: 0.75 | BM15: 1 | BN15: 150 | BO15: 3.6 | BP15: 300 | BQ15: 5
D16: 13.雷电飞龙 | H16: 11 | I16: 270 | J16: 45 | K16: 16000000 | L16: 14 | R16: 11 | S16: 64 | T16: 37 | U16: 16000000 | V16: 14 | AB16: 11 | AC16: 2000 | AD16: 86 | AE16: 172 | AF16: 16500000 | AG16: 16 | AO16: 王座生命值 | AP16: 250 | AQ16: 10 | AR16: 2123 | AS16: 143 | AT16: =AS16*1.2 -> 171.6 | AU16: 14 | AV16: 15000 | AW16: 0.83333333 | AX16: 2 | AY16: 620 | AZ16: 19 | BA16: 101 | BB16: 8 | BD16: 王座生命值 | BE16: 250 | BF16: 10 | BG16: 874 | BH16: 199 | BI16: =BH16*0.75 -> 149.25 | BJ16: 14 | BK16: 20000 | BL16: 0.83333333 | BM16: 2 | BN16: 175 | BO16: 3.8 | BP16: 355 | BQ16: 6
D17: 14.雪怪 | AO17: 权重：2100/2500 | AQ17: 11 | AR17: 2176 | AS17: 146 | AT17: =AS17*1.2 -> 175.2 | AU17: 14 | AV17: 17000 | AW17: 0.91666667 | AX17: 2 | AY17: 620 | AZ17: 19 | BA17: 101 | BB17: 8 | BD17: 可用皮肤 | BF17: 11 | BG17: 892 | BH17: 204 | BI17: =BH17*0.75 -> 153 | BJ17: 14 | BK17: 22000 | BL17: 0.91666667 | BM17: 2 | BN17: 175 | BO17: 3.8 | BP17: 355 | BQ17: 6
D18: 15.龙骑士 | F18: 哥布林 Goblin | Z18: 气球兵 Balloon | AB18: 气球炸弹 | AO18: 可用皮肤 | AQ18: 12 | AR18: 2230 | AS18: 149 | AT18: =AS18*1.2 -> 178.8 | AU18: 14 | AV18: 19000 | AW18: 1 | AX18: 2 | AY18: 620 | AZ18: 19 | BA18: 101 | BB18: 8 | BD18: 角斗士女皇 May 21 | BF18: 12 | BG18: 911 | BH18: 209 | BI18: =BH18*0.75 -> 156.75 | BJ18: 14 | BK18: 24000 | BL18: 1 | BM18: 2 | BN18: 175 | BO18: 3.8 | BP18: 355 | BQ18: 6
D19: 16.雷霆泰坦 | F19: 优先攻击资源 | H19: 等级 | I19: 生命值 | J19: 每秒伤害 | K19: 资源伤害 | L19: 升级成本 | M19: 升级时间 | Z19: 优先攻击防御 | AB19: 等级 | AC19: 生命值 | AD19: 每秒伤害 | AE19: 每次伤害 | AF19: 坠落伤害 | AG19: 升级成本 | AH19: 升级时间 | AO19: 角斗士之王 Apr 19 | AQ19: 13 | AR19: 2286 | AS19: 152 | AT19: =AS19*1.2 -> 182.4 | AU19: 14 | AV19: 21000 | AW19: 1.333333 | AX19: 2 | AY19: 620 | AZ19: 19 | BA19: 101 | BB19: 8 | BD19: 瓦基丽女皇 Jul 19 | BF19: 13 | BG19: 930 | BH19: 215 | BI19: =BH19*0.75 -> 161.25 | BJ19: 14 | BK19: 26000 | BL19: 1.333333 | BM19: 2 | BN19: 175 | BO19: 3.8 | BP19: 355 | BQ19: 6
F20: 射程：0.4格 | H20: 1 | I20: 25 | J20: 11 | K20: 22 | P20: 炸弹人 Wall Breaker | Z20: 射程：0.5格 | AB20: 1 | AC20: 150 | AD20: 25 | AE20: =AD20*3 -> 75 | AF20: 25 | AO20: 皮卡蛮王 Jun 19 | AQ20: 14 | AR20: 2343 | AS20: 155 | AT20: =AS20*1.2 -> 186 | AU20: 14 | AV20: 23000 | AW20: 1.6666667 | AX20: 2 | AY20: 620 | AZ20: 19 | BA20: 101 | BB20: 8 | BD20: 金秋女皇 Sep 19 | BF20: 14 | BG20: 949 | BH20: 220 | BI20: =BH20*0.75 -> 165 | BJ20: 14 | BK20: 28000 | BL20: 1.6666667 | BM20: 2 | BN20: 175 | BO20: 3.8 | BP20: 355 | BQ20: 6
D21: >>黑油军队 | F21: 攻速：1秒/次 | H21: 2 | I21: 30 | J21: 14 | K21: 28 | L21: 45000 | M21: 0.20833333 | P21: 优先攻击城墙 | R21: 等级 | S21: 生命值 | T21: 伤害 | U21: 死亡伤害 | V21: 对墙伤害 | W21: 升级成本 | X21: 升级时间 | Z21: 攻速：3秒/次 | AB21: 2 | AC21: 180 | AD21: 32 | AE21: =AD21*3 -> 96 | AF21: 32 | AG21: 125000 | AH21: 0.33333333 | AO21: 骷髅蛮王 Oct 19 | AQ21: 15 | AR21: 2402 | AS21: 158 | AT21: =AS21*1.2 -> 189.6 | AU21: 16 | AV21: 25000 | AW21: 2 | AX21: 3 | AY21: 752 | AZ21: 20 | BA21: 147 | BB21: 10 | BD21: 冰雪女皇 Nov 19 | BF21: 15 | BG21: 969 | BH21: 226 | BI21: =BH21*0.75 -> 169.5 | BJ21: 16 | BK21: 30000 | BL21: 2 | BM21: 3 | BN21: 200 | BO21: 4 | BP21: 416 | BQ21: 7
D22: >>无畏英雄 | F22: 移速：4.0格/秒 | H22: 3 | I22: 36 | J22: 19 | K22: 38 | L22: 175000 | M22: 0.375 | P22: 射程：0.5格 | R22: 1 | S22: 12 | T22: 6 | U22: 6 | V22: =T22*40&"+"&U22*40 -> 240+240 | Z22: 移速：1.3格/秒 | AB22: 3 | AC22: 216 | AD22: 48 | AE22: =AD22*3 -> 144 | AF22: 48 | AG22: 400000 | AH22: 0.5 | AO22: 圣诞蛮王 Dec 19 | AQ22: 16 | AR22: 2462 | AS22: 161 | AT22: =AS22*1.2 -> 193.2 | AU22: 16 | AV22: 27000 | AW22: 2 | AX22: 3 | AY22: 752 | AZ22: 20 | BA22: 147 | BB22: 10 | BD22: 巾帼木兰 Dec 19 | BF22: 16 | BG22: 990 | BH22: 231 | BI22: =BH22*0.75 -> 173.25 | BJ22: 16 | BK22: 32000 | BL22: 2 | BM22: 3 | BN22: 200 | BO22: 4 | BP22: 416 | BQ22: 7
D23: >>战争宠物 | F23: 克资源(伤害*2) | H23: 4 | I23: 50 | J23: 24 | K23: 48 | L23: 500000 | M23: 0.5 | P23: 攻速：1秒 | R23: 2 | S23: 16 | T23: 10 | U23: 9 | V23: =T23*40&"+"&U23*40 -> 400+360 | W23: 100000 | X23: 0.25 | Z23: 溅射半径：1.2格 | AB23: 4 | AC23: 280 | AD23: 72 | AE23: =AD23*3 -> 216 | AF23: 72 | AG23: 800000 | AH23: 0.75 | AO23: 原始蛮王 Feb 20 | AQ23: 17 | AR23: 2523 | AS23: 164 | AT23: =AS23*1.2 -> 196.8 | AU23: 16 | AV23: 29000 | AW23: 2 | AX23: 3 | AY23: 752 | AZ23: 20 | BA23: 147 | BB23: 10 | BD23: 原始女皇 Mar 20 | BF23: 17 | BG23: 1010 | BH23: 237 | BI23: =BH23*0.75 -> 177.75 | BJ23: 16 | BK23: 34000 | BL23: 2 | BM23: 3 | BN23: 200 | BO23: 4 | BP23: 416 | BQ23: 7
D24: ○主界面 | F24: 单体攻击 | H24: 5 | I24: 65 | J24: 32 | K24: 64 | L24: 1200000 | M24: 1 | P24: 移速：3.0格/秒 | R24: 3 | S24: 24 | T24: 15 | U24: 13 | V24: =T24*40&"+"&U24*40 -> 600+520 | W24: 250000 | X24: 0.5 | Z24: 出手时间：0.75秒 | AB24: 5 | AC24: 390 | AD24: 108 | AE24: =AD24*3 -> 324 | AF24: 108 | AG24: 1500000 | AH24: 1 | AO24: 发条木偶蛮王 May 20 | AQ24: 18 | AR24: 2586 | AS24: 168 | AT24: =AS24*1.2 -> 201.6 | AU24: 16 | AV24: 31000 | AW24: 2 | AX24: 3 | AY24: 752 | AZ24: 20 | BA24: 147 | BB24: 10 | BD24: 发条木偶女皇 Jun 20 | BF24: 18 | BG24: 1032 | BH24: 243 | BI24: =BH24*0.75 -> 182.25 | BJ24: 16 | BK24: 36000 | BL24: 2 | BM24: 3 | BN24: 200 | BO24: 4 | BP24: 416 | BQ24: 7
H25: 6 | I25: 80 | J25: 42 | K25: 84 | L25: 2000000 | M25: 1.5 | P25: 克城墙*40 | R25: 4 | S25: 32 | T25: 20 | U25: 16 | V25: =T25*40&"+"&U25*40 -> 800+640 | W25: 600000 | X25: 0.75 | Z25: 自爆半径：1.2格 | AB25: 6 | AC25: 545 | AD25: 162 | AE25: =AD25*3 -> 486 | AF25: 162 | AG25: 2750000 | AH25: 3.5 | AO25: 派对蛮王 Aug 20 | AQ25: 19 | AR25: 2651 | AS25: 171 | AT25: =AS25*1.2 -> 205.2 | AU25: 16 | AV25: 33000 | AW25: 2 | AX25: 3 | AY25: 752 | AZ25: 20 | BA25: 147 | BB25: 10 | BD25: 海盗女皇 Sep 20 | BF25: 19 | BG25: 1053 | BH25: 249 | BI25: =BH25*0.75 -> 186.75 | BJ25: 16 | BK25: 38000 | BL25: 2 | BM25: 3 | BN25: 200 | BO25: 4 | BP25: 416 | BQ25: 7
F26: 占用空间：1 | H26: 7 | I26: 105 | J26: 52 | K26: 104 | L26: 3000000 | M26: 3.5 | P26: 溅射半径：0.8格 | R26: 5 | S26: 46 | T26: 43 | U26: 23 | V26: =T26*40&"+"&U26*40 -> 1720+920 | W26: 1200000 | X26: 1 | Z26: 坠落时长：0.416秒 | AB26: 7 | AC26: 690 | AD26: 198 | AE26: =AD26*3 -> 594 | AF26: 214 | AG26: 4500000 | AH26: 5.25 | AO26: 冠军蛮王 Oct 20 | AQ26: 20 | AR26: 2717 | AS26: 174 | AT26: =AS26*1.2 -> 208.8 | AU26: 18 | AV26: 35000 | AW26: 2.5 | AX26: 4 | AY26: 899 | AZ26: 21 | BA26: 195 | BB26: 12 | BD26: 绿林女皇 Feb 21 | BF26: 20 | BG26: 1076 | BH26: 255 | BI26: =BH26*0.75 -> 191.25 | BJ26: 18 | BK26: 40000 | BL26: 2.5 | BM26: 4 | BN26: 225 | BO26: 4.2 | BP26: 483 | BQ26: 8
F27: 训练时间：7秒 | H27: 8 | I27: 126 | J27: 62 | K27: 124 | L27: 6300000 | M27: 8 | P27: 自爆半径：1.5格 | R27: 6 | S27: 60 | T27: 55 | U27: 30 | V27: =T27*40&"+"&U27*40 -> 2200+1200 | W27: 2500000 | X27: 2.125 | Z27: 占用空间：5 | AB27: 8 | AC27: 840 | AD27: 236 | AE27: =AD27*3 -> 708 | AF27: 268 | AG27: 7700000 | AH27: 9.5 | AO27: 海盗蛮王 Nov 20 | AQ27: 21 | AR27: 2785 | AS27: 178 | AT27: =AS27*1.2 -> 213.6 | AU27: 18 | AV27: 37000 | AW27: 2.5 | AX27: 4 | AY27: 899 | AZ27: 21 | BA27: 195 | BB27: 12 | BD27: 丛林女皇 Jun 21 | BF27: 21 | BG27: 1098 | BH27: 262 | BI27: =BH27*0.75 -> 196.5 | BJ27: 18 | BK27: 42000 | BL27: 2.5 | BM27: 4 | BN27: 225 | BO27: 4.2 | BP27: 483 | BQ27: 8
F28: 权重：50/50 | P28: 占用空间：2 | R28: 7 | S28: 78 | T28: 66 | U28: 36 | V28: =T28*40&"+"&U28*40 -> 2640+1440 | W28: 4200000 | X28: 7 | Z28: 训练时间：30秒 | AB28: 9 | AC28: 940 | AD28: 256 | AE28: =AD28*3 -> 768 | AF28: 322 | AG28: 10500000 | AH28: 12 | AO28: 武将蛮王 Feb 21 | AQ28: 22 | AR28: 2855 | AS28: 181 | AT28: =AS28*1.2 -> 217.2 | AU28: 18 | AV28: 39000 | AW28: 2.5 | AX28: 4 | AY28: 899 | AZ28: 21 | BA28: 195 | BB28: 12 | BD28: 派对女皇 Aug 21 | BF28: 22 | BG28: 1121 | BH28: 268 | BI28: =BH28*0.75 -> 201 | BJ28: 18 | BK28: 44000 | BL28: 2.5 | BM28: 4 | BN28: 225 | BO28: 4.2 | BP28: 483 | BQ28: 8
P29: 训练时间：15秒 | R29: 8 | S29: 100 | T29: 75 | U29: 42 | V29: =T29*40&"+"&U29*40 -> 3000+1680 | W29: 7300000 | X29: 10 | Z29: 权重：600/500 | AB29: 10 | AC29: 1040 | AD29: 276 | AE29: =AD29*3 -> 828 | AF29: 352 | AG29: 17000000 | AH29: 17 | AO29: 绿林蛮王 Mar 21 | AQ29: 23 | AR29: 2926 | AS29: 185 | AT29: =AS29*1.2 -> 222 | AU29: 18 | AV29: 41000 | AW29: 2.5 | AX29: 4 | AY29: 899 | AZ29: 21 | BA29: 195 | BB29: 12 | BD29: 冠军女皇 Nov 21 | BF29: 23 | BG29: 1145 | BH29: 275 | BI29: =BH29*0.75 -> 206.25 | BJ29: 18 | BK29: 46000 | BL29: 2.5 | BM29: 4 | BN29: 225 | BO29: 4.2 | BP29: 483 | BQ29: 8
P30: 权重：50/50 | R30: 9 | S30: 120 | T30: 86 | U30: 48 | V30: =T30*40&"+"&U30*40 -> 3440+1920 | W30: 10000000 | X30: 11 | AO30: 猛武蛮王 Jun 21 | AQ30: 24 | AR30: 2999 | AS30: 189 | AT30: =AS30*1.2 -> 226.8 | AU30: 18 | AV30: 43000 | AW30: 2.5 | AX30: 4 | AY30: 899 | AZ30: 21 | BA30: 195 | BB30: 12 | BD30: 暗夜女皇 Jan 22 | BF30: 24 | BG30: 1169 | BH30: 282 | BI30: =BH30*0.75 -> 211.5 | BJ30: 18 | BK30: 48000 | BL30: 2.5 | BM30: 4 | BN30: 225 | BO30: 4.2 | BP30: 483 | BQ30: 8
F31: 法师 Wizard | H31: 魔法火球 | R31: 10 | S31: 130 | T31: 94 | U31: 54 | V31: =T31*40&"+"&U31*40 -> 3760+2160 | W31: 15200000 | X31: 15 | Z31: 飞龙 Dragon | AB31: 龙息 | AO31: 丛林蛮王 Jul 21 | AQ31: 25 | AR31: 3074 | AS31: 193 | AT31: =AS31*1.2 -> 231.6 | AU31: 20 | AV31: 45000 | AW31: 3 | AX31: 5 | AY31: 1063 | AZ31: 22 | BA31: 245 | BB31: 14 | BD31: 矿工女皇 May 22 | BF31: 25 | BG31: 1193 | BH31: 289 | BI31: =BH31*0.75 -> 216.75 | BJ31: 20 | BK31: 50000 | BL31: 3 | BM31: 5 | BN31: 250 | BO31: 4.4 | BP31: 557 | BQ31: 9
F32: 攻击任何陆空 | H32: 等级 | I32: 生命值 | J32: 每秒伤害 | K32: 每次伤害 | L32: 升级成本 | M32: 升级时间 | P32: 警告：死亡伤害无法被狂暴提升！ | R32: 11 | S32: 140 | T32: 102 | U32: 60 | V32: =T32*40&"+"&U32*40 -> 4080+2400 | W32: 16500000 | X32: 16 | Z32: 攻击任何陆空 | AB32: 等级 | AC32: 生命值 | AD32: 每秒伤害 | AE32: 每次伤害 | AF32: 升级成本 | AG32: 升级时间 | AO32: 律动蛮王 Aug 21 | AQ32: 26 | AR32: 3151 | AS32: 196 | AT32: =AS32*1.2 -> 235.2 | AU32: 20 | AV32: 47000 | AW32: 3 | AX32: 5 | AY32: 1063 | AZ32: 22 | BA32: 245 | BB32: 14 | BD32: 夏日女皇 Jun 22 | BF32: 26 | BG32: 1218 | BH32: 296 | BI32: =BH32*0.75 -> 222 | BJ32: 20 | BK32: 52000 | BL32: 3 | BM32: 5 | BN32: 250 | BO32: 4.4 | BP32: 557 | BQ32: 9
F33: 射程：3格 | H33: 1 | I33: 75 | J33: 50 | K33: =J33*1.5 -> 75 | Z33: 射程：3格 | AB33: 1 | AC33: 1900 | AD33: 140 | AE33: 175 | AO33: 戈仑蛮王 Nov 21 | AQ33: 27 | AR33: 3230 | AS33: 200 | AT33: =AS33*1.2 -> 240 | AU33: 20 | AV33: 49000 | AW33: 3 | AX33: 5 | AY33: 1063 | AZ33: 22 | BA33: 245 | BB33: 14 | BD33: 像素女皇 Aug 22 | BF33: 27 | BG33: 1244 | BH33: 304 | BI33: =BH33*0.75 -> 228 | BJ33: 20 | BK33: 54000 | BL33: 3 | BM33: 5 | BN33: 250 | BO33: 4.4 | BP33: 557 | BQ33: 9
F34: 攻速：1.5秒/次 | H34: 2 | I34: 90 | J34: 70 | K34: =J34*1.5 -> 105 | L34: 120000 | M34: 0.33333333 | P34: 天使 Healer | R34: 医疗波 | Z34: 攻速：1.25秒/次 | AB34: 2 | AC34: 2100 | AD34: 160 | AE34: 200 | AF34: 1000000 | AG34: 0.75 | AO34: 冰雪蛮王 Dec 21 | AQ34: 28 | AR34: 3311 | AS34: 204 | AT34: =AS34*1.2 -> 244.8 | AU34: 20 | AV34: 51000 | AW34: 3 | AX34: 5 | AY34: 1063 | AZ34: 22 | BA34: 245 | BB34: 14 | BD34: 惊魂女皇 Oct 22 | BF34: 28 | BG34: 1270 | BH34: 311 | BI34: =BH34*0.75 -> 233.25 | BJ34: 20 | BK34: 56000 | BL34: 3 | BM34: 5 | BN34: 250 | BO34: 4.4 | BP34: 557 | BQ34: 9
F35: 移速：2.0格/秒 | H35: 3 | I35: 108 | J35: 90 | K35: =J35*1.5 -> 135 | L35: 320000 | M35: 0.5 | P35: 治疗附近陆军 | R35: 等级 | S35: 生命值 | T35: 军队秒疗 | U35: 英雄秒疗 | V35: 升级成本 | W35: 升级时间 | Z35: 移速：2.0格/秒 | AB35: 3 | AC35: 2300 | AD35: 180 | AE35: 225 | AF35: 2000000 | AG35: 1.5 | AO35: 威虎蛮王 Feb 22 | AQ35: 29 | AR35: 3394 | AS35: 208 | AT35: =AS35*1.2 -> 249.6 | AU35: 20 | AV35: 53000 | AW35: 3 | AX35: 5 | AY35: 1063 | AZ35: 22 | BA35: 245 | BB35: 14 | BD35: 魔法女皇 Oct 22 | BF35: 29 | BG35: 1297 | BH35: 319 | BI35: =BH35*0.75 -> 239.25 | BJ35: 20 | BK35: 58000 | BL35: 3 | BM35: 5 | BN35: 250 | BO35: 4.4 | BP35: 557 | BQ35: 9
F36: 溅射半径：0.3格 | H36: 4 | I36: 135 | J36: 125 | K36: =J36*1.5 -> 187.5 | L36: 620000 | M36: 0.75 | P36: 射程：5格 | R36: 1 | S36: 500 | T36: 36 | U36: 19.8 | Z36: 溅射半径：0.3格 | AB36: 4 | AC36: 2700 | AD36: 210 | AE36: 262.5 | AF36: 3000000 | AG36: 3 | AO36: 暗黑蛮王 Apr 22 | AQ36: 30 | AR36: 3478 | AS36: 213 | AT36: =AS36*1.2 -> 255.6 | AU36: 22 | AV36: 55000 | AW36: 4 | AX36: 6 | AY36: 1247 | AZ36: 23 | BA36: 298 | BB36: 16 | BD36: 圣诞女皇 Dec 22 | BF36: 30 | BG36: 1324 | BH36: 327 | BI36: =BH36*0.75 -> 245.25 | BJ36: 22 | BK36: 60000 | BL36: 4 | BM36: 6 | BN36: 275 | BO36: 4.6 | BP36: 638 | BQ36: 10
H37: 5 | I37: 165 | J37: 170 | K37: =J37*1.5 -> 255 | L37: 1200000 | M37: 1 | P37: 攻速：0.7秒/次 | R37: 2 | S37: 600 | T37: 48 | U37: 26.4 | V37: 450000 | W37: 0.5 | AB37: 5 | AC37: 3100 | AD37: 240 | AE37: 300 | AF37: 3800000 | AG37: 5.25 | AO37: 夏日蛮王 Jun 22 | AQ37: 31 | AR37: 3565 | AS37: 217 | AT37: =AS37*1.2 -> 260.4 | AU37: 22 | AV37: 57000 | AW37: 4 | AX37: 6 | AY37: 1247 | AZ37: 23 | BA37: 298 | BB37: 16 | BF37: 31 | BG37: 1352 | BH37: 335 | BI37: =BH37*0.75 -> 251.25 | BJ37: 22 | BK37: 63000 | BL37: 4 | BM37: 6 | BN37: 275 | BO37: 4.6 | BP37: 638 | BQ37: 10
H38: 6 | I38: 180 | J38: 185 | K38: =J38*1.5 -> 277.5 | L38: 2200000 | M38: 2 | P38: 移速：2.0格/秒 | R38: 3 | S38: 840 | T38: 60 | U38: 33 | V38: 900000 | W38: 1 | AB38: 6 | AC38: 3400 | AD38: 270 | AE38: 337.5 | AF38: 4900000 | AG38: 5.5 | AO38: 像素蛮王 Aug 22 | AQ38: 32 | AR38: 3655 | AS38: 221 | AT38: =AS38*1.2 -> 265.2 | AU38: 22 | AV38: 59000 | AW38: 4 | AX38: 6 | AY38: 1247 | AZ38: 23 | BA38: 298 | BB38: 16 | BF38: 32 | BG38: 1380 | BH38: 344 | BI38: =BH38*0.75 -> 258 | BJ38: 22 | BK38: 65000 | BL38: 4 | BM38: 6 | BN38: 275 | BO38: 4.6 | BP38: 638 | BQ38: 10
F39: 占用空间：4 | H39: 7 | I39: 195 | J39: 200 | K39: =J39*1.5 -> 300 | L39: 3500000 | M39: 3.5 | P39: 治疗半径：1.5格 | R39: 4 | S39: 1200 | T39: 66 | U39: 36.3 | V39: 2700000 | W39: 2 | Z39: 占用空间：20 | AB39: 7 | AC39: 3900 | AD39: 310 | AE39: 387.5 | AF39: 7000000 | AG39: 10 | AO39: 盛典蛮王 Sep 22 | AQ39: 33 | AR39: 3746 | AS39: 226 | AT39: =AS39*1.2 -> 271.2 | AU39: 22 | AV39: 60000 | AW39: 4 | AX39: 6 | AY39: 1247 | AZ39: 23 | BA39: 298 | BB39: 16 | BF39: 33 | BG39: 1409 | BH39: 352 | BI39: =BH39*0.75 -> 264 | BJ39: 22 | BK39: 67000 | BL39: 4 | BM39: 6 | BN39: 275 | BO39: 4.6 | BP39: 638 | BQ39: 10
F40: 训练时间：30秒 | H40: 8 | I40: 210 | J40: 215 | K40: =J40*1.5 -> 322.5 | L40: 5000000 | M40: 5.25 | R40: 5 | S40: 1500 | T40: 72 | U40: 48.24 | V40: 4200000 | W40: 7 | Z40: 训练时间：3分钟 | AB40: 8 | AC40: 4200 | AD40: 330 | AE40: =AD40*1.25 -> 412.5 | AF40: 11000000 | AG40: 12 | AO40: 魔法蛮王 Oct 22 | AQ40: 34 | AR40: 3840 | AS40: 230 | AT40: =AS40*1.2 -> 276 | AU40: 22 | AV40: 62000 | AW40: 4 | AX40: 6 | AY40: 1247 | AZ40: 23 | BA40: 298 | BB40: 16 | BF40: 34 | BG40: 1439 | BH40: 361 | BI40: =BH40*0.75 -> 270.75 | BJ40: 22 | BK40: 69000 | BL40: 4 | BM40: 6 | BN40: 275 | BO40: 4.6 | BP40: 638 | BQ40: 10
F41: 权重：600/200 | H41: 9 | I41: 230 | J41: 230 | K41: =J41*1.5 -> 345 | L41: 6500000 | M41: 8.75 | R41: 6 | S41: 1600 | T41: 72 | U41: 56.16 | V41: 9800000 | W41: 10.5 | Z41: 权重：2000/2000 | AB41: 9 | AC41: 4500 | AD41: 350 | AE41: =AD41*1.25 -> 437.5 | AF41: 17500000 | AG41: 17 | AQ41: 35 | AR41: 3936 | AS41: 235 | AT41: =AS41*1.2 -> 282 | AU41: 24 | AV41: 64000 | AW41: 4.75 | AX41: 7 | AY41: 1455 | AZ41: 24 | BA41: 354 | BB41: 18 | BF41: 35 | BG41: 1469 | BH41: 370 | BI41: =BH41*0.75 -> 277.5 | BJ41: 24 | BK41: 72000 | BL41: 4.75 | BM41: 7 | BN41: 300 | BO41: 4.8 | BP41: 725 | BQ41: 11
H42: 10 | I42: 250 | J42: 245 | K42: =J42*1.5 -> 367.5 | L42: 10500000 | M42: 11 | P42: 占用空间：14 | R42: 7 | S42: 1700 | T42: 72 | U42: 62.64 | V42: 16000000 | W42: 16 | AQ42: 36 | AR42: 4034 | AS42: 239 | AT42: =AS42*1.2 -> 286.8 | AU42: 24 | AV42: 66000 | AW42: 4.75 | AX42: 7 | AY42: 1455 | AZ42: 24 | BA42: 354 | BB42: 18 | BF42: 36 | BG42: 1500 | BH42: 379 | BI42: =BH42*0.75 -> 284.25 | BJ42: 24 | BK42: 74000 | BL42: 4.75 | BM42: 7 | BN42: 300 | BO42: 4.8 | BP42: 725 | BQ42: 11
H43: 11 | I43: 270 | J43: 260 | K43: =J43*1.5 -> 390 | L43: 17200000 | M43: 16 | P43: 训练时间：2分钟 | R43: 治疗叠加效果为100%,100%,90%,90%,70%,40%,10%,0 | AQ43: 37 | AR43: 4135 | AS43: 244 | AT43: =AS43*1.2 -> 292.8 | AU43: 24 | AV43: 68000 | AW43: 4.75 | AX43: 7 | AY43: 1455 | AZ43: 24 | BA43: 354 | BB43: 18 | BF43: 37 | BG43: 1532 | BH43: 389 | BI43: =BH43*0.75 -> 291.75 | BJ43: 24 | BK43: 77000 | BL43: 4.75 | BM43: 7 | BN43: 300 | BO43: 4.8 | BP43: 725 | BQ43: 11
F44: 皮卡超人 PEKKA | P44: 权重：200/30 | R44: 由于每次治疗相对意义不大，这里没有列出。 | Z44: 掘地矿工 Miner | AQ44: 38 | AR44: 4238 | AS44: 249 | AT44: =AS44*1.2 -> 298.8 | AU44: 24 | AV44: 70000 | AW44: 4.75 | AX44: 7 | AY44: 1455 | AZ44: 24 | BA44: 354 | BB44: 18 | BF44: 38 | BG44: 1564 | BH44: 398 | BI44: =BH44*0.75 -> 298.5 | BJ44: 24 | BK44: 79000 | BL44: 4.75 | BM44: 7 | BN44: 300 | BO44: 4.8 | BP44: 725 | BQ44: 11
F45: 攻击任何陆军 | H45: 等级 | I45: 生命值 | J45: 每秒伤害 | K45: 每次伤害 | L45: 升级成本 | M45: 升级时间 | Z45: 攻击任何陆军 | AB45: 等级 | AC45: 生命值 | AD45: 每秒伤害 | AE45: 每次伤害 | AF45: 升级成本 | AG45: 升级时间 | AQ45: 39 | AR45: 4344 | AS45: 254 | AT45: =AS45*1.2 -> 304.8 | AU45: 24 | AV45: 73000 | AW45: 4.75 | AX45: 7 | AY45: 1455 | AZ45: 24 | BA45: 354 | BB45: 18 | BF45: 39 | BG45: 1597 | BH45: 408 | BI45: =BH45*0.75 -> 306 | BJ45: 24 | BK45: 82000 | BL45: 4.75 | BM45: 7 | BN45: 300 | BO45: 4.8 | BP45: 725 | BQ45: 11
F46: 射程：0.8格 | H46: 1 | I46: 3000 | J46: 260 | K46: =J46*1.8 -> 468 | Z46: 射程：0.6格 | AB46: 1 | AC46: 550 | AD46: 80 | AE46: =AD46*1.7 -> 136 | AQ46: 40 | AR46: 4453 | AS46: 259 | AT46: =AS46*1.2 -> 310.8 | AU46: 26 | AV46: 76000 | AW46: 5.5 | AX46: 8 | AY46: 1692 | AZ46: 25 | BA46: 414 | BB46: 20 | BF46: 40 | BG46: 1630 | BH46: 419 | BI46: =BH46*0.75 -> 314.25 | BJ46: 26 | BK46: 84000 | BL46: 5.5 | BM46: 8 | BN46: 325 | BO46: 5 | BP46: 819 | BQ46: 12
F47: 攻速：1.8秒/次 | H47: 2 | I47: 3500 | J47: 290 | K47: =J47*1.8 -> 522 | L47: 1200000 | M47: 0.5 | P47: 飞龙宝宝 BabyDragon | R47: 小火球 | Z47: 攻速：1.7秒/次 | AB47: 2 | AC47: 610 | AD47: 88 | AE47: =AD47*1.7 -> 149.6 | AF47: 2500000 | AG47: 2.1666667 | AQ47: 41 | AR47: 4564 | AS47: 275 | AT47: =AS47*1.2 -> 330 | AU47: 26 | AV47: 80000 | AW47: 5.5 | AX47: 8 | AY47: 1692 | AZ47: 25 | BA47: 414 | BB47: 20 | BF47: 41 | BG47: 1664 | BH47: 429 | BI47: =BH47*0.75 -> 321.75 | BJ47: 26 | BK47: 89000 | BL47: 5.5 | BM47: 8 | BN47: 325 | BO47: 5 | BP47: 819 | BQ47: 12
F48: 移速：2.0格/秒 | H48: 3 | I48: 4000 | J48: 320 | K48: =J48*1.8 -> 576 | L48: 1800000 | M48: 1 | P48: 攻击任何陆空 | R48: 等级 | S48: 生命值 | T48: 每秒伤害 | U48: 狂暴秒伤 | V48: 升级成本 | W48: 升级时间 | Z48: 移速：4.0格/秒 | AB48: 3 | AC48: 670 | AD48: 96 | AE48: =AD48*1.7 -> 163.2 | AF48: 3200000 | AG48: 3.5 | AQ48: 42 | AR48: 4678 | AS48: 281 | AT48: =AS48*1.2 -> 337.2 | AU48: 26 | AV48: 85000 | AW48: 5.5 | AX48: 8 | AY48: 1692 | AZ48: 25 | BA48: 414 | BB48: 20 | BF48: 42 | BG48: 1699 | BH48: 440 | BI48: =BH48*0.75 -> 330 | BJ48: 26 | BK48: 93000 | BL48: 5.5 | BM48: 8 | BN48: 325 | BO48: 5 | BP48: 819 | BQ48: 12
F49: 单体攻击 | H49: 4 | I49: 4500 | J49: 360 | K49: =J49*1.8 -> 648 | L49: 2800000 | M49: 2 | P49: 射程：2.75格 | R49: 1 | S49: 1200 | T49: 75 | U49: 225 | Z49: 单体攻击 | AB49: 4 | AC49: 730 | AD49: 104 | AE49: =AD49*1.7 -> 176.8 | AF49: 3800000 | AG49: 4 | AQ49: 43 | AR49: 4795 | AS49: 287 | AT49: =AS49*1.2 -> 344.4 | AU49: 26 | AV49: 89000 | AW49: 5.5 | AX49: 8 | AY49: 1692 | AZ49: 25 | BA49: 414 | BB49: 20 | BF49: 43 | BG49: 1735 | BH49: 451 | BI49: =BH49*0.75 -> 338.25 | BJ49: 26 | BK49: 97000 | BL49: 5.5 | BM49: 8 | BN49: 325 | BO49: 5 | BP49: 819 | BQ49: 12
H50: 5 | I50: 5000 | J50: 410 | K50: =J50*1.8 -> 738 | L50: 3200000 | M50: 3.5 | P50: 攻速：1秒/次 | R50: 2 | S50: 1300 | T50: 85 | U50: 255 | V50: 2000000 | W50: 2 | AB50: 5 | AC50: 800 | AD50: 112 | AE50: =AD50*1.7 -> 190.4 | AF50: 5000000 | AG50: 7 | AQ50: 44 | AR50: 4915 | AS50: 293 | AT50: =AS50*1.2 -> 351.6 | AU50: 26 | AV50: 94000 | AW50: 5.5 | AX50: 8 | AY50: 1692 | AZ50: 25 | BA50: 414 | BB50: 20 | BF50: 44 | BG50: 1771 | BH50: 462 | BI50: =BH50*0.75 -> 346.5 | BJ50: 26 | BK50: 101000 | BL50: 5.5 | BM50: 8 | BN50: 325 | BO50: 5 | BP50: 819 | BQ50: 12
H51: 6 | I51: 5500 | J51: 470 | K51: =J51*1.8 -> 846 | L51: 4200000 | M51: 79 | P51: 移速：2.5格/秒 | R51: 3 | S51: 1400 | T51: 95 | U51: 285 | V51: 2500000 | W51: 3.5 | AB51: 6 | AC51: 900 | AD51: 120 | AE51: =AD51*1.7 -> 204 | AF51: 6500000 | AG51: 9 | AQ51: 45 | AR51: 5038 | AS51: 299 | AT51: =AS51*1.2 -> 358.8 | AU51: 28 | AV51: 98000 | AW51: 5.75 | AX51: 9 | AY51: 1963 | AZ51: 26 | BA51: 478 | BB51: 22 | BF51: 45 | BG51: 1809 | BH51: 474 | BI51: =BH51*0.75 -> 355.5 | BJ51: 28 | BK51: 106000 | BL51: 5.75 | BM51: 9 | BN51: 350 | BO51: 5.2 | BP51: 920 | BQ51: 13
F52: 占用空间：25 | H52: 7 | I52: 5900 | J52: 540 | K52: =J52*1.8 -> 972 | L52: 5200000 | M52: 6 | P52: 溅射半径：0.3格 | R52: 4 | S52: 1500 | T52: 105 | U52: 315 | V52: 3400000 | W52: 5 | Z52: 占用空间：6 | AB52: 7 | AC52: 1000 | AD52: 128 | AE52: =AD52*1.7 -> 217.6 | AF52: 10000000 | AG52: 11.75 | AQ52: 46 | AR52: 5164 | AS52: 305 | AT52: =AS52*1.2 -> 366 | AU52: 28 | AV52: 103000 | AW52: 5.75 | AX52: 9 | AY52: 1963 | AZ52: 26 | BA52: 478 | BB52: 22 | BF52: 46 | BG52: 1847 | BH52: 486 | BI52: =BH52*0.75 -> 364.5 | BJ52: 28 | BK52: 111000 | BL52: 5.75 | BM52: 9 | BN52: 350 | BO52: 5.2 | BP52: 920 | BQ52: 13
F53: 训练时间：3分钟 | H53: 8 | I53: 6300 | J53: 610 | K53: =J53*1.8 -> 1098 | L53: 7700000 | M53: 10 | R53: 5 | S53: 1600 | T53: 115 | U53: 345 | V53: 4200000 | W53: 6.25 | Z53: 训练时间：30秒 | AB53: 8 | AC53: 1100 | AD53: 136 | AE53: =AD53*1.7 -> 231.2 | AF53: 16500000 | AG53: 16 | AQ53: 47 | AR53: 5293 | AS53: 312 | AT53: =AS53*1.2 -> 374.4 | AU53: 28 | AV53: 109000 | AW53: 5.75 | AX53: 9 | AY53: 1963 | AZ53: 26 | BA53: 478 | BB53: 22 | BF53: 47 | BG53: 1885 | BH53: 498 | BI53: =BH53*0.75 -> 373.5 | BJ53: 28 | BK53: 116000 | BL53: 5.75 | BM53: 9 | BN53: 350 | BO53: 5.2 | BP53: 920 | BQ53: 13
F54: 权重：2500/2000 | H54: 9 | I54: 6700 | J54: 680 | K54: =J54*1.8 -> 1224 | L54: 10500000 | M54: 11.25 | R54: 6 | S54: 1700 | T54: 125 | U54: 375 | V54: 6300000 | W54: 8.25 | Z54: 权重：600/500 | AB54: 9 | AC54: 1250 | AD54: 144 | AE54: =AD54*1.7 -> 244.8 | AF54: 16500001 | AG54: 17 | AQ54: 48 | AR54: 5425 | AS54: 318 | AT54: =AS54*1.2 -> 381.6 | AU54: 28 | AV54: 114000 | AW54: 5.75 | AX54: 9 | AY54: 1963 | AZ54: 26 | BA54: 478 | BB54: 22 | BF54: 48 | BG54: 1925 | BH54: 510 | BI54: =BH54*0.75 -> 382.5 | BJ54: 28 | BK54: 122000 | BL54: 5.75 | BM54: 9 | BN54: 350 | BO54: 5.2 | BP54: 920 | BQ54: 13
P55: 占用空间：10 | R55: 7 | S55: 1800 | T55: 135 | U55: 405 | V55: 9000000 | W55: 10.5 | AB55: 备注1：切换目标需要1到1.25秒的钻地时间 | AQ55: 49 | AR55: 5561 | AS55: 325 | AT55: =AS55*1.2 -> 390 | AU55: 28 | AV55: 119000 | AW55: 5.75 | AX55: 9 | AY55: 1963 | AZ55: 26 | BA55: 478 | BB55: 22 | BF55: 49 | BG55: 1965 | BH55: 523 | BI55: =BH55*0.75 -> 392.25 | BJ55: 28 | BK55: 127000 | BL55: 5.75 | BM55: 9 | BN55: 350 | BO55: 5.2 | BP55: 920 | BQ55: 13
F56: 雷电飞龙 Electro Dragon | H56: 连锁闪电 | P56: 训练时间：90秒 | R56: 8 | S56: 1900 | T56: 145 | U56: 435 | V56: 16000000 | W56: 15.75 | AB56: 备注2：作为防守援兵时不会钻地，移速为2.5格/秒 | AQ56: 50 | AR56: 5700 | AS56: 332 | AT56: =AS56*1.2 -> 398.4 | AU56: 30 | AV56: 125000 | AW56: 5.75 | AX56: 10 | AY56: 2263 | AZ56: 27 | BA56: 478 | BB56: 24 | BF56: 50 | BG56: 2007 | BH56: 536 | BI56: =BH56*0.75 -> 402 | BJ56: 30 | BK56: 132000 | BL56: 5.75 | BM56: 10 | BN56: 375 | BO56: 5.4 | BP56: 1020 | BQ56: 14
F57: 攻击任何陆空 | H57: 等级 | I57: 生命值 | J57: 每秒伤害 | K57: 每次伤害 | L57: 最终雷电 | M57: 升级成本 | N57: 升级时间 | P57: 权重：1000/1000 | R57: 备注：4.5格附近无飞行友军时，每次伤害*2、攻速0.67秒/次 | AQ57: 51 | AR57: 5843 | AS57: 339 | AT57: =AS57*1.2 -> 406.8 | AU57: 30 | AV57: 130000 | AW57: 6.25 | AX57: 10 | AY57: 2263 | AZ57: 27 | BA57: 478 | BB57: 24 | BF57: 51 | BG57: 2058 | BH57: 547 | BI57: =BH57*0.75 -> 410.25 | BJ57: 30 | BK57: 138000 | BL57: 6.25 | BM57: 10 | BN57: 375 | BO57: 5.4 | BP57: 1020 | BQ57: 14
F58: 射程：3格 | H58: 1 | I58: 3200 | J58: 240 | K58: =J58*3.5 -> 840 | L58: 65*6 | R58: 每秒伤害相当于原来的3倍 | AQ58: 52 | AR58: 5990 | AS58: 346 | AT58: =AS58*1.2 -> 415.2 | AU58: 30 | AV58: 135000 | AW58: 6.25 | AX58: 10 | AY58: 2263 | AZ58: 27 | BA58: 478 | BB58: 24 | BF58: 52 | BG58: 2110 | BH58: 558 | BI58: =BH58*0.75 -> 418.5 | BJ58: 30 | BK58: 143000 | BL58: 6.25 | BM58: 10 | BN58: 375 | BO58: 5.4 | BP58: 1020 | BQ58: 14
F59: 攻速：3.5秒/次 | H59: 2 | I59: 3700 | J59: 270 | K59: =J59*3.5 -> 945 | L59: 75*6 | M59: 6300000 | N59: 5.5 | P59: 雪怪 Yeti | Z59: 小雪怪 Yetimite | AB59: 热情拥抱 | AQ59: 53 | AR59: 6140 | AS59: 353 | AT59: =AS59*1.2 -> 423.6 | AU59: 30 | AV59: 140000 | AW59: 6.25 | AX59: 10 | AY59: 2263 | AZ59: 27 | BA59: 478 | BB59: 24 | BF59: 53 | BG59: 2163 | BH59: 570 | BI59: =BH59*0.75 -> 427.5 | BJ59: 30 | BK59: 148000 | BL59: 6.25 | BM59: 10 | BN59: 375 | BO59: 5.4 | BP59: 1020 | BQ59: 14
F60: 移速：1.6格/秒 | H60: 3 | I60: 4200 | J60: 300 | K60: =J60*3.5 -> 1050 | L60: 85*6 | M60: 7700000 | N60: 9.75 | P60: 攻击任何陆军 | R60: 等级 | S60: 生命值 | T60: 每秒伤害 | U60: 生成单位 | V60: 升级成本 | W60: 升级时间 | Z60: 优先攻击防御 | AB60: 等级 | AC60: 生命值 | AD60: 伤害 | AE60: 防御伤害 | AF60: 大本伤害 | AQ60: 54 | AR60: 6294 | AS60: 361 | AT60: =AS60*1.2 -> 433.2 | AU60: 30 | AV60: 146000 | AW60: 6.25 | AX60: 10 | AY60: 2263 | AZ60: 27 | BA60: 478 | BB60: 24 | BF60: 54 | BG60: 2218 | BH60: 582 | BI60: =BH60*0.75 -> 436.5 | BJ60: 30 | BK60: 154000 | BL60: 6.25 | BM60: 10 | BN60: 375 | BO60: 5.4 | BP60: 1020 | BQ60: 14
F61: 连锁极限：3格 | H61: 4 | I61: 4500 | J61: 330 | K61: =J61*3.5 -> 1155 | L61: 95*6 | M61: 12000000 | N61: 12 | P61: 射程：0.8格 | R61: 1 | S61: 2900 | T61: 230 | U61: 8 | Z61: 射程：2.0格 | AB61: 1 | AC61: 300 | AD61: 56 | AE61: =AD61*4 -> 224 | AF61: =AD61*2 -> 112 | AQ61: 55 | AR61: 6452 | AS61: 361 | AT61: =AS61*1.2 -> 433.2 | AU61: 32 | AV61: 151000 | AW61: 6.25 | AX61: 11 | AY61: 2592 | AZ61: 28 | BA61: 548 | BB61: 26 | BF61: 55 | BG61: 2274 | BH61: 594 | BI61: =BH61*0.75 -> 445.5 | BJ61: 32 | BK61: 159000 | BL61: 6.25 | BM61: 11 | BN61: 400 | BO61: 5.6 | BP61: 1120 | BQ61: 15
F62: 连锁衰减：20% | H62: 5 | I62: 4800 | J62: 360 | K62: =J62*3.5 -> 1260 | L62: 105*6 | M62: 18000000 | N62: 17 | P62: 攻速：1秒/次 | R62: 2 | S62: 3200 | T62: 250 | U62: 9 | V62: 7700000 | W62: 7.5 | Z62: 移速：3.0格/秒 | AB62: 2 | AC62: 350 | AD62: 64 | AE62: =AD62*4 -> 256 | AF62: =AD62*2 -> 128 | AQ62: 56 | AR62: 6614 | AS62: 377 | AT62: =AS62*1.2 -> 452.4 | AU62: 32 | AV62: 158000 | AW62: 6.25 | AX62: 11 | AY62: 2592 | AZ62: 28 | BA62: 548 | BB62: 26 | BF62: 56 | BG62: 2331 | BH62: 606 | BI62: =BH62*0.75 -> 454.5 | BJ62: 32 | BK62: 166000 | BL62: 6.25 | BM62: 11 | BN62: 400 | BO62: 5.6 | BP62: 1120 | BQ62: 15
F63: 连锁延迟：0.128秒 | H63: 6 | I63: 5100 | J63: 390 | K63: =J63*3.5 -> 1365 | L63: 115*6 | M63: 20000000 | N63: 18 | P63: 移速：1.5格/秒 | R63: 3 | S63: 3500 | T63: 270 | U63: 10 | V63: 11200000 | W63: 12 | Z63: 出手时间：0.5秒 | AB63: 3 | AC63: 400 | AD63: 72 | AE63: =AD63*4 -> 288 | AF63: =AD63*2 -> 144 | AQ63: 57 | AR63: 6780 | AS63: 385 | AT63: =AS63*1.2 -> 462 | AU63: 32 | AV63: 165000 | AW63: 6.25 | AX63: 11 | AY63: 2592 | AZ63: 28 | BA63: 548 | BB63: 26 | BF63: 57 | BG63: 2390 | BH63: 619 | BI63: =BH63*0.75 -> 464.25 | BJ63: 32 | BK63: 172000 | BL63: 6.25 | BM63: 11 | BN63: 400 | BO63: 5.6 | BP63: 1120 | BQ63: 15
F64: 占用空间：30 | H64: 备注1：闪电下一次连锁的伤害是上一次的80%，最多攻击5个目标。 | P64: 单体攻击 | R64: 4 | S64: 3700 | T64: 290 | U64: 11 | V64: 17100000 | W64: 17 | Z64: 克防御*4 | AB64: 4 | AC64: 450 | AD64: 78 | AE64: =AD64*4 -> 312 | AF64: =AD64*2 -> 156 | AQ64: 58 | AR64: 6950 | AS64: 393 | AT64: =AS64*1.2 -> 471.6 | AU64: 32 | AV64: 172000 | AW64: 6.25 | AX64: 11 | AY64: 2592 | AZ64: 28 | BA64: 548 | BB64: 26 | BF64: 58 | BG64: 2450 | BH64: 632 | BI64: =BH64*0.75 -> 474 | BJ64: 32 | BK64: 179000 | BL64: 6.25 | BM64: 11 | BN64: 400 | BO64: 5.6 | BP64: 1120 | BQ64: 15
F65: 训练时间：6分钟 | H65: 备注2：电龙被消灭后会释放闪电，伤害机制等同于旧版雷电法术（可攻击资源建筑）。 | P65: 投放距离：1格 | Z65: 溅射半径：0.8格 | AQ65: 59 | AR65: 7124 | AS65: 401 | AT65: =AS65*1.2 -> 481.2 | AU65: 32 | AV65: 180000 | AW65: 6.25 | AX65: 11 | AY65: 2592 | AZ65: 28 | BA65: 548 | BB65: 26 | BF65: 59 | BG65: 2512 | BH65: 645 | BI65: =BH65*0.75 -> 483.75 | BJ65: 32 | BK65: 186000 | BL65: 6.25 | BM65: 11 | BN65: 400 | BO65: 5.6 | BP65: 1120 | BQ65: 15
F66: 权重：3000/2000 | H66: 备注3：电流优先连锁近距离目标，而距离相同时选择当前生命值（实测上限）最高目标。 | Z66: 可以跳墙 | AB66: 备注：小雪怪再也不能触发陷阱和援军了..... | AQ66: 60 | AR66: 7303 | AS66: 410 | AT66: =AS66*1.2 -> 492 | AU66: 34 | AV66: 187000 | AW66: 6.25 | AX66: 12 | AY66: 2592 | AZ66: 29 | BA66: 618 | BB66: 28 | BF66: 60 | BG66: 2575 | BH66: 658 | BI66: =BH66*0.75 -> 493.5 | BJ66: 34 | BK66: 192000 | BL66: 6.25 | BM66: 12 | BN66: 425 | BO66: 5.8 | BP66: 1220 | BQ66: 16
P67: 占用空间：18 | R67: 备注1：生存时每受到600伤害投放一个雪怪 | Z67: 占用空间：3 | AB67: 备注2：因为资源建筑的特殊的结构，小雪怪对资源伤害尤其是大本营只有50%（*4*50%）了 | AQ67: 61 | AR67: 7486 | AS67: 418 | AT67: =AS67*1.2 -> 501.6 | AU67: 34 | AV67: 193000 | AW67: 6.25 | AX67: 12 | AY67: 2592 | AZ67: 29 | BA67: 618 | BB67: 28 | BF67: 61 | BG67: 2639 | BH67: 671 | BI67: =BH67*0.75 -> 503.25 | BJ67: 34 | BK67: 198000 | BL67: 6.25 | BM67: 12 | BN67: 425 | BO67: 5.8 | BP67: 1220 | BQ67: 16
P68: 训练时间：3分钟 | R68: 备注2：被消灭后一次性投出余下未投放的小雪怪 | Z68: 权重：100/100 | AQ68: 62 | AR68: 7673 | AS68: 426 | AT68: =AS68*1.2 -> 511.2 | AU68: 34 | AV68: 200000 | AW68: 6.25 | AX68: 12 | AY68: 2592 | AZ68: 29 | BA68: 618 | BB68: 28 | BF68: 62 | BG68: 2705 | BH68: 684 | BI68: =BH68*0.75 -> 513 | BJ68: 34 | BK68: 203000 | BL68: 6.25 | BM68: 12 | BN68: 425 | BO68: 5.8 | BP68: 1220 | BQ68: 16
F69: 龙骑士 Dragon Rider | H69: 炮弹 | P69: 权重：1800/1800 | AQ69: 63 | AR69: 7865 | AS69: 435 | AT69: =AS69*1.2 -> 522 | AU69: 34 | AV69: 206000 | AW69: 6.25 | AX69: 12 | AY69: 2592 | AZ69: 29 | BA69: 618 | BB69: 28 | BF69: 63 | BG69: 2773 | BH69: 698 | BI69: =BH69*0.75 -> 523.5 | BJ69: 34 | BK69: 208000 | BL69: 6.25 | BM69: 12 | BN69: 425 | BO69: 5.8 | BP69: 1220 | BQ69: 16
F70: 攻击任何陆空 | H70: 等级 | I70: 生命值 | J70: 每秒伤害 | K70: 每次伤害 | L70: 坠落伤害 | M70: 升级成本 | N70: 升级时间 | AQ70: 64 | AR70: 8062 | AS70: 444 | AT70: =AS70*1.2 -> 532.8 | AU70: 34 | AV70: 211000 | AW70: 6.25 | AX70: 12 | AY70: 2592 | AZ70: 29 | BA70: 618 | BB70: 28 | BF70: 64 | BG70: 2842 | BH70: 712 | BI70: =BH70*0.75 -> 534 | BJ70: 34 | BK70: 213000 | BL70: 6.25 | BM70: 12 | BN70: 425 | BO70: 5.8 | BP70: 1220 | BQ70: 16
F71: 射程：4.0格 | H71: 1 | I71: 4100 | J71: 340 | K71: =J71*1.2 -> 408 | L71: 700 | P71: 雷霆泰坦 Electro Titan | AQ71: 65 | AR71: 8264 | AS71: 453 | AT71: =AS71*1.2 -> 543.6 | AU71: 36 | AV71: 216000 | AW71: 6.25 | AX71: 13 | AY71: 2980 | AZ71: 30 | BA71: 694 | BB71: 30 | BF71: 65 | BG71: 2913 | BH71: 726 | BI71: =BH71*0.75 -> 544.5 | BJ71: 36 | BK71: 219000 | BL71: 6.25 | BM71: 13 | BN71: 450 | BO71: 6 | BP71: 1300 | BQ71: 17
F72: 攻速：1.2秒/次 | H72: 2 | I72: 4400 | J72: 370 | K72: =J72*1.2 -> 444 | L72: 800 | M72: 12000000 | N72: 11.25 | P72: 攻击任何陆空 | R72: 等级 | S72: 生命值 | T72: 每秒伤害 | U72: 每次伤害 | V72: 光环每秒伤害 | W72: 光环英雄秒伤 | X72: 升级成本 | Y72: 升级时间 | AQ72: 66 | AR72: 8470 | AS72: 462 | AT72: =AS72*1.2 -> 554.4 | AU72: 36 | AV72: 225000 | AW72: 6.75 | AX72: 13 | AY72: 2980 | AZ72: 30 | BA72: 694 | BB72: 30 | BF72: 66 | BG72: 2980 | BH72: 739 | BI72: =BH72*0.75 -> 554.25 | BJ72: 36 | BK72: 228000 | BL72: 6.75 | BM72: 13 | BN72: 450 | BO72: 6 | BP72: 1300 | BQ72: 17
F73: 移速：2.5格/秒 | H73: 3 | I73: 4700 | J73: 400 | K73: =J73*1.2 -> 480 | L73: 900 | M73: 16500000 | N73: 16 | P73: 射程：1.25格 | R73: 1 | S73: 7200 | T73: 180 | U73: 270 | V73: 75 | W73: =V73*0.25 -> 18.75 | AQ73: 67 | AR73: 8680 | AS73: 471 | AT73: =AS73*1.2 -> 565.2 | AU73: 36 | AV73: 234000 | AW73: 6.75 | AX73: 13 | AY73: 2980 | AZ73: 30 | BA73: 694 | BB73: 30 | BF73: 67 | BG73: 3040 | BH73: 751 | BI73: =BH73*0.75 -> 563.25 | BJ73: 36 | BK73: 237000 | BL73: 6.75 | BM73: 13 | BN73: 450 | BO73: 6 | BP73: 1300 | BQ73: 17
F74: 单体攻击 | P74: 攻速：1.5秒/次 | R74: 2 | S74: 7700 | T74: 200 | U74: 300 | V74: 100 | W74: =V74*0.25 -> 25 | X74: 12000000 | Y74: 17.5 | AQ74: 68 | AR74: 8890 | AS74: 480 | AT74: =AS74*1.2 -> 576 | AU74: 36 | AV74: 243000 | AW74: 6.75 | AX74: 13 | AY74: 2980 | AZ74: 30 | BA74: 694 | BB74: 30 | BF74: 68 | BG74: 3095 | BH74: 762 | BI74: =BH74*0.75 -> 571.5 | BJ74: 36 | BK74: 246000 | BL74: 6.75 | BM74: 13 | BN74: 450 | BO74: 6 | BP74: 1300 | BQ74: 17
F75: 自爆半径：2格 | P75: 移速：2.5格/秒 | R75: 3 | S75: 8200 | T75: 220 | U75: 330 | V75: 125 | W75: =V75*0.25 -> 31.25 | X75: 16500000 | Y75: 19 | AQ75: 69 | AR75: 9100 | AS75: 490 | AT75: =AS75*1.2 -> 588 | AU75: 36 | AV75: 252000 | AW75: 6.75 | AX75: 13 | AY75: 2980 | AZ75: 30 | BA75: 694 | BB75: 30 | BF75: 69 | BG75: 3145 | BH75: 772 | BI75: =BH75*0.75 -> 579 | BJ75: 36 | BK75: 255000 | BL75: 6.75 | BM75: 13 | BN75: 450 | BO75: 6 | BP75: 1300 | BQ75: 17
F76: 坠落时长：0.6秒 | P76: 单体攻击 | AQ76: 70 | AR76: 9300 | AS76: 500 | AT76: =AS76*1.2 -> 600 | AU76: 38 | AV76: 261000 | AW76: 7.25 | AX76: 14 | AY76: 3850 | AZ76: 31 | BA76: 846 | BB76: 32 | BF76: 70 | BG76: 3190 | BH76: 781 | BI76: =BH76*0.75 -> 585.75 | BJ76: 38 | BK76: 266000 | BL76: 7.25 | BM76: 14 | BN76: 475 | BO76: 6.2 | BP76: 1370 | BQ76: 18
F77: 占用空间：25 | P77: 光环半径：3.5格 | AQ77: 71 | AR77: 9500 | AS77: 510 | AT77: =AS77*1.2 -> 612 | AU77: 38 | AV77: 267000 | AW77: 7.25 | AX77: 14 | AY77: 3850 | AZ77: 31 | BA77: 846 | BB77: 32 | BF77: 71 | BG77: 3230 | BH77: 789 | BI77: =BH77*0.75 -> 591.75 | BJ77: 38 | BK77: 269000 | BL77: 7.25 | BM77: 14 | BN77: 475 | BO77: 6.2 | BP77: 1370 | BQ77: 18
F78: 训练时间：1000秒 | P78: 光环攻速：0.4秒/次 | AQ78: 72 | AR78: 9700 | AS78: 520 | AT78: =AS78*1.2 -> 624 | AU78: 38 | AV78: 270000 | AW78: 7.25 | AX78: 14 | AY78: 3850 | AZ78: 31 | BA78: 846 | BB78: 32 | BF78: 72 | BG78: 3270 | BH78: 796 | BI78: =BH78*0.75 -> 597 | BJ78: 38 | BK78: 278000 | BL78: 7.25 | BM78: 14 | BN78: 475 | BO78: 6.2 | BP78: 1370 | BQ78: 18
F79: 权重：2500/2500 | P79: 占用空间：32 | AQ79: 73 | AR79: 9900 | AS79: 530 | AT79: =AS79*1.2 -> 636 | AU79: 38 | AV79: 279000 | AW79: 7.25 | AX79: 14 | AY79: 3850 | AZ79: 31 | BA79: 846 | BB79: 32 | BF79: 73 | BG79: 3310 | BH79: 802 | BI79: =BH79*0.75 -> 601.5 | BJ79: 38 | BK79: 283000 | BL79: 7.25 | BM79: 14 | BN79: 475 | BO79: 6.2 | BP79: 1370 | BQ79: 18
P80: 训练时间：6分钟 | AQ80: 74 | AR80: 10100 | AS80: 540 | AT80: =AS80*1.2 -> 648 | AU80: 38 | AV80: 284000 | AW80: 7.25 | AX80: 14 | AY80: 3850 | AZ80: 31 | BA80: 846 | BB80: 32 | BF80: 74 | BG80: 3350 | BH80: 808 | BI80: =BH80*0.75 -> 606 | BJ80: 38 | BK80: 288000 | BL80: 7.25 | BM80: 14 | BN80: 475 | BO80: 6.2 | BP80: 1370 | BQ80: 18
D81: 黑油军队 | P81: 权重：3000/3000 | R81: 备注：光环对英雄25%伤害 | AQ81: 75 | AR81: 10300 | AS81: 550 | AT81: =AS81*1.2 -> 660 | AU81: 40 | AV81: 289000 | AW81: 7.25 | AX81: 15 | AY81: 4300 | AZ81: 32 | BA81: 922 | BB81: 34 | BF81: 75 | BG81: 3390 | BH81: 814 | BI81: =BH81*0.75 -> 610.5 | BJ81: 40 | BK81: 297000 | BL81: 7.25 | BM81: 15 | BN81: 500 | BO81: 6.4 | BP81: 1430 | BQ81: 19
AQ82: 76 | AR82: 10490 | AS82: 559 | AT82: =AS82*1.2 -> 670.8 | AU82: 40 | AV82: 300000 | AW82: 8 | AX82: 15 | AY82: 4300 | AZ82: 32 | BA82: 922 | BB82: 34 | BF82: 76 | BG82: 3425 | BH82: 820 | BI82: =BH82*0.75 -> 615 | BJ82: 40 | BK82: 302000 | BL82: 8 | BM82: 15 | BN82: 500 | BO82: 6.4 | BP82: 1430 | BQ82: 19
D83: 索引： | AQ83: 77 | AR83: 10680 | AS83: 568 | AT83: =AS83*1.2 -> 681.6 | AU83: 40 | AV83: 305000 | AW83: 8 | AX83: 15 | AY83: 4300 | AZ83: 32 | BA83: 922 | BB83: 34 | BF83: 77 | BG83: 3460 | BH83: 825 | BI83: =BH83*0.75 -> 618.75 | BJ83: 40 | BK83: 308000 | BL83: 8 | BM83: 15 | BN83: 500 | BO83: 6.4 | BP83: 1430 | BQ83: 19
D84: 01.亡灵 | AQ84: 78 | AR84: 10870 | AS84: 577 | AT84: =AS84*1.2 -> 692.4 | AU84: 40 | AV84: 310000 | AW84: 8 | AX84: 15 | AY84: 4300 | AZ84: 32 | BA84: 922 | BB84: =AX84*2+4 -> 34 | BF84: 78 | BG84: 3495 | BH84: 830 | BI84: =BH84*0.75 -> 622.5 | BJ84: 40 | BK84: 314000 | BL84: 8 | BM84: 15 | BN84: 500 | BO84: 6.4 | BP84: 1430 | BQ84: 19
D85: 02.野猪骑士 | F85: 亡灵 Gargoyle | H85: 谢特 | P85: 野猪骑士 Boar Rider | Z85: 武神 Valkyrie | AQ85: 79 | AR85: 11060 | AS85: 586 | AT85: =AS85*1.2 -> 703.2 | AU85: 40 | AV85: 315000 | AW85: 8 | AX85: 15 | AY85: 4300 | AZ85: 32 | BA85: 922 | BB85: =AX85*2+4 -> 34 | BF85: 79 | BG85: 3530 | BH85: 835 | BI85: =BH85*0.75 -> 626.25 | BJ85: 40 | BK85: 319000 | BL85: 8 | BM85: 15 | BN85: 500 | BO85: 6.4 | BP85: 1430 | BQ85: 19
D86: 03.武神 | F86: 攻击任何陆空 | H86: 等级 | I86: 生命值 | J86: 每秒伤害 | K86: 升级成本 | L86: 升级时间 | P86: 优先攻击防御 | R86: 等级 | S86: 生命值 | T86: 每秒伤害 | U86: 升级成本 | V86: 升级时间 | Z86: 攻击任何陆军 | AB86: 等级 | AC86: 生命值 | AD86: 每秒伤害 | AE86: 每次伤害 | AF86: 升级成本 | AG86: 升级时间 | AQ86: 80 | AR86: 11250 | AS86: 595 | AT86: =AS86*1.2 -> 714 | AU86: 42 | AV86: 320000 | AW86: 8 | AX86: 16 | AY86: 4700 | AZ86: 33 | BA86: 990 | BB86: =AX86*2+4 -> 36 | BF86: 80 | BG86: 3565 | BH86: 840 | BI86: =BH86*0.75 -> 630 | BJ86: 42 | BK86: 325000 | BL86: 8 | BM86: 16 | BN86: 525 | BO86: 6.6 | BP86: 1480 | BQ86: 20
D87: 04.戈仑石人 | F87: 射程：2.75格 | H87: 1 | I87: 55 | J87: 38 | P87: 射程：0.6格 | R87: 1 | S87: 270 | T87: 60 | Z87: 射程：0.5格 | AB87: 1 | AC87: 750 | AD87: 94 | AE87: =AD87*1.8 -> 169.2 | AQ87: 81 | AR87: 11400 | AS87: 603 | AT87: =AS87*1.2 -> 723.6 | AU87: 42 | AV87: 330000 | AW87: 8 | AX87: 16 | AY87: 4700 | AZ87: 33 | BA87: 990 | BB87: =AX87*2+4 -> 36 | BF87: 81 | BG87: 3600 | BH87: 844 | BI87: =BH87*0.75 -> 633 | BJ87: 42 | BK87: 334000 | BL87: 8 | BM87: 16 | BN87: 525 | BO87: 6.6 | BP87: 1480 | BQ87: 20
D88: 05.女巫 | F88: 攻速：1秒/次 | H88: 2 | I88: 60 | J88: 41 | K88: 3000 | L88: 0.33333333 | P88: 攻速：1秒/次 | R88: 2 | S88: 312 | T88: 70 | U88: 5000 | V88: 0.41666667 | Z88: 攻速：1.8秒/次 | AB88: 2 | AC88: 850 | AD88: 116 | AE88: =AD88*1.8 -> 208.8 | AF88: 8000 | AG88: 1 | AQ88: 82 | AR88: 11550 | AS88: 611 | AT88: =AS88*1.2 -> 733.2 | AU88: 42 | AV88: 335000 | AW88: 8 | AX88: 16 | AY88: 4700 | AZ88: 33 | BA88: 990 | BB88: =AX88*2+4 -> 36 | BF88: 82 | BG88: 3630 | BH88: 848 | BI88: =BH88*0.75 -> 636 | BJ88: 42 | BK88: 338000 | BL88: 8 | BM88: 16 | BN88: 525 | BO88: 6.6 | BP88: 1480 | BQ88: 20
D89: 06.熔岩猎犬 | F89: 移速：4.0格/秒 | H89: 3 | I89: 66 | J89: 44 | K89: 7000 | L89: 0.66666667 | P89: 移速：3.0格/秒 | R89: 3 | S89: 370 | T89: 80 | U89: 9000 | V89: 0.83333333 | Z89: 移速：3.0格/秒 | AB89: 3 | AC89: 950 | AD89: 119 | AE89: =AD89*1.8 -> 214.2 | AF89: 12000 | AG89: 2 | AQ89: 83 | AR89: 11700 | AS89: 619 | AT89: =AS89*1.2 -> 742.8 | AU89: 42 | AV89: 340000 | AW89: 8 | AX89: 16 | AY89: 4700 | AZ89: 33 | BA89: 990 | BB89: =AX89*2+4 -> 36 | BF89: 83 | BG89: 3660 | BH89: 852 | BI89: =BH89*0.75 -> 639 | BJ89: 42 | BK89: 342000 | BL89: 8 | BM89: 16 | BN89: 525 | BO89: 6.6 | BP89: 1480 | BQ89: 20
D90: 07.巨石投手 | F90: 单体攻击 | H90: 4 | I90: 72 | J90: 47 | K90: 15000 | L90: 1 | P90: 单体攻击 | R90: 4 | S90: 430 | T90: 92 | U90: 16000 | V90: 1.25 | Z90: 溅射半径：1格 | AB90: 4 | AC90: 1050 | AD90: 133 | AE90: =AD90*1.8 -> 239.4 | AF90: 25000 | AG90: 3 | AQ90: 84 | AR90: 11850 | AS90: 627 | AT90: =AS90*1.2 -> 752.4 | AU90: 42 | AV90: 345000 | AW90: 8 | AX90: 16 | AY90: 4700 | AZ90: 33 | BA90: 990 | BB90: =AX90*2+4 -> 36 | BF90: 84 | BG90: 3690 | BH90: 856 | BI90: =BH90*0.75 -> 642 | BJ90: 42 | BK90: 346000 | BL90: 8 | BM90: 16 | BN90: 525 | BO90: 6.6 | BP90: 1480 | BQ90: 20
D91: 08.戈仑冰人 | H91: 5 | I91: 78 | J91: 50 | K91: 25000 | L91: 2 | P91: 可以跳墙 | R91: 5 | S91: 500 | T91: 105 | U91: 30000 | V91: 2 | Z91: 出手时间：0.6秒 | AB91: 5 | AC91: 1300 | AD91: 148 | AE91: =AD91*1.8 -> 266.4 | AF91: 38000 | AG91: 4.25 | AQ91: 85 | AR91: 12000 | AS91: 635 | AT91: =AS91*1.2 -> 762 | AU91: 44 | AV91: 350000 | AW91: 8 | AX91: 17 | AY91: 5000 | AZ91: 34 | BA91: 1050 | BB91: =AX91*2+4 -> 38 | BF91: 85 | BG91: 3720 | BH91: 860 | BI91: =BH91*0.75 -> 645 | BJ91: 44 | BK91: 350000 | BL91: 8 | BM91: 17 | BN91: 550 | BO91: 6.8 | BP91: 1520 | BQ91: 21
D92: 09.英雄猎手 | H92: 6 | I92: 84 | J92: 54 | K92: 35000 | L92: 3.5 | R92: 6 | S92: 590 | T92: 118 | U92: 43000 | V92: 3.5 | AB92: 6 | AC92: 1500 | AD92: 163 | AE92: =AD92*1.8 -> 293.4 | AF92: 63000 | AG92: 5.25
F93: 占用空间：2 | H93: 7 | I93: 90 | J93: 58 | K93: 63000 | L93: 5 | P93: 占用空间：5 | R93: 7 | S93: 700 | T93: 135 | U93: 70000 | V93: 5.25 | Z93: 占用空间：8 | AB93: 7 | AC93: 1650 | AD93: 178 | AE93: =AD93*1.8 -> 320.4 | AF93: 123000 | AG93: 7.75
D94: >>圣水军队 | F94: 训练时间：18秒 | H94: 8 | I94: 96 | J94: 62 | K94: 105000 | L94: 9.75 | P94: 训练时间：45秒 | R94: 8 | S94: 810 | T94: 148 | U94: 105000 | V94: 8 | Z94: 训练时间：1分30秒 | AB94: 8 | AC94: 1800 | AD94: 193 | AE94: =AD94*1.8 -> 347.4 | AF94: 195000 | AG94: 12
D95: >>无畏英雄 | F95: 权重：150/100 | H95: 9 | I95: 102 | J95: 66 | K95: 188000 | L95: 11.5 | P95: 权重：600/500 | R95: 9 | S95: 890 | T95: 161 | U95: 168000 | V95: 9.75 | Z95: 权重：600/500 | AB95: 9 | AC95: 2000 | AD95: 208 | AE95: =AD95*1.8 -> 374.4 | AF95: 295000 | AG95: 16.25
D96: >>战争宠物 | H96: 10 | I96: 108 | J96: 70 | K96: 285000 | L96: 15.5 | R96: 10 | S96: 970 | T96: 174 | U96: 210000 | V96: 12
D97: ○主界面 | H97: 11 | I97: 114 | J97: 74 | K97: 310000 | L97: 16.5 | R97: 11 | S97: 1080 | T97: 187 | U97: 305000 | V97: 16.25
F98: 戈仑石人 Golem | P98: 女巫 Warlock | R98: 黑魔法 | Z98: 熔岩猎犬 AirDefenceSeeker | AB98: 大熔岩块 | AO98: 大守护者 Grand Warden | AQ98: 审判光束 | AX98: 生命光环 | BA98: 永恒书卷 | BD98: 飞盾战神 Warrior Princess | BF98: 亚马孙矛 | BG98: 牛盾
F99: 优先攻击防御 | H99: 等级 | I99: 生命值 | J99: 每秒伤害 | K99: 每次伤害 | L99: 自爆伤害 | M99: 升级成本 | N99: 升级时间 | P99: 攻击任何陆空 | R99: 等级 | S99: 生命值 | T99: 每秒伤害 | U99: 每次伤害 | V99: 召唤上限 | W99: 升级成本 | X99: 升级时间 | Z99: 优先攻击火箭 | AB99: 等级 | AC99: 生命值 | AD99: 每秒伤害 | AE99: 每次伤害 | AF99: 升级成本 | AG99: 升级时间 | AH99: 分裂数量 | AI99: 自爆伤害 | AO99: 攻击任何陆空 | AQ99: 等级 | AR99: 生命值 | AS99: 每秒伤害 | AT99: 每次伤害 | AU99: 恢复时间 | AV99: 升级成本 | AW99: 升级时间 | AX99: 提升生命 | AY99: 提升上限 | AZ99: 技能等级 | BA99: 无敌时长 | BD99: 攻击任何陆空 | BF99: 等级 | BG99: 生命值 | BH99: 每秒伤害 | BI99: 每次伤害 | BJ99: 恢复时间 | BK99: 升级成本 | BL99: 升级时间 | BM99: 技能等级 | BN99: 生命恢复 | BO99: 飞盘伤害 | BP99: 弹射数量
F100: 射程：1格 | H100: 1 | I100: 5100 | J100: 35 | K100: =J100*2.4 -> 84 | L100: 350 | P100: 射程：4格 | R100: 1 | S100: 300 | T100: 100 | U100: =T100*0.7 -> 70 | V100: 6 | Z100: 射程：0.75格 | AB100: 1 | AC100: 6100 | AD100: 10 | AE100: =AD100*2 -> 20 | AH100: 8 | AI100: 100 | AO100: 射程：7格/6.6格 | AQ100: 1 | AR100: 1000 | AS100: 50 | AT100: =AS100*1.8 -> 90 | AU100: 20 | AV100: 1000000 | AX100: 0.2 | AY100: 70 | BD100: 射程：3格 | BF100: 1 | BG100: 2950 | BH100: 374 | BI100: =BH100*1.2 -> 448.8 | BJ100: 30 | BK100: 60000
...

Sheet 2.2家乡支援军
A1: 2.2 家乡支援军 | D1: 圣水法术 | AB1: 攻城载具 | AD1: 所有载具均免疫除大守护者以外的正面效果，但可以被敌对负面效果作用（如13本冰冻、英雄猎手、戈仑冰人）
AD2: 所有攻城载具的训练时间都是20分钟。它装载援兵，当载具完成任务，被摧毁或者手动摧毁都会释放援兵！（备注：载具计入天鹰的触发人口1个单位，援兵不会被计入）
A3: 锦上添花，亦或者雪中送炭。配合主力军行动，唇齿相依。 | D3: 索引： | AB3: 索引：
D4: 01.雷电法术 | AB4: 01.攻城战车 | AD4: 攻城战车 Siege Machine Ram | AN4: 攻城飞艇 Siege Machine Flyer | AP4: 飞艇炸弹
A5: 大本等级 | B5: 图例样式 | C5: 简介 | D5: 02.疗伤法术 | F5: 雷电法术 LighningStorm | P5: 疗伤法术 HealingWave | AB5: 02.攻城飞艇 | AD5: 射程：2.5格 | AF5: 等级 | AG5: 生命值 | AH5: 每秒伤害 | AI5: 每次伤害 | AJ5: 对墙伤害 | AK5: 升级成本 | AL5: 升级时间 | AN5: 射程：2格 | AP5: 等级 | AQ5: 生命值 | AR5: 每次伤害 | AS5: 升级成本 | AT5: 升级时间 | AU5: 坠落伤害
A6: 1~6本 | B6: 6 | C6: 新手诞生 | D6: 03.狂暴法术 | F6: 电击溅射：2格 | H6: 等级 | I6: 总伤害 | J6: 升级成本 | K6: 升级时间 | P6: 治疗半径：5格 | R6: 等级 | S6: 总治疗 | T6: 英雄治疗 | U6: 每次治疗 | V6: 升级成本 | W6: 升级时间 | AB6: 03.攻城气球 | AD6: 攻速：1.3秒/次 | AF6: 1 | AG6: 5500 | AH6: 250 | AI6: 325 | AJ6: =AI6*10 -> 3250 | AN6: 攻速：1.5秒/次 | AP6: 1 | AQ6: 3000 | AR6: 150 | AU6: 1000
A7: 07本 | B7: 7 | C7: 游戏开始 | D7: 04.弹跳法术 | F7: 攻击次数：1次 | H7: 1 | I7: 150 | P7: 持续时长：12秒 | R7: 1 | S7: 600 | T7: =S7*0.55 -> 330 | U7: 15 | AB7: 04.攻城训练营 | AD7: 移速：1.5格/秒 | AF7: 2 | AG7: 6000 | AH7: 300 | AI7: 390 | AJ7: =AI7*10 -> 3900 | AK7: 4200000 | AL7: 5.5 | AN7: 移速：2.25格/秒 | AP7: 2 | AQ7: 3500 | AR7: 210 | AS7: 4200000 | AT7: 5.5 | AU7: 1200
A8: 08本 | B8: 8 | C8: 游戏渐进 | D8: 05.冰冻法术 | F8: 击晕时长：0.1秒 | H8: 2 | I8: 180 | J8: 50000 | K8: 0.16666667 | P8: 治疗次数：40次 | R8: 2 | S8: 800 | T8: =S8*0.55 -> 440 | U8: 20 | V8: 75000 | W8: 0.20833333 | AB8: 05.滚木战车 | AD8: 克城墙*10 | AF8: 3 | AG8: 6500 | AH8: 350 | AI8: 455 | AJ8: =AI8*10 -> 4550 | AK8: 5600000 | AL8: 7 | AN8: 溅射半径：2格 | AP8: 3 | AQ8: 4000 | AR8: 270 | AS8: 5600000 | AT8: 7 | AU8: 1400
A9: 09本 | B9: 9 | C9: 渐入高潮 | D9: 06.镜像法术 | H9: 3 | I9: 210 | J9: 100000 | K9: 0.33333333 | P9: 治疗间隔：0.3秒 | R9: 3 | S9: 1000 | T9: =S9*0.55 -> 550 | U9: 25 | V9: 150000 | W9: 0.41666667 | AB9: 06.投石战车 | AD9: 溅射半径：1.5格 | AF9: 4 | AG9: 7000 | AH9: 400 | AI9: =AH9*1.3 -> 520 | AJ9: =AI9*10 -> 5200 | AK9: 10500000 | AL9: 12 | AN9: 权重：0/100 | AP9: 4 | AQ9: 4500 | AR9: 330 | AS9: 10500000 | AT9: 12 | AU9: 1400
A10: 10本 | B10: 10 | C10: 炽热之心 | D10: 07.隐形法术 | F10: 放置时长：0.8秒 | H10: 4 | I10: 240 | J10: 200000 | K10: 0.5 | P10: 放置时长：0.8秒 | R10: 4 | S10: 1200 | T10: =S10*0.55 -> 660 | U10: 30 | V10: 300000 | W10: 0.83333333 | AB10: 07.攻城钻机 | AD10: 权重：100/100 | AF10: 直线冲大本营 | AP10: 攻城飞艇直线冲大本营，且被摧毁后自爆半径3格，延迟0.7秒
A11: 11本 | B11: 11 | C11: 重锤出击 | D11: 08.召回法术 | F11: 生效延迟：0.1秒 | H11: 5 | I11: 270 | J11: 600000 | K11: 1 | P11: 生效延迟：0.3秒 | R11: 5 | S11: 1400 | T11: =S11*0.55 -> 770 | U11: 35 | V11: 900000 | W11: 1.5 | AP11: 注意：这里采用的是每次伤害！
A12: 12本 | B12: 12 | C12: 绝地反击 | H12: 6 | I12: 320 | J12: 1500000 | K12: 4 | R12: 6 | S12: 1600 | T12: =S12*0.55 -> 880 | U12: 40 | V12: 1800000 | W12: 4 | AB12: >>圣水法术
A13: 13本 | B13: 13 | C13: 冰火合奏 | D13: >>黑油法术 | F13: 占用空间：1 | H13: 7 | I13: 400 | J13: 2500000 | K13: 6 | P13: 占用空间：2 | R13: 7 | S13: 1800 | T13: =S13*0.55 -> 990 | U13: 45 | V13: 3000000 | W13: 6 | AB13: >>黑油法术 | AD13: 攻城气球 Siege Bowler Balloon | AF13: 巨型石头 | AN13: 攻城训练营 Siege Machine Carrier
A14: 14本 | B14: 14 | C14: 远古结晶 | D14: >>攻城载具 | F14: 配置时间：3分钟 | H14: 8 | I14: 480 | J14: 4200000 | K14: 7.25 | P14: 配置时间：3分钟 | R14: 8 | S14: 2000 | T14: =S14*0.55 -> 1100 | U14: 50 | V14: 10500000 | W14: 12 | AB14: >>超级兵种 | AD14: 射程：0.5格 | AF14: 等级 | AG14: 生命值 | AH14: 每秒伤害 | AI14: 每次伤害 | AJ14: 二次伤害 | AK14: 升级成本 | AL14: 升级时间 | AN14: 持续时间：30秒 | AP14: 等级 | AQ14: 生命值 | AR14: 皮卡数量 | AS14: 法师数量 | AT14: 升级成本 | AU14: 升级时间
A15: 15本 | B15: 15 | C15: 魔法挑战 | D15: >>超级兵种 | H15: 9 | I15: 560 | J15: 7000000 | K15: 9 | R15: 9 | S15: 2200 | T15: =S15*0.55 -> 1210 | U15: 55 | V15: 17000000 | W15: 16 | AB15: ○主界面 | AD15: 攻速：2.5秒/次 | AF15: 1 | AG15: 5600 | AH15: 400 | AI15: =AH15*2.5 -> 1000 | AJ15: 200 | AN15: 移动速度：0 | AP15: 1 | AQ15: 3300 | AR15: 1 | AS15: 6
H16: 10 | I16: 600 | J16: 16000000 | K16: 16 | R16: 治疗效果：军队 100% 英雄 55% 载具 1% | AD16: 移速：2.0格/秒 | AF16: 2 | AG16: 5900 | AH16: 500 | AI16: =AH16*2.5 -> 1250 | AJ16: 300 | AK16: 4200000 | AL16: 5.5 | AN16: 降落时间：1.3秒 | AP16: 2 | AQ16: 3700 | AR16: 1 | AS16: 8 | AT16: 5600000 | AU16: 7
H17: 警告：雷电法术无法对大本营、部落城堡、仓库产生伤害 | AD17: 溅射半径：1格 | AF17: 3 | AG17: 6200 | AH17: 600 | AI17: =AH17*2.5 -> 1500 | AJ17: 400 | AK17: 5600000 | AL17: 7 | AN17: 权重：0/100 | AP17: 3 | AQ17: 4100 | AR17: 1 | AS17: 10 | AT17: 7700000 | AU17: 9.75
D18: ○主界面 | AD18: 二次溅射：4格 | AF18: 4 | AG18: 6500 | AH18: 700 | AI18: =AH18*2.5 -> 1750 | AJ18: 500 | AK18: 10500000 | AL18: 12 | AP18: 4 | AQ18: 4500 | AR18: 1 | AS18: 11 | AT18: 10500000 | AU18: 12
F19: 狂暴法术 Haste | P19: 弹跳法术 Jump | AD19: 出手时间：2.25秒 | AP19: 备注1：在持续时间内，训练营每秒会损耗自身上限1/30的生命值
F20: 狂暴半径：5格 | H20: 等级 | I20: 秒伤增加 | J20: 移速增加 | K20: 升级成本 | L20: 升级时间 | P20: 弹跳半径：3.5格 | R20: 等级 | S20: 持续时长 | T20: 增益次数 | U20: 升级成本 | V20: 升级时间 | AD20: 权重：100/100 | AF20: 气球坠落后会有500的伤害，半径3格，延迟0.416秒 | AP20: 备注2：攻城训练营出来的军队等级取决于你的村庄所对应的等级
F21: 持续时长：18秒 | H21: 1 | I21: 1.3 | J21: 20 | P21: 增益间隔：0.3秒 | R21: 1 | S21: 20 | T21: 66 | AF21: 备注：攻城气球目标防御，克城墙*25，伤害机制极其复杂，可以在研究笔记里查看详细机制
F22: 增益次数：60次 | H22: 2 | I22: 1.4 | J22: 22 | K22: 400000 | L22: 0.5 | P22: 增益效果：0.4秒 | R22: 2 | S22: 40 | T22: 133 | U22: 2000000 | V22: 4
F23: 增益间隔：0.3秒 | H23: 3 | I23: 1.5 | J23: 24 | K23: 800000 | L23: 1 | R23: 3 | S23: 60 | T23: 199 | U23: 3400000 | V23: 6
F24: 放置时长：0.8秒 | H24: 4 | I24: 1.6 | J24: 26 | K24: 1600000 | L24: 2 | P24: 放置时长：0.8秒 | R24: 4 | S24: 80 | T24: 266 | U24: 9000000 | V24: 11.25 | AD24: 滚木战车 Siege Log Launcher | AF24: 复仇滚木 | AN24: 投石战车 Siege Catapult | AP24: 火焰精灵
F25: 生效延迟：0.3秒 | H25: 5 | I25: 1.7 | J25: 28 | K25: 2400000 | L25: 4 | P25: 生效延迟：0.3秒 | R25: 5 | S25: 100 | T25: 333 | U25: 16500000 | V25: 16.5 | AD25: 射程：1.0格 | AF25: 等级 | AG25: 生命值 | AH25: 每秒伤害 | AI25: 每次伤害 | AJ25: 碾压伤害 | AK25: 升级成本 | AL25: 升级时间 | AN25: 射程：11格 | AP25: 等级 | AQ25: 生命值 | AR25: 最大存活秒数 | AS25: 每秒伤害 | AT25: 每次伤害 | AU25: 最高火伤 | AV25: 升级成本 | AW25: 升级时间
F26: 增益效果：1秒 | H26: 6 | I26: 1.8 | J26: 30 | K26: 7700000 | L26: 8 | AD26: 攻速：3.0秒/次 | AF26: 1 | AG26: 4000 | AH26: 140 | AI26: =AH26*3 -> 420 | AJ26: 2900 | AN26: 攻速：5.0秒/次 | AP26: 1 | AQ26: 1700 | AR26: =INT(AQ26/16) -> 106 | AS26: 135 | AT26: =AS26*5 -> 675 | AU26: 80
F27: 占用空间：2 | H27: 狂暴效果：军队 100% 英雄 50% 载具 0% | P27: 占用空间：2 | AD27: 移速：0.7格/秒 | AF27: 2 | AG27: 4400 | AH27: 160 | AI27: =AH27*3 -> 480 | AJ27: 3000 | AK27: 6000000 | AL27: 7.5 | AN27: 移速：0.75格/秒 | AP27: 2 | AQ27: 1800 | AR27: =INT(AQ27/16) -> 112 | AS27: 150 | AT27: =AS27*5 -> 750 | AU27: 90 | AV27: 7600000 | AW27: 9.5
F28: 配置时间：6分钟 | H28: 警告：多瓶狂暴效果叠加取加成最高 | P28: 配置时间：6分钟 | R28: 备注：弹跳效果是让部队有跳墙的能力，而不是暂时抹去城墙。 | AD28: 克城墙*10 | AF28: 3 | AG28: 4800 | AH28: 180 | AI28: =AH28*3 -> 540 | AJ28: 3100 | AK28: 8200000 | AL28: 10.5 | AN28: 克城墙*8 | AP28: 3 | AQ28: 1900 | AR28: =INT(AQ28/16) -> 118 | AS28: 165 | AT28: =AS28*5 -> 825 | AU28: 105 | AV28: 10500000 | AW28: 13.5
AD29: 溅射半径：1.2格 | AF29: 4 | AG29: 5200 | AH29: 200 | AI29: =AH29*3 -> 600 | AJ29: 3200 | AK29: 10500000 | AL29: 12 | AN29: 溅射半径：2.5格 | AP29: 4 | AQ29: 2000 | AR29: =INT(AQ29/16) -> 125 | AS29: 180 | AT29: =AS29*5 -> 900 | AU29: 120 | AV29: 13300000 | AW29: 15
AD30: 飞行极限：19格 | AF30: 直线冲大本营，移动中攻击，滚木机制类似于巨型大炮，滚木最多攻击4个建筑 | AN30: 熔岩时间：30秒 | AP30: 攻击防御，每秒掉16生命值
AD31: 权重：0/100 | AF31: 每隔1秒掉150生命值 | AN31: 权重：100/100 | AP31: 击中目标后延迟0.8秒释放持续30秒半径2.5格的火焰灼烧
F32: 冰冻法术 Freeze | P32: 镜像法术 Duplicate | AF32: 如果滚木战车被阻挡，会打出一次性的高额“碾压伤害”，范围1格？
F33: 冰冻半径：3.5格 | H33: 等级 | I33: 冰冻时长 | J33: 升级成本 | K33: 升级时间 | P33: 法术半径：3.5格 | R33: 等级 | S33: 复制人口 | T33: 升级成本 | U33: 升级时间
F34: 作用次数：1次 | H34: 1 | I34: 2.5 | P34: 复制间隔：0.3秒 | R34: 1 | S34: 22 | AD34: 攻城钻机 Battle Drill
H35: 2 | I35: 3 | J35: 1200000 | K35: 1.5 | P35: 法术持续：18秒 | R35: 2 | S35: 24 | T35: 2100000 | U35: 1.75 | AD35: 射程：1.0格 | AF35: 等级 | AG35: 生命值 | AH35: 每秒伤害 | AI35: 每次伤害 | AJ35: 升级成本 | AK35: 升级时间
F36: 放置时长：0.8秒 | H36: 3 | I36: 3.5 | J36: 1700000 | K36: 2.5833333 | P36: 镜像持续：30秒 | R36: 3 | S36: 26 | T36: 3400000 | U36: 3.5 | AD36: 攻速：1.7秒/次 | AF36: 1 | AG36: 4600 | AH36: 430 | AI36: =AH36*1.7 -> 731
F37: 生效延迟：0.3秒 | H37: 4 | I37: 4 | J37: 3000000 | K37: 4.25 | P37: 放置时长：0.8秒 | R37: 4 | S37: 28 | T37: 4200000 | U37: 4 | AD37: 移速：3格/秒 | AF37: 2 | AG37: 4900 | AH37: 470 | AI37: =AH37*1.7 -> 799 | AJ37: 8000000 | AK37: 10
H38: 5 | I38: 4.5 | J38: 4200000 | K38: 6 | P38: 生效延迟：0.3秒 | R38: 5 | S38: 30 | T38: 5600000 | U38: 7 | AD38: 地面目标 | AF38: 3 | AG38: 5200 | AH38: 510 | AI38: =AH38*1.7 -> 867 | AJ38: 11100000 | AK38: 14
F39: 占用空间：1 | H39: 6 | I39: 5 | J39: 6000000 | K39: 7.75 | R39: 6 | S39: 34 | T39: 9000000 | U39: 11.25 | AD39: 眩晕时间：2秒 | AF39: 4 | AG39: 5500 | AH39: 550 | AI39: =AH39*1.7 -> 935 | AJ39: 14000000 | AK39: 16
F40: 配置时间：3分钟 | H40: 7 | I40: 5.5 | J40: 7700000 | K40: 8.25 | P40: 占用空间：3 | R40: 7 | S40: 38 | T40: 15500000 | U40: 15.75 | AD40: 权重：100/100
H41: 备注：必须冻住中心点才能完全瘫痪建筑或敌军。 | P41: 配置时间：9分钟
F44: 隐形法术 Invisibility | P44: 召回法术 Recall Spell | AB44: 超级兵种
F45: 隐身半径：4格 | H45: 等级 | I45: 持续时间 | J45: 增益次数 | K45: 升级成本 | L45: 升级时间 | P45: 法术半径：5格 | R45: 等级 | S45: 召回人口 | T45: 升级成本 | U45: 升级时间 | AD45: 通过黑油临时强化的可怕单位，所有超级兵种强化需要25000黑油，持续3天，且一次可以选择2个
F46: 增益间隔：0.25秒 | H46: 1 | I46: =J46*0.25 -> 3.75 | J46: 15 | R46: 1 | S46: 72 | AB46: 索引：
F47: 隐身效果：0.6秒 | H47: 2 | I47: =J47*0.25 -> 4 | J47: 16 | K47: 5600000 | L47: 5.5 | P47: 放置时长：0.8秒 | R47: 2 | S47: 78 | T47: 7500000 | U47: 11.5 | AB47: 01.超级野蛮人 | AD47: 超级野蛮人 EliteBarbarian | AN47: 隐秘哥布林 EliteGoblin | AP47: 隐形披风：在部署后的5秒隐身，不会被锁定为攻击目标 | AX47: 超级炸弹人 EliteWallBreaker | AZ47: 超级炸弹：一定会引爆的大炸弹
F48: 放置时长：0.8秒 | H48: 3 | I48: =J48*0.25 -> 4.25 | J48: 17 | K48: 8400000 | L48: 8 | P48: 生效延迟：0.3秒 | R48: 3 | S48: 84 | T48: 14000000 | U48: 15.5 | AB48: 02.隐秘哥布林 | AD48: 攻击任何陆军 | AF48: 等级 | AG48: 生命值 | AH48: 每秒伤害 | AI48: 每次伤害 | AN48: 优先攻击资源 | AP48: 等级 | AQ48: 生命值 | AR48: 每秒伤害 | AS48: 资源伤害 | AX48: 优先攻击城墙 | AZ48: 等级 | BA48: 生命值 | BB48: 伤害 | BC48: 死亡自爆 | BD48: 城墙伤害
F49: 生效延迟：0.3秒 | H49: 4 | I49: =J49*0.25 -> 4.5 | J49: 18 | K49: 11300000 | L49: 11.75 | R49: 4 | S49: 90 | T49: 17500000 | U49: 17.5 | AB49: 03.超级炸弹人 | AD49: 射程：0.6格 | AF49: 8 | AG49: 1000 | AH49: 180 | AI49: =AH49*0.8 -> 144 | AN49: 射程：0.4格 | AP49: 7 | AQ49: 270 | AR49: 155 | AS49: =AR49*2 -> 310 | AX49: 射程：0.6格 | AZ49: 7 | BA49: 350 | BB49: 78 | BC49: 175 | BD49: =BB49*40&"+"&BC49*40 -> 3120+7000
P50: 占用空间：2 | AB50: 04.超级巨人 | AD50: 攻速：0.8秒/次 | AF50: 9 | AG50: 1100 | AH50: 200 | AI50: =AH50*0.8 -> 160 | AN50: 攻速：1.0秒/次 | AP50: 8 | AQ50: 320 | AR50: 170 | AS50: =AR50*2 -> 340 | AZ50: 8 | BA50: 400 | BB50: 100 | BC50: 225 | BD50: =BB50*40&"+"&BC50*40 -> 4000+9000
F51: 占用空间：1 | P51: 配置时间：6分钟 | AB51: 05.地狱飞龙 | AD51: 移速：2.5格/秒 | AF51: 10 | AG51: 1200 | AH51: 220 | AI51: =AH51*0.8 -> 176 | AN51: 移速：4.0格/秒 | AX51: 移速：3.5格/秒 | AZ51: 9 | BA51: 450 | BB51: 120 | BC51: 275 | BD51: =BB51*40&"+"&BC51*40 -> 4800+11000
F52: 配置时间：3分钟 | H52: 备注：隐身法术可作用于自己和敌人，但无法隐身城墙和攻城载具 | AB52: 06.超级女巫 | AD52: 出手时间：0.7秒 | AF52: 11 | AG52: 1300 | AH52: 240 | AI52: =AH52*0.8 -> 192 | AN52: 克资源(伤害*2) | AX52: 克城墙*40 | AZ52: 10 | BA52: 475 | BB52: 130 | BC52: 313 | BD52: =BB52*40&"+"&BC52*40 -> 5200+12520
AB53: 07.超级弓箭手 | AD53: 狂暴移速:4.5格/秒 | AN53: 单体攻击 | AX53: 溅射半径：0.8格 | AZ53: 11 | BA53: 500 | BB53: 140 | BC53: 338 | BD53: =BB53*40&"+"&BC53*40 -> 5600+13520
D54: 暗黑法术 | AB54: 08.超级武神 | AD54: 狂暴秒伤:170% | AX54: 死亡半径：1.6格
AB55: 09.超级亡灵 | AD55: 占用空间：5 | AN55: 占用空间：3 | AX55: 占用空间：8
D56: 索引： | AB56: 10.超级法师 | AD56: 训练时间：25秒 | AN56: 训练时间：21秒 | AX56: 训练时间：1分钟
D57: 01.毒药法术 | AB57: 11.寒冰猎犬 | AD57: 野蛮人等级要求：8 | AF57: 野蛮狂暴：在部署后的8秒狂暴，获得额外的移动速度和伤害 | AN57: 哥布林等级要求：7 | AP57: 备注：隐身状态下可以防止援兵被引出，但仍能触发陷阱。 | AX57: 炸弹人等级要求：7 | AZ57: 警告：死亡伤害无法通过狂暴提升
D58: 02.地震法术 | F58: 毒药法术 Poison | P58: 地震法术 Earthquake | AB58: 12.气球火箭兵 | AD58: 权重：500/400 | AN58: 权重：300/200 | AX58: 权重：50/50
D59: 03.急速法术 | F59: 毒药半径：4格 | H59: 等级 | I59: 移速减慢 | J59: 攻速削弱 | K59: 最大秒伤 | L59: 升级成本 | M59: 升级时间 | P59: 地震半径：可变 | R59: 等级 | S59: 总计伤害 | T59: 作用半径 | U59: 升级成本 | V59: 升级时间 | AB59: 13.超级巨石投手
D60: 04.骷髅法术 | F60: 持续时长：16秒 | H60: 1 | I60: 0.26 | J60: 0.35 | K60: 90 | P60: 持续时长：2秒 | R60: 1 | S60: 0.145 | T60: 3.5 | AB60: 14.超级飞龙
D61: 05.蝙蝠法术 | F61: 作用次数：40次 | H61: 2 | I61: 0.3 | J61: 0.4 | K61: 115 | L61: 12000 | M61: 0.33333333 | P61: 地震次数：5次 | R61: 2 | S61: 0.17 | T61: 3.8 | U61: 15000 | V61: 0.75 | AB61: 15.超级矿工 | AD61: 超级巨人 EliteGiant | AF61: 城墙克星：对城墙造成500%伤害 | AN61: 地狱飞龙 InfernoDragon | AX61: 超级女巫 Head Witch | AZ61: 黑魔法
F62: 作用间隔：0.4秒 | H62: 3 | I62: 0.34 | J62: 0.45 | K62: 145 | L62: 25000 | M62: 1 | P62: 地震间隔：0.4秒 | R62: 3 | S62: 0.21 | T62: 4.1 | U62: 30000 | V62: 1.5 | AD62: 优先攻击防御 | AF62: 等级 | AG62: 生命值 | AH62: 每秒伤害 | AI62: 每次伤害 | AJ62: 城墙伤害 | AN62: 攻击任何陆空 | AP62: 等级 | AQ62: 生命值 | AR62: 一阶秒伤 | AS62: 二阶秒伤 | AT62: 三阶秒伤 | AX62: 攻击任何陆空 | AZ62: 等级 | BA62: 生命值 | BB62: 每秒伤害 | BC62: 每次伤害 | BD62: 召唤上限？
D63: >>圣水法术 | F63: 放置时长：0.8秒 | H63: 4 | I63: 0.38 | J63: 0.5 | K63: 180 | L63: 43000 | M63: 2.5833333 | P63: 放置时长：0.8秒 | R63: 4 | S63: 0.25 | T63: 4.4 | U63: 51000 | V63: 4.25 | AB63: >>圣水法术 | AD63: 射程：1格 | AF63: 9 | AG63: 4000 | AH63: 130 | AI63: 260 | AJ63: =AI63*5 -> 1300 | AN63: 射程：3.5格 | AP63: 6 | AQ63: 1900 | AR63: 75 | AS63: 150 | AT63: 1500 | AX63: 射程：4格 | AZ63: 5 | BA63: 3200 | BB63: 360 | BC63: =BB63*0.7 -> 252 | BD63: 1
D64: >>攻城载具 | F64: 生效延迟：0.3秒 | H64: 5 | I64: 0.4 | J64: 0.55 | K64: 220 | L64: 70000 | M64: 6.25 | P64: 生效延迟：0.3秒 | R64: 5 | S64: 0.29 | T64: 4.7 | U64: 84000 | V64: 7.75 | AB64: >>黑油法术 | AD64: 攻速：2秒/次 | AF64: 10 | AG64: 4200 | AH64: 140 | AI64: 280 | AJ64: =AI64*5 -> 1400 | AN64: 攻速：0.128秒/次 | AP64: 7 | AQ64: 2050 | AR64: 79 | AS64: 158 | AT64: 1580 | AX64: 攻速：0.7秒/次 | AZ64: 6 | BA64: 3400 | BB64: 390 | BC64: =BB64*0.7 -> 273 | BD64: 1？
D65: >>超级兵种 | H65: 6 | I65: 0.42 | J65: 0.6 | K65: 260 | L65: 123000 | M65: 7.75 | AB65: >>攻城载具 | AD65: 移速：1.5格/秒 | AF65: 11 | AG65: 4400 | AH65: 150 | AI65: 300 | AJ65: =AI65*5 -> 1500 | AN65: 移速：2.5格/秒 | AP65: 8 | AQ65: 2200 | AR65: 83 | AS65: 166 | AT65: 1660 | AX65: 移速：1.5格/秒
D66: ○主界面 | F66: 占用空间：1 | H66: 7 | I66: 0.44 | J66: 0.65 | K66: 280 | L66: 195000 | M66: 11.75 | P66: 占用空间：1 | R66: 备注：第n瓶地震对建筑效果为1/(2n-1)*k，其中k为单瓶伤害 | AB66: ○主界面 | AD66: 单体攻击 | AN66: 一至二阶：1.7秒 | AX66: 溅射半径：0.3
F67: 配置时间：3分钟 | H67: 8 | I67: 0.46 | J67: 0.68 | K67: 300 | L67: 285000 | M67: 16.75 | P67: 配置时间：3分钟 | R67: 保证四瓶地震可以摧毁任何城墙 | AD67: 克城墙*5 | AN67: 二至三阶：1.5秒 | AX67: 召唤间隔：30秒(首个5秒)
H68: 9 | I68: 0.48 | J68: 0.7 | K68: 320 | L68: 320000 | M68: 17.5 | AN68: 充能时间：0.6秒 | AX68: 召唤数量：1个
H69: 备注：毒药法术需要作用12秒才能达到最高秒伤，对英雄为5%。 | AD69: 占用空间：10 | AN69: 占用空间：15 | AX69: 占用空间：40
H70: 援兵会主动离开法术范围，离开后伤害递减，递减速度是递增的2倍。 | P70: 骷髅法术 SpawnSkele | AD70: 训练时间：1分钟 | AN70: 训练时间：2分15秒 | AP70: 地狱飞龙切换3阶的速度比地狱塔快，但无法飞行中充能 | AX70: 训练时间：6分40秒 | AZ70: 召唤巨型骷髅，生命值4100，秒伤350，占用空间20，移速1.5格/秒，攻速2秒/次，射程1格
F71: 急速法术 SpeedUp | P71: 召唤半径：2格 | R71: 等级 | S71: 召唤数量 | T71: 光环时长 | U71: 升级成本 | V71: 升级时间 | AD71: 巨人等级要求：9 | AN71: 飞龙宝宝等级要求：6 | AX71: 女巫等级要求：5 | AZ71: 巨型骷髅权重800/800
F72: 急速半径：4格 | H72: 等级 | I72: 速度提升 | J72: 持续时长 | K72: 升级成本 | L72: 升级时间 | P72: 光环半径：3.5格 | R72: 1 | S72: 12 | T72: 12 | AD72: 权重：900/800 | AN72: 权重：1500/1500 | AX72: 权重：3500/2500
F73: 增益效果：1秒 | H73: 1 | I73: 28 | J73: 10 | P73: 召唤均隔：1秒 | R73: 2 | S73: 13 | T73: 13 | U73: 22000 | V73: 1.3333333
F74: 增益间隔：0.3秒 | H74: 2 | I74: 34 | J74: 15 | K74: 20000 | L74: 1.5 | P74: 对抗仓库：15% | R74: 3 | S74: 14 | T74: 14 | U74: 34000 | V74: 2.5833333
H75: 3 | I75: 40 | J75: 20 | K75: 34000 | L75: 2.5833333 | P75: 放置时长：0.8秒 | R75: 4 | S75: 15 | T75: 15 | U75: 50000 | V75: 4.25 | AD75: 超级弓箭手 EliteArcher | AF75: 魔法重箭 | AN75: 超级武神 EliteValkyrie | AQ75: 临别赠礼 | AX75: 超级亡灵Super Minion | AZ75: 火箭
F76: 放置时长：0.8秒 | H76: 4 | I76: 46 | J76: 25 | K76: 60000 | L76: 5 | P76: 生效延迟：立即 | R76: 5 | S76: 16 | T76: 16 | U76: 87000 | V76: 6 | AD76: 攻击任何陆空 | AF76: 等级 | AG76: 生命值 | AH76: 每秒伤害 | AI76: 每次伤害 | AN76: 攻击任何陆军 | AP76: 等级 | AQ76: 生命值 | AR76: 每秒伤害 | AS76: 每次伤害 | AX76: 攻击任何陆空 | AZ76: 等级 | BA76: 生命值 | BB76: 每秒伤害 | BC76: 技能伤害
F77: 生效延迟：0.3秒 | H77: 5 | I77: 52 | J77: 30 | K77: 77000 | L77: 7.75 | R77: 6 | S77: 17 | T77: 17 | U77: 105000 | V77: 7.25 | AD77: 射程：6.0格 | AF77: 8 | AG77: 450 | AH77: 120 | AI77: =AH77*1.5 -> 180 | AN77: 射程：0.5格 | AP77: 7 | AQ77: 2400 | AR77: 250 | AS77: =AR77*1.1 -> 275 | AX77: 射程：3.5格 | AZ77: 8 | BA77: 1500 | BB77: 300 | BC77: =BB77*1.65 -> 495
P78: 占用空间：1 | R78: 7 | S78: 18 | T78: 18 | U78: 187000 | V78: 11.25 | AD78: 攻速：1.5秒/次 | AF78: 9 | AG78: 510 | AH78: 132 | AI78: =AH78*1.5 -> 198 | AN78: 攻速：1.1秒/次 | AP78: 8 | AQ78: 2700 | AR78: 300 | AS78: =AR78*1.1 -> 330 | AX78: 攻速：1秒/次 | AZ78: 9 | BA78: 1600 | BB78: 325 | BC78: =BB78*1.65 -> 536.25
F79: 占用空间：1 | H79: 急速效果：军队 100% 英雄 50% 载具 0% | P79: 配置时间：3分钟 | R79: 备注1：召唤盾髅（带有30点护盾的骷髅兵） | AD79: 移速：3.0格/秒 | AF79: 10 | AG79: 550 | AH79: 144 | AI79: =AH79*1.5 -> 216 | AN79: 移速：3格/秒 | AP79: 9 | AQ79: 2900 | AR79: 325 | AS79: =AR79*1.1 -> 357.5 | AX79: 移速：2.0格/秒 | AZ79: 10 | BA79: 1700 | BB79: 350 | BC79: =BB79*1.65 -> 577.5
F80: 配置时间：3分钟 | H80: 警告：多瓶急速效果叠加取加成最高的 | R80: 备注2：首先召唤3个骷髅，然后每次召唤1只 | AD80: 穿透半径：0.3格 | AF80: 11 | AG80: 600 | AH80: 156 | AI80: =AH80*1.5 -> 234 | AN80: 溅射半径：1格 | AX80: 单体攻击 | AZ80: 11 | BA80: 1800 | BB80: 360 | BC80: =BB80*1.65 -> 594
R81: 备注3：盾髅可以被复制，每个骷髅占用空间为1 | AD81: 飞行极限：6+4格 | AN81: 出手时间：0.6秒
AF82: 穿透利箭：对路径上的多个目标造成伤害 | AX82: 占用空间：12 | AZ82: 进攻前 5 次、防守前 3 次攻击为远距离攻击
F83: 蝙蝠法术 SpawnBats | P83: 护盾骷髅 ShieldedSkeleton | AD83: 占用空间：12 | AF83: 穿透距离： | AG83: 12格 | AN83: 占用空间：20 | AX83: 训练时间：1分48秒 | AZ83: 前5次攻击的射程9.5格，伤害为原来的165%？
F84: 召唤半径：2格 | H84: 等级 | I84: 召唤数量 | J84: 光环时长 | K84: 升级成本 | L84: 升级时间 | P84: 护盾生命：30 | AD84: 训练时间：1分12秒 | AN84: 训练时间：3分45秒 | AX84: 亡灵等级要求：8
F85: 光环半径：3.5格 | H85: 1 | I85: 7 | J85: 4.2 | P85: 骷髅生命：30 | AD85: 弓箭手等级要求：8 | AN85: 武神等级要求：7 | AX85: 权重：1200/1000
F86: 召唤均隔：0.6秒 | H86: 2 | I86: 9 | J86: 5.4 | K86: 26000 | L86: 1.75 | P86: 每秒伤害：25 | AD86: 权重：1200/600 | AN86: 权重：1800/1500
F87: 对抗仓库：15% | H87: 3 | I87: 11 | J87: 6.6 | K87: 51000 | L87: 3.5 | P87: 地面目标
F88: 放置时长：0.8秒 | H88: 4 | I88: 16 | J88: 9.6 | K88: 700000 | L88: 5.25 | P88: 对抗仓库：15%
F89: 生效延迟：立即 | H89: 5 | I89: 21 | J89: 12.6 | K89: 105000 | L89: 6.25 | P89: 射程：0.4格 | AD89: 超级法师Super Wizard | AF89: 链式魔法 | AN89: 寒冰猎犬Ice Hound | AP89: 大寒冰块 | AX89: 小寒冰犬Ice Hound Pup | AZ89: 小寒冰块
H90: 6 | I90: 22 | J90: 13.2 | K90: 330000 | L90: 18 | P90: 攻速：1秒/次 | AD90: 攻击任何陆空 | AF90: 等级 | AG90: 生命值 | AH90: 每秒伤害 | AI90: 每次伤害 | AN90: 地面，优先攻击火箭 | AP90: 等级 | AQ90: 生命值 | AR90: 每秒伤害 | AS90: 每次伤害 | AT90: 分裂数量 | AU90: 冰冻时长 | AX90: 攻击任何陆空 | AZ90: 等级 | BA90: 生命值 | BB90: 每秒伤害 | BC90: 每次伤害
F91: 占用空间：1 | P91: 移速：3.0格/秒 | AD91: 射程：3.5格 | AF91: 9 | AG91: 450 | AH91: 220 | AI91: =AH91*2 -> 440 | AN91: 射程：0.25格 | AP91: 5 | AQ91: 9500 | AR91: 10 | AS91: =AR91*2 -> 20 | AT91: 10 | AU91: 3.5 | AX91: 射程：2.75格 | AZ91: 1 | BA91: 50 | BB91: 35 | BC91: 35
F92: 配置时间：3分钟 | H92: 备注2：召唤过程中每次召唤1只蝙蝠 | P92: 单体攻击 | AD92: 攻速：2秒/次 | AF92: 10 | AG92: 500 | AH92: 240 | AI92: =AH92*2 -> 480 | AN92: 攻速：2秒/次 | AP92: 6 | AQ92: 10000 | AR92: 15 | AS92: =AR92*2 -> 30 | AT92: 12 | AU92: 4.25 | AX92: 攻速：2秒/次
H93: 备注3：蝙蝠可以被复制，每个蝙蝠占用空间为1 | P93: 占用空间：1 | AD93: 移速：2.5格/秒 | AF93: 11 | AG93: 540 | AH93: 260 | AI93: =AH93*2 -> 520 | AN93: 移速：2.5格/秒 | AX93: 移速：4.0格/秒
P94: 权重：50/100 | AD94: 连锁极限：3格 | AN94: 单体攻击 | AX94: 单体攻击
F95: 蝙蝠 SpellBat | AD95: 连锁衰减：60% | AP95: 备注1：被消灭后在2.5格内生成小寒冰犬
F96: 生命值：20 | AP96: 备注2：被消灭后在6.5格释放类似于冰人的冰冻法术
F97: 每秒伤害：30 | AD97: 占用空间：10 | AF97: 备注1：超级法师发射连锁闪电，最多可以弹射10个目标 | AN97: 占用空间：40 | AP97: 备注3：作为守军时冰冻范围和时长都会被削弱 | AX97: 占用空间：2 | AZ97: 备注：小寒冰犬攻击时在2秒内降低目标50%的移速和攻速
F98: 防御建筑 | AD98: 训练时间：1分15秒 | AF98: 备注2：超级法师的伤害会随着目标快速减少，最多造成2.48倍攻击伤害 | AN98: 训练时间：6分40秒 | AP98: 备注4：寒冰猎犬攻击时在2秒内降低目标50%的移速和攻速 | AX98: 权重：100/100
F99: 对抗仓库：15% | AD99: 法师等级要求：9 | AN99: 熔岩猎犬等级要求：5
F100: 射程：0.3格 | AD100: 权重：1000/1000 | AN100: 权重：950/1800
F101: 攻速：2秒/次
F102: 移速：7.0格/秒
...

Sheet 2.3家乡建筑
A1: 2.3 家乡建筑 | D1: 防御建筑 | AK1: 支援建筑
A3: 建筑物有两大职责：防御来犯之敌，支持村庄建设。 | D3: 索引： | AK3: 索引：
D4: 01.加农炮 | AK4: 01.大本营 | AM4: 大本营 Town Hall
A5: 大本等级 | B5: 图例样式 | C5: 简介 | D5: 02.箭塔 | F5: 加农炮 Cannon | H5: 加农炮弹 | P5: 箭塔 Archer Tower | R5: 箭矢 | AA5: 城墙 Wall | AK5: 02.部落城堡 | AM5: 占地：4*4 | AO5: 等级 | AP5: 生命值 | AQ5: 资源存储 | AR5: 黑油存储 | AS5: 建造成本 | AT5: 建造时间 | AU5: 城堡金/水存储 | AV5: 城堡黑油存储 | AX5: 部落城堡 Alliance Castle | BI5: 实验室 Laboratory | BK5: 备注：升级中的实验室依然可以研究
A6: 1~6本 | B6: 6 | C6: 新手诞生 | D6: 03.城墙 | F6: 抵御陆军 | H6: 等级 | I6: 生命值 | J6: 常规秒伤 | K6: 改装秒伤 | L6: 每次伤害 | M6: 建造成本 | N6: 建造时间 | P6: 抵御陆空 | R6: 等级 | S6: 生命值 | T6: 常规秒伤 | U6: 改装秒伤 | V6: 每次伤害 | W6: 建造成本 | X6: 建造时间 | AA6: 阻挡多数陆军 | AC6: 等级 | AD6: 生命值 | AE6: 壁垒之戒 | AF6: 建造成本 | AK6: 03.实验室 | AM6: 判定：3*3 | AO6: 1 | AP6: 450 | AQ6: 1000 | AU6: 50000 | AX6: 占地：3*3 | AZ6: 等级 | BA6: 生命值 | BB6: 援兵容量 | BC6: 法术容量 | BD6: 载具容量 | BE6: 建造成本 | BF6: 建造时间 | BI6: 占地：3*3 | BK6: 等级 | BL6: 生命值 | BM6: 建造成本 | BN6: 建造时间
A7: 07本 | B7: 7 | C7: 游戏开始 | D7: 04.迫击炮 | F7: 射程：9格 | H7: 1 | I7: 420 | J7: 9 | L7: =J7*0.8 -> 7.2 | M7: 250 | N7: 0.00011574074 | P7: 射程：10格 | R7: 1 | S7: 380 | T7: 11 | V7: 5.5 | W7: 1000 | X7: 0.00069444444 | AA7: 占地：1*1 | AC7: 1 | AD7: 300 | AE7: 1 | AF7: 50 | AK7: 04.训练营 | AM7: 金币建筑 | AO7: 2 | AP7: 1600 | AQ7: 1000 | AS7: 1000 | AT7: 0.00011574074 | AU7: 200000 | AX7: 判定：2*2 | AZ7: 1 | BA7: 1000 | BB7: 10 | BE7: 10000 | BF7: 0 | BI7: 判定：2*2 | BK7: 1 | BL7: 500 | BM7: 5000 | BN7: 0.00069444444
A8: 08本 | B8: 8 | C8: 游戏渐进 | D8: 05.防空火箭 | F8: 攻速：0.8秒/次 | H8: 2 | I8: 470 | J8: 11 | L8: =J8*0.8 -> 8.8 | M8: 1000 | N8: 0.0013888889 | P8: 攻速：0.5秒/次 | R8: 2 | S8: 420 | T8: 15 | V8: 7.5 | W8: 2000 | X8: 0.010416667 | AA8: 判定：1*1 | AC8: 2 | AD8: 500 | AE8: 1 | AF8: 1000 | AK8: 05.暗黑训练营 | AM8: 务必速本！ | AO8: 3 | AP8: 1850 | AQ8: 10000 | AS8: 4000 | AT8: 0.041666667 | AU8: 400000 | AX8: 侦测范围：12 | AZ8: 2 | BA8: 1400 | BB8: 15 | BE8: 100000 | BF8: 0.33333333 | BI8: 升级部队 | BK8: 2 | BL8: 550 | BM8: 25000 | BN8: 0.041666667
A9: 09本 | B9: 9 | C9: 渐入高潮 | D9: 06.法师塔 | F9: 单体伤害 | H9: 3 | I9: 520 | J9: 15 | L9: =J9*0.8 -> 12 | M9: 4000 | N9: 0.0069444444 | P9: 单体伤害 | R9: 3 | S9: 460 | T9: 19 | V9: 9.5 | W9: 5000 | X9: 0.03125 | AC9: 3 | AD9: 700 | AE9: 1 | AF9: 5000 | AK9: 06.兵营 | AO9: 4 | AP9: 2100 | AQ9: 50000 | AS9: 25000 | AT9: 0.125 | AU9: 600000 | AX9: 出兵间隔：0.3秒 | AZ9: 3 | BA9: 2000 | BB9: 20 | BE9: 800000 | BF9: 0.5 | BI9: 圣水建筑 | BK9: 3 | BL9: 600 | BM9: 50000 | BN9: 0.083333333
A10: 10本 | B10: 10 | C10: 炽热之心 | D10: 07.空气炮 | F10: 占地：3*3 | H10: 4 | I10: 570 | J10: 19 | L10: =J10*0.8 -> 15.2 | M10: 16000 | N10: 0.03125 | P10: 占地：3*3 | R10: 4 | S10: 500 | T10: 25 | V10: 12.5 | W10: 20000 | X10: 0.125 | AA10: Lv>=4级后可用圣水升级 | AC10: 4 | AD10: 900 | AE10: 1 | AF10: 10000 | AK10: 07.法术工厂 | AO10: 5 | AP10: 2400 | AQ10: 100000 | AS10: 150000 | AT10: 0.25 | AU10: 800000 | AX10: 圣水建筑 | AZ10: 4 | BA10: 2600 | BB10: 25 | BC10: 1 | BE10: 1200000 | BF10: 1 | BK10: 4 | BL10: 650 | BM10: 100000 | BN10: 0.16666667
A11: 11本 | B11: 11 | C11: 重锤出击 | D11: 08.伏击电塔 | F11: 判定：2*2 | H11: 5 | I11: 620 | J11: 25 | L11: =J11*0.8 -> 20 | M11: 50000 | N11: 0.083333333 | P11: 判定：2*2 | R11: 5 | S11: 540 | T11: 30 | V11: 15 | W11: 80000 | X11: 0.20833333 | AC11: 5 | AD11: 1400 | AE11: 1 | AF11: 20000 | AK11: 08.暗黑工厂 | AO11: 6 | AP11: 2800 | AQ11: 300000 | AS11: 750000 | AT11: 0.5 | AU11: 1200000 | AZ11: 5 | BA11: 3000 | BB11: 30 | BC11: 1 | BE11: 2500000 | BF11: 2 | BK11: 5 | BL11: 700 | BM11: 200000 | BN11: 0.33333333
A12: 12本 | B12: 12 | C12: 绝地反击 | D12: 09.炸弹塔 | H12: 6 | I12: 670 | J12: 31 | L12: =J12*0.8 -> 24.8 | M12: 100000 | N12: 0.16666667 | R12: 6 | S12: 580 | T12: 35 | V12: 17.5 | W12: 180000 | X12: 0.33333333 | AC12: 6 | AD12: 2000 | AE12: 1 | AF12: 30000 | AK12: 09.攻城工坊 | AO12: 7 | AP12: 3300 | AQ12: 500000 | AR12: 2500 | AS12: 1000000 | AT12: 0.75 | AU12: 1600000 | AV12: 8000 | AX12: 资源掠夺比例： | AY12: 0.03 | AZ12: 6 | BA12: 3400 | BB12: 35 | BC12: 1 | BD12: 1 | BE12: 4200000 | BF12: 5 | BK12: 6 | BL12: 750 | BM12: 400000 | BN12: 0.66666667
A13: 13本 | B13: 13 | C13: 冰火合奏 | D13: 10.X连弩 | F13: 改装需求： | H13: 7 | I13: 730 | J13: 40 | K13: =L13*4/(1.6+0.192*4) -> 54.054054 | L13: =J13*0.8 -> 32 | M13: 200000 | N13: 0.33333333 | P13: 改装需求： | R13: 7 | S13: 630 | T13: 42 | V13: 21 | W13: 360000 | X13: 0.41666667 | AC13: 7 | AD13: 2500 | AE13: 1 | AF13: 50000 | AK13: 10.圣水泵 | AO13: 8 | AP13: 3900 | AQ13: 750000 | AR13: 5000 | AS13: 2000000 | AT13: 1 | AU13: 2000000 | AV13: 10000 | AX13: 宝库容量对应大本等级 | AZ13: 7 | BA13: 4000 | BB13: 35 | BC13: 2 | BD13: 1 | BE13: 5500000 | BF13: 6.25 | BK13: 7 | BL13: 830 | BM13: 800000 | BN13: 1
A14: 14本 | B14: 14 | C14: 远古结晶 | D14: 11.地狱之塔 | F14: 双管加农炮4级 | H14: 8 | I14: 800 | J14: 48 | K14: =L14*4/(1.6+0.192*4) -> 64.864865 | L14: =J14*0.8 -> 38.4 | M14: 300000 | N14: 0.41666667 | P14: 多功能箭塔6级 | R14: 8 | S14: 690 | T14: 48 | V14: 24 | W14: 600000 | X14: 0.5 | AC14: 8 | AD14: 3000 | AE14: 1 | AF14: 75000 | AK14: 11.圣水瓶 | AO14: 9 | AP14: 4600 | AQ14: 1000000 | AR14: 10000 | AS14: 3000000 | AT14: 2 | AU14: 2400000 | AV14: 12000 | AX14: 援兵可指定 | AZ14: 8 | BA14: 4400 | BB14: 40 | BC14: 2 | BD14: 1 | BE14: 8500000 | BF14: 9.75 | BK14: 8 | BL14: 950 | BM14: 1300000 | BN14: 1.75
A15: 15本 | B15: 15 | C15: 魔法挑战 | D15: 12.天鹰火炮 | F15: 150万金币 | H15: 9 | I15: 880 | J15: 56 | K15: =L15*4/(1.6+0.192*4) -> 75.675676 | L15: =J15*0.8 -> 44.8 | M15: 500000 | N15: 0.5 | P15: 400万金币 | R15: 9 | S15: 750 | T15: 56 | V15: 28 | W15: 800000 | X15: 0.58333333 | AC15: 9 | AD15: 3500 | AE15: 1 | AF15: 100000 | AK15: 12.采金场 | AO15: 10 | AP15: 5500 | AQ15: 1500000 | AR15: 20000 | AS15: 3500000 | AT15: 2.5 | AU15: 2800000 | AV15: 14000 | AZ15: 9 | BA15: 4800 | BB15: 45 | BC15: 2 | BD15: 1 | BE15: 12000000 | BF15: 13.5 | BK15: 9 | BL15: 1070 | BM15: 2100000 | BN15: 2.75
D16: 13.巨型电磁组件 | F16: 建筑大师工作2天 | H16: 10 | I16: 960 | J16: 64 | K16: =L16*4/(1.6+0.192*4) -> 86.486486 | L16: =J16*0.8 -> 51.2 | M16: 700000 | N16: 0.75 | P16: 建筑大师工作7天 | R16: 10 | S16: 810 | T16: 63 | U16: =T16*2 -> 126 | V16: 31.5 | W16: 1000000 | X16: 0.75 | AC16: 10 | AD16: 4000 | AE16: 1 | AF16: 200000 | AK16: 13.储金罐 | AO16: 11 | AP16: 6800 | AQ16: 2000000 | AR16: 20000 | AS16: 4000000 | AT16: 2.75 | AU16: 3200000 | AV16: 16000 | AZ16: 10 | BA16: 5200 | BB16: 45 | BC16: 3 | BD16: 1 | BE16: 18000000 | BF16: 19 | BK16: 10 | BL16: 1140 | BM16: 4200000 | BN16: 4.25
D17: 14.冰爆地狱组件 | F17: 改装结果： | H17: 11 | I17: 1060 | J17: 74 | K17: =L17*4/(1.6+0.192*4) -> 100 | L17: =J17*0.8 -> 59.2 | M17: 1000000 | N17: 1 | P17: 改装结果： | R17: 11 | S17: 890 | T17: 70 | U17: =T17*2 -> 140 | V17: 35 | W17: 1200000 | X17: 1 | AC17: 11 | AD17: 5000 | AE17: 1 | AF17: 500000 | AK17: 14.黑油钻井 | AO17: 12 | AP17: 7500 | AQ17: 2000000 | AR17: 20000 | AS17: 6000000 | AT17: 4.25 | AU17: 3600000 | AV17: 18000 | AZ17: 11 | BA17: 5600 | BB17: 50 | BC17: 3 | BD17: 1 | BE17: 20000000 | BF17: 20 | BK17: 11 | BL17: 1210 | BM17: 6800000 | BN17: 6.75
D18: 15.西瓜投手 | F18: 连发：0.192秒*4 | H18: 12 | I18: 1160 | J18: 87 | K18: =L18*4/(1.6+0.192*4) -> 117.56757 | L18: =J18*0.8 -> 69.6 | M18: 1200000 | N18: 1.25 | P18: 攻速：0.25秒/次 | R18: 12 | S18: 970 | T18: 75 | U18: =T18*2 -> 150 | V18: 37.5 | W18: 1500000 | X18: 1.25 | AC18: 12 | AD18: 7000 | AE18: 1 | AF18: 1000000 | AK18: 15.黑油罐 | AO18: 13 | AP18: 8200 | AQ18: 2000000 | AR18: 20000 | AS18: 9000000 | AT18: 7.5 | AU18: 4000000 | AV18: 20000 | AZ18: 备注1：部落城堡被摧毁后损失3%的资源 | BK18: 12 | BL18: 1280 | BM18: 11500000 | BN18: 11.5
D19: 16.毒爆地狱组件 | F19: 攻速：2.3秒/轮 | H19: 13 | I19: 1260 | J19: 100 | K19: =L19*4/(1.6+0.192*4) -> 135.13514 | L19: =J19*0.8 -> 80 | M19: 1700000 | N19: 2.25 | P19: 射程：7格 | R19: 13 | S19: 1050 | T19: 80 | U19: =T19*2 -> 160 | V19: 40 | W19: 2000000 | X19: 2.25 | AC19: 13 | AD19: 9000 | AE19: 2 | AF19: 2000000 | AK19: 16.战宠小屋 | AO19: 14 | AP19: 8900 | AQ19: 2000000 | AR19: 20000 | AS19: 15000000 | AT19: 13.25 | AU19: 4400000 | AV19: 22000 | AZ19: 备注2：捐1单位法术获得5经验，1载具则为30经验 | BK19: 13 | BL19: 1350 | BM19: 12500000 | BN19: 12
D20: 17.连弩小屋组件 | F20: 射程：7格 | H20: 14 | I20: 1380 | J20: 110 | K20: =L20*4/(1.6+0.192*4) -> 148.64865 | L20: =J20*0.8 -> 88 | M20: 2100000 | N20: 3 | R20: 14 | S20: 1130 | T20: 92 | U20: =T20*2 -> 184 | V20: 46 | W20: 2500000 | X20: 3.5 | AC20: 14 | AD20: 11000 | AE20: 4 | AF20: 4000000 | AO20: 15 | AP20: 9600 | AQ20: 2000000 | AR20: 20000 | AS20: 18000000 | AT20: 15 | AU20: 4800000 | AV20: 24000 | AZ20: 备注3：可以指定收到的援兵了！
D21: 18.魔能地狱组件 | H21: 15 | I21: 1500 | J21: 118 | K21: =L21*4/(1.6+0.192*4) -> 159.45946 | L21: =J21*0.8 -> 94.4 | M21: 3200000 | N21: 4.25 | R21: 15 | S21: 1230 | T21: 104 | U21: =T21*2 -> 208 | V21: 52 | W21: 3500000 | X21: 5 | AC21: 15 | AD21: 12500 | AE21: 7 | AF21: 7000000 | AK21: >>隐秘陷阱 | AO21: 备注：需要建造所有已解锁的建筑才能升级大本营
D22: 19.法术塔 | H22: 16 | I22: 1620 | J22: 124 | K22: =L22*4/(1.6+0.192*4) -> 167.56757 | L22: =J22*0.8 -> 99.2 | M22: 4900000 | N22: 6.25 | R22: 16 | S22: 1330 | T22: 112 | U22: =T22*2 -> 224 | V22: 58 | W22: 5300000 | X22: 6.25 | AC22: 16 | AD22: 13500 | AE22: 8 | AF22: 8000000 | AK22: >>防御建筑 | AM22: 训练营 Barrack | AW22: 暗黑训练营 Dark Elixir Barrack | BG22: 兵营 Troop Housing
D23: 20.巨石碑 | H23: 17 | I23: 1740 | J23: 130 | K23: =L23*4/(1.6+0.192*4) -> 175.67568 | L23: =J23*0.8 -> 104 | M23: 6300000 | N23: 8.5 | R23: 17 | S23: 1410 | T23: 120 | U23: =T23*2 -> 240 | V23: 61 | W23: 6800000 | X23: 8.5 | AK23: ○主界面 | AM23: 占地：3*3 | AO23: 等级 | AP23: 生命值 | AQ23: 解锁兵种 | AR23: 建造成本 | AS23: 建造时间 | AW23: 占地：3*3 | AY23: 等级 | AZ23: 生命值 | BA23: 解锁兵种 | BB23: 建造成本 | BC23: 建造时间 | BG23: 占地：4*4 | BI23: 等级 | BJ23: 生命值 | BK23: 兵种容量 | BL23: 建造成本 | BM23: 建造时间
H24: 18 | I24: 1870 | J24: 139 | K24: =L24*4/(1.6+0.192*4) -> 187.83784 | L24: =J24*0.8 -> 111.2 | M24: 8200000 | N24: 11.25 | R24: 18 | S24: 1510 | T24: 128 | U24: =T24*2 -> 256 | V24: =T24/2 -> 64 | W24: 8500000 | X24: 11.25 | AM24: 判定：2*2 | AO24: 1 | AP24: 250 | AQ24: 野蛮人 | AR24: 100 | AS24: 0.00011574074 | AW24: 判定：2*2 | AY24: 1 | AZ24: 500 | BA24: 亡灵 | BB24: 200000 | BC24: 0.33333333 | BG24: 判定：2*2 | BI24: 1 | BJ24: 250 | BK24: 20 | BL24: 200 | BM24: 0.0034722222
D25: >>隐秘陷阱 | H25: 19 | I25: 2000 | J25: 146 | K25: =L25*4/(1.6+0.192*4) -> 197.2973 | L25: =J25*0.8 -> 116.8 | M25: 9800000 | N25: 12 | R25: 19 | S25: 1600 | T25: 134 | U25: =T25*2 -> 268 | V25: =T25/2 -> 67 | W25: 9800000 | X25: 12 | AM25: 训练圣水兵种 | AO25: 2 | AP25: 290 | AQ25: 弓箭手 | AR25: 500 | AS25: 0.00069444444 | AW25: 训练暗黑兵种 | AY25: 2 | AZ25: 550 | BA25: 野猪骑士 | BB25: 600000 | BC25: 1 | BG25: 储存军队 | BI25: 2 | BJ25: 270 | BK25: 30 | BL25: 2000 | BM25: 0.010416667
D26: >>支援建筑 | H26: 20 | I26: 2150 | J26: 154 | K26: =L26*4/(1.6+0.192*4) -> 208.10811 | L26: =J26*0.8 -> 123.2 | M26: 16500000 | N26: 16.25 | R26: 20 | S26: 1700 | T26: 140 | U26: =T26*2 -> 280 | V26: =T26/2 -> 70 | W26: 16500000 | X26: 16.25 | AM26: 圣水建筑 | AO26: 3 | AP26: 330 | AQ26: 巨人 | AR26: 2500 | AS26: 0.0069444444 | AW26: 圣水建筑 | AY26: 3 | AZ26: 600 | BA26: 武神 | BB26: 1000000 | BC26: 1.5 | BG26: 圣水建筑 | BI26: 3 | BJ26: 290 | BK26: 35 | BL26: 10000 | BM26: 0.083333333
D27: ○主界面 | H27: 21 | I27: 2250 | J27: 160 | K27: =L27*4/(1.6+0.192*4) -> 216.21622 | L27: =J27*0.8 -> 128 | M27: 18000000 | N27: 17 | R27: 21 | S27: 1800 | T27: 145 | U27: =T27*2 -> 290 | V27: =T27/2 -> 72.5 | W27: 18500000 | X27: 17 | AO27: 4 | AP27: 370 | AQ27: 哥布林 | AR27: 5000 | AS27: =0.04166666 -> 0.04166666 | AY27: 4 | AZ27: 650 | BA27: 石头人 | BB27: 1600000 | BC27: 2 | BI27: 4 | BJ27: 310 | BK27: 40 | BL27: 100000 | BM27: 0.20833333
AA28: 法师塔 Wizard Tower | AC28: 魔法火球 | AO28: 5 | AP28: 420 | AQ28: 炸弹人 | AR28: 20000 | AS28: 0.33333333 | AW28: 升级时，黑油兵种训练时间翻倍 | AY28: 5 | AZ28: 700 | BA28: 女巫 | BB28: 2200000 | BC28: 3.5 | BI28: 5 | BJ28: 330 | BK28: 45 | BL28: 250000 | BM28: 0.33333333
P29: 防空火箭 Air Defense | R29: 烟花弹 | AA29: 抵御陆空 | AC29: 等级 | AD29: 生命值 | AE29: 每秒伤害 | AF29: 每次伤害 | AG29: 建造成本 | AH29: 建造时间 | AO29: 6 | AP29: 470 | AQ29: 气球兵 | AR29: 120000 | AS29: 0.5 | AY29: 6 | AZ29: 750 | BA29: 熔岩猎犬 | BB29: 2900000 | BC29: 4.5 | BI29: 6 | BJ29: 350 | BK29: 50 | BL29: 750000 | BM29: 0.5
F30: 迫击炮 Mortar | H30: 迫击炮弹 | P30: 抵御空军 | R30: 等级 | S30: 生命值 | T30: 每秒伤害 | U30: 每次伤害 | V30: 建造成本 | W30: 建造时间 | AA30: 射程：7格 | AC30: 1 | AD30: 620 | AE30: 11 | AF30: =AE30*1.3 -> 14.3 | AG30: 120000 | AH30: 0.125 | AO30: 7 | AP30: 520 | AQ30: 法师 | AR30: 270000 | AS30: 0.75 | AY30: 7 | AZ30: 800 | BA30: 巨石投手 | BB30: 4000000 | BC30: 6.5 | BI30: 7 | BJ30: 400 | BK30: 55 | BL30: 1500000 | BM30: 2
F31: 抵御陆军 | H31: 等级 | I31: 生命值 | J31: 常规秒伤 | K31: 正常伤害 | L31: 改装伤害 | M31: 建造成本 | N31: 建造时间 | P31: 射程：10格 | R31: 1 | S31: 800 | T31: 80 | U31: 80 | V31: 22000 | W31: 0.125 | AA31: 攻速：1.3秒/次 | AC31: 2 | AD31: 650 | AE31: 13 | AF31: =AE31*1.3 -> 16.9 | AG31: 220000 | AH31: 0.33333333 | AO31: 8 | AP31: 580 | AQ31: 天使 | AR31: 800000 | AS31: 1 | AY31: 8 | AZ31: 850 | BA31: 戈仑冰人 | BB31: 7500000 | BC31: 9 | BI31: 8 | BJ31: 500 | BK31: 60 | BL31: 2500000 | BM31: 3
F32: 射程：4-11格 | H32: 1 | I32: 400 | J32: 4 | K32: 20 | M32: 5000 | N32: 0.125 | P32: 攻速：1秒/次 | R32: 2 | S32: 850 | T32: 110 | U32: 110 | V32: 90000 | W32: 0.5 | AA32: 溅射半径：1格 | AC32: 3 | AD32: 680 | AE32: 16 | AF32: =AE32*1.3 -> 20.8 | AG32: 420000 | AH32: 0.5 | AO32: 9 | AP32: 650 | AQ32: 飞龙 | AR32: 1200000 | AS32: 1.5 | AY32: 9 | AZ32: 900 | BA32: 英雄猎手 | BB32: 10000000 | BC32: 10.5 | BI32: 9 | BJ32: 600 | BK32: 65 | BL32: 4200000 | BM32: 6.25
F33: 攻速：5秒/次 | H33: 2 | I33: 450 | J33: 5 | K33: 25 | M33: 25000 | N33: 0.25 | P33: 单体伤害 | R33: 3 | S33: 900 | T33: 140 | U33: 140 | V33: 270000 | W33: 0.66666667 | AA33: 占地：3*3 | AC33: 4 | AD33: 730 | AE33: 20 | AF33: =AE33*1.3 -> 26 | AG33: 720000 | AH33: 0.75 | AO33: 10 | AP33: 730 | AQ33: 皮卡超人 | AR33: 1700000 | AS33: 2.5 | BI33: 10 | BJ33: 700 | BK33: 70 | BL33: 6300000 | BM33: 9.75
F34: 溅射半径：1.5格 | H34: 3 | I34: 500 | J34: 6 | K34: 30 | M34: 100000 | N34: 0.5 | P34: 占地：3*3 | R34: 4 | S34: 950 | T34: 160 | U34: 160 | V34: 500000 | W34: 1 | AA34: 判定：2*2 | AC34: 5 | AD34: 840 | AE34: 24 | AF34: =AE34*1.3 -> 31.2 | AG34: 920000 | AH34: 1 | AO34: 11 | AP34: 810 | AQ34: 飞龙宝宝 | AR34: 2600000 | AS34: 4 | BI34: 11 | BJ34: 800 | BK34: 75 | BL34: 12000000 | BM34: 12
F35: 占地：3*3 | H35: 4 | I35: 550 | J35: 7 | K35: 35 | M35: 200000 | N35: 1 | P35: 判定：2*2 | R35: 5 | S35: 1000 | T35: 190 | U35: 190 | V35: 1000000 | W35: 1.5 | AC35: 6 | AD35: 960 | AE35: 32 | AF35: =AE35*1.3 -> 41.6 | AG35: 1200000 | AH35: 1.5 | AO35: 12 | AP35: 900 | AQ35: 掘地矿工 | AR35: 3700000 | AS35: 5.5 | BI35: 12 | BJ35: 850 | BK35: 80 | BL35: 19000000 | BM35: 16
F36: 判定：2*2 | H36: 5 | I36: 600 | J36: 9 | K36: 45 | M36: 400000 | N36: 2 | R36: 6 | S36: 1050 | T36: 230 | U36: 230 | V36: 1350000 | W36: 2 | AC36: 7 | AD36: 1200 | AE36: 40 | AF36: =AE36*1.3 -> 52 | AG36: 2200000 | AH36: 2 | AO36: 13 | AP36: 980 | AQ36: 雷电飞龙 | AR36: 6500000 | AS36: 7.5
F37: 击退距离：1格 | H37: 6 | I37: 650 | J37: 11 | K37: 55 | M37: 750000 | N37: 2.5 | R37: 7 | S37: 1100 | T37: 280 | U37: 280 | V37: 1750000 | W37: 3 | AC37: 8 | AD37: 1440 | AE37: 45 | AF37: =AE37*1.3 -> 58.5 | AG37: 2700000 | AH37: 3 | AO37: 14 | AP37: 1050 | AQ37: 雪怪 | AR37: 9000000 | AS37: 10
F38: 改装需求： | H38: 7 | I38: 700 | J38: 15 | K38: 75 | M38: 1500000 | N38: 3 | R38: 8 | S38: 1210 | T38: 320 | U38: 320 | V38: 3000000 | W38: 4.25 | AC38: 9 | AD38: 1680 | AE38: 50 | AF38: =AE38*1.3 -> 65 | AG38: 3700000 | AH38: 5.25 | AO38: 15 | AP38: 1150 | AQ38: 龙骑士 | AR38: 12500000 | AS38: 13
F39: 多管迫击炮8级 | H39: 8 | I39: 800 | J39: 20 | K39: 100 | L39: 37 | M39: 2500000 | N39: 3.25 | R39: 9 | S39: 1300 | T39: 360 | U39: 360 | V39: 4200000 | W39: 6.25 | AC39: 10 | AD39: 2000 | AE39: 62 | AF39: =AE39*1.3 -> 80.6 | AG39: 5200000 | AH39: 6.5 | AO39: 16 | AP39: 1250 | AQ39: 雷霆泰坦 | AR39: 15000000 | AS39: 16
F40: 800万金币 | H40: 9 | I40: 950 | J40: 25 | K40: 125 | L40: 47 | M40: 3500000 | N40: 4.25 | R40: 10 | S40: 1400 | T40: 400 | U40: 400 | V40: 6500000 | W40: 9.75 | AC40: 11 | AD40: 2240 | AE40: 70 | AF40: =AE40*1.3 -> 91 | AG40: 7200000 | AH40: 9.75 | AW40: 暗黑工厂 Mini Spell Factory | BG40: 攻城工坊 SiegeWorkshop
F41: 建筑大师工作14天 | H41: 10 | I41: 1100 | J41: 30 | K41: 150 | L41: 56 | M41: 4800000 | N41: 5.5 | R41: 11 | S41: 1500 | T41: 440 | U41: 440 | V41: 10500000 | W41: 12 | AC41: 12 | AD41: 2480 | AE41: 78 | AF41: =AE41*1.3 -> 101.4 | AG41: 10700000 | AH41: 12 | AW41: 占地：3*3 | AY41: 等级 | AZ41: 生命值 | BA41: 法术容量 | BB41: 解锁法术 | BC41: 建造成本 | BD41: 建造时间 | BG41: 占地：4*4 | BI41: 等级 | BJ41: 生命值 | BK41: 载具容量 | BL41: 解锁武器 | BM41: 建造成本 | BN41: 建造时间
F42: 改装结果： | H42: 11 | I42: 1300 | J42: 35 | K42: 175 | L42: 64 | M42: 6500000 | N42: 8.5 | R42: 12 | S42: 1650 | T42: 500 | U42: 500 | V42: 17000000 | W42: 17 | AC42: 13 | AD42: 2700 | AE42: 84 | AF42: =AE42*1.3 -> 109.2 | AG42: 12200000 | AH42: 12.75 | AM42: 法术工厂 Spell Forge | AW42: 判定：2*2 | AY42: 1 | AZ42: 600 | BA42: 1 | BB42: 毒药法术 | BC42: 150000 | BD42: 0.25 | BG42: 判定：3*3 | BI42: 1 | BJ42: 1000 | BK42: 1 | BL42: 攻城战车 | BM42: 3500000 | BN42: 4.25
F43: 连发：0.5秒 | H43: 12 | I43: 1500 | J43: 38 | K43: =J43*5 -> 190 | L43: 70 | M43: 7200000 | N43: 9.75 | R43: 13 | S43: 1750 | T43: 540 | U43: 540 | V43: 19500000 | W43: 18 | AC43: 14 | AD43: 2900 | AE43: 90 | AF43: =AE43*1.3 -> 117 | AG43: 17200000 | AH43: 17 | AM43: 占地：3*3 | AO43: 等级 | AP43: 生命值 | AQ43: 法术容量 | AR43: 解锁法术 | AS43: 建造成本 | AT43: 建造时间 | AW43: 配置黑油法术 | AY43: 2 | AZ43: 660 | BA43: 1 | BB43: 地震法术 | BC43: 300000 | BD43: 0.75 | BG43: 铸造载具 | BI43: 2 | BJ43: 1100 | BK43: 2 | BL43: 攻城飞艇 | BM43: 5500000 | BN43: 5.5
H44: 13 | I44: 1700 | J44: 42 | K44: =J44*5 -> 210 | L44: =K44*1.1/3 -> 77 | M44: 9800000 | N44: 12 | AC44: 15 | AD44: 3000 | AE44: 95 | AF44: =AE44*1.3 -> 123.5 | AG44: 19200000 | AH44: 18 | AM44: 判定：2*2 | AO44: 1 | AP44: 425 | AQ44: 2 | AR44: 雷电法术 | AS44: 150000 | AT44: 0.33333333 | AW44: 圣水建筑 | AY44: 3 | AZ44: 720 | BA44: 1 | BB44: 加速法术 | BC44: 600000 | BD44: 2 | BG44: 圣水建筑 | BI44: 3 | BJ44: 1200 | BK44: 3 | BL44: 攻城气球 | BM44: 7500000 | BN44: 7
H45: 14 | I45: 1950 | J45: 48 | K45: =J45*5 -> 240 | L45: =INT(K45*1.1/3) -> 88 | M45: 16500000 | N45: 16 | P45: 伏击电塔 Tesla Tower | R45: 感应电 | AA45: 炸弹塔 Bomb Tower | AC45: 炸弹 | AM45: 配置圣水法术 | AO45: 2 | AP45: 470 | AQ45: 4 | AR45: 治疗法术 | AS45: 300000 | AT45: 1 | AY45: 4 | AZ45: 780 | BA45: 1 | BB45: 骷髅法术 | BC45: 1200000 | BD45: 4 | BI45: 4 | BJ45: 1300 | BK45: 3 | BL45: 攻城训练营 | BM45: 11000000 | BN45: 10.5
H46: 15 | I46: 2150 | J46: 54 | K46: =J46*5 -> 270 | L46: =INT(K46*1.1/3) -> 99 | M46: 19000000 | N46: 18 | P46: 伏击陆空 | R46: 等级 | S46: 生命值 | T46: 每秒伤害 | U46: 每次伤害 | V46: 建造成本 | W46: 建造时间 | AA46: 抵御陆军 | AC46: 等级 | AD46: 生命值 | AE46: 每秒伤害 | AF46: 每次伤害 | AG46: 自爆伤害 | AH46: 建造成本 | AI46: 建造时间 | AM46: 圣水建筑 | AO46: 3 | AP46: 520 | AQ46: 6 | AR46: 狂暴法术 | AS46: 600000 | AT46: 2 | AY46: 5 | AZ46: 840 | BA46: 1 | BB46: 蝙蝠法术 | BC46: 2500000 | BD46: 6 | BI46: 5 | BJ46: 1400 | BK46: 3 | BL46: 滚木战车 | BM46: 12000000 | BN46: 12
P47: 射程：7格 | R47: 1 | S47: 600 | T47: 34 | U47: =T47*0.6 -> 20.4 | V47: 300000 | W47: 0.083333333 | AA47: 射程：6格 | AC47: 1 | AD47: 650 | AE47: 24 | AF47: =AE47*1.1 -> 26.4 | AG47: 150 | AH47: 800000 | AI47: 1 | AM47: 5本建筑 | AO47: 4 | AP47: 600 | AQ47: 8 | AR47: 弹跳/冰冻 | AS47: 1200000 | AT47: 3.5 | BI47: 6 | BJ47: 1500 | BK47: 3 | BL47: 投石战车 | BM47: 16500000 | BN47: 17
P48: 攻速：0.6秒/次 | R48: 2 | S48: 630 | T48: 40 | U48: =T48*0.6 -> 24 | V48: 450000 | W48: 0.20833333 | AA48: 攻速：1.1秒/次 | AC48: 2 | AD48: 700 | AE48: 28 | AF48: =AE48*1.1 -> 30.8 | AG48: 180 | AH48: 1200000 | AI48: 1.5 | AO48: 5 | AP48: 720 | AQ48: 10 | AR48: 镜像法术 | AS48: 2000000 | AT48: 4.25 | BI48: 7 | BJ48: 1600 | BK48: 3 | BL48: 攻城钻机 | BM48: 19000000 | BN48: 18
F49: 空气炮 Air Blaster | H49: 空气波 | P49: 单体伤害 | R49: 3 | S49: 660 | T49: 48 | U49: =T49*0.6 -> 28.8 | V49: 650000 | W49: 0.41666667 | AA49: 溅射半径：1.5格 | AC49: 3 | AD49: 750 | AE49: 32 | AF49: =AE49*1.1 -> 35.2 | AG49: 220 | AH49: 1800000 | AI49: 2 | AO49: 6 | AP49: 840 | AQ49: 10 | AR49: 隐形法术 | AS49: 3500000 | AT49: 5
F50: 击退空军 | H50: 等级 | I50: 生命值 | J50: 击退距离 | K50: 建造成本 | L50: 建造时间 | P50: 占地：2*2 | R50: 4 | S50: 690 | T50: 55 | U50: =T50*0.6 -> 33 | V50: 850000 | W50: 0.75 | AA50: 占地：3*3 | AC50: 4 | AD50: 850 | AE50: 40 | AF50: =AE50*1.1 -> 44 | AG50: 260 | AH50: 2600000 | AI50: 3.5 | AO50: 7 | AP50: 960 | AQ50: 10 | AR50: 召回法术 | AS50: 9000000 | AT50: 9 | AW50: 圣水泵 Elixir Pump | BG50: 黑油钻井 Dark Elixir Pump
F51: 射程：1-15格 | H51: 1 | I51: 750 | J51: 1.6 | K51: 400000 | L51: 0.25 | P51: 判定：1*1 | R51: 5 | S51: 730 | T51: 64 | U51: =T51*0.6 -> 38.4 | V51: 1100000 | W51: 1 | AA51: 判定：2*2 | AC51: 5 | AD51: 1050 | AE51: 48 | AF51: =AE51*1.1 -> 52.8 | AG51: 300 | AH51: 3500000 | AI51: 4.25 | AW51: 占地：3*3 | AY51: 等级 | AZ51: 生命值 | BA51: 开采速度 | BB51: 存储容量 | BC51: 最低收集 | BD51: 建造成本 | BE51: 建造时间 | BG51: 占地：3*3 | BI51: 等级 | BJ51: 生命值 | BK51: 开采速度 | BL51: 存储容量 | BM51: 最低收集 | BN51: 建造成本 | BO51: 建造时间
F52: 攻速：5秒/次 | H52: 2 | I52: 800 | J52: 2 | K52: 700000 | L52: 0.5 | R52: 6 | S52: 770 | T52: 75 | U52: =T52*0.6 -> 45 | V52: 1300000 | W52: 2 | AA52: 自爆半径：2.75格 | AC52: 6 | AD52: 1300 | AE52: 56 | AF52: =AE52*1.1 -> 61.6 | AG52: 350 | AH52: 5000000 | AI52: 6.25 | AM52: 采金场 Gold Mine | AW52: 判定：2*2 | AY52: 1 | AZ52: 400 | BA52: 200 | BB52: 500 | BC52: 6 | BD52: 150 | BE52: 0.00011574074 | BG52: 判定：2*2 | BI52: 1 | BJ52: 800 | BK52: 20 | BL52: 160 | BM52: 1 | BN52: 500000 | BO52: 0.25
F53: 占地：2*2 | H53: 3 | I53: 850 | J53: 2.4 | K53: 1100000 | L53: 0.75 | P53: 弹出条件： | R53: 7 | S53: 810 | T53: 87 | U53: =T53*0.6 -> 52.2 | V53: 1800000 | W53: 3 | AA53: 自爆延迟：1秒 | AC53: 7 | AD53: 1600 | AE53: 64 | AF53: =AE53*1.1 -> 70.4 | AG53: 400 | AH53: 7000000 | AI53: 9.75 | AM53: 占地：3*3 | AO53: 等级 | AP53: 生命值 | AQ53: 开采速度 | AR53: 存储容量 | AS53: 最低收集 | AT53: 建造成本 | AU53: 建造时间 | AW53: 采集圣水 | AY53: 2 | AZ53: 440 | BA53: 400 | BB53: 1000 | BC53: 15 | BD53: 300 | BE53: 0.00069444444 | BG53: 采集黑油 | BI53: 2 | BJ53: 860 | BK53: 30 | BL53: 300 | BM53: 1 | BN53: 700000 | BO53: 0.5
F54: 判定：1*1 | H54: 4 | I54: 900 | J54: 2.8 | K54: 1500000 | L54: 1 | P54: 6格内出现目标 | R54: 8 | S54: 850 | T54: 99 | U54: =T54*0.6 -> 59.4 | V54: 2100000 | W54: 6.6666667 | AC54: 8 | AD54: 1900 | AE54: 72 | AF54: =AE54*1.1 -> 79.2 | AG54: 450 | AH54: 11000000 | AI54: 12 | AM54: 判定：2*2 | AO54: 1 | AP54: 400 | AQ54: 200 | AR54: 500 | AS54: 6 | AT54: 150 | AU54: 0.00011574074 | AW54: 金币建筑 | AY54: 3 | AZ54: 480 | BA54: 600 | BB54: 1500 | BC54: 25 | BD54: 700 | BE54: 0.0027777778 | BG54: 圣水建筑 | BI54: 3 | BJ54: 920 | BK54: 45 | BL54: 540 | BM54: 1 | BN54: 900000 | BO54: 0.75
F55: 范围角105° | H55: 5 | I55: 950 | J55: 3.2 | K55: 2000000 | L55: 2 | P55: 或者摧毁率>50% | R55: 9 | S55: 900 | T55: 110 | U55: =T55*0.6 -> 66 | V55: 3100000 | W55: 5.5 | AC55: 9 | AD55: 2300 | AE55: 84 | AF55: =AE55*1.1 -> 92.4 | AG55: 500 | AH55: 17500000 | AI55: 17 | AM55: 采集金币 | AO55: 2 | AP55: 440 | AQ55: 400 | AR55: 1000 | AS55: 15 | AT55: 300 | AU55: 0.00069444444 | AY55: 4 | AZ55: 520 | BA55: 800 | BB55: 2500 | BC55: 40 | BD55: 1400 | BE55: 0.0069444444 | BI55: 4 | BJ55: 980 | BK55: 60 | BL55: 840 | BM55: 2 | BN55: 1200000 | BO55: 1
F56: 气波角度45° | H56: 6 | I56: 1000 | J56: 3.6 | K56: 2500000 | L56: 2.5 | P56: 弹出时间：1秒 | R56: 10 | S56: 980 | T56: 120 | U56: =T56*0.6 -> 72 | V56: 5600000 | W56: 9.75 | AC56: 10 | AD56: 2500 | AE56: 94 | AF56: =AE56*1.1 -> 103.4 | AG56: 550 | AH56: 20000000 | AI56: 18 | AM56: 圣水建筑 | AO56: 3 | AP56: 480 | AQ56: 600 | AR56: 1500 | AS56: 25 | AT56: 700 | AU56: 0.0027777778 | AY56: 5 | AZ56: 560 | BA56: 1000 | BB56: 10000 | BC56: 60 | BD56: 3000 | BE56: 0.027777778 | BI56: 5 | BJ56: 1060 | BK56: 80 | BL56: 1280 | BM56: 2 | BN56: 1500000 | BO56: 1.5
F57: 弧长7 | H57: 7 | I57: 1050 | J57: 4 | K57: 4200000 | L57: 3.5 | R57: 11 | S57: 1100 | T57: 130 | U57: =T57*0.6 -> 78 | V57: 9700000 | W57: 12 | AO57: 4 | AP57: 520 | AQ57: 800 | AR57: 2500 | AS57: 40 | AT57: 1400 | AU57: 0.0069444444 | AY57: 6 | AZ57: 600 | BA57: 1300 | BB57: 20000 | BC57: 100 | BD57: 7000 | BE57: 0.125 | BI57: 6 | BJ57: 1160 | BK57: 100 | BL57: 1800 | BM57: 3 | BN57: 1800000 | BO57: 2
F58: 扩展半径2.5 | H58: 提示：通过旋转炮塔以选择更适合的方向 | R58: 12 | S58: 1200 | T58: 140 | U58: =T58*0.6 -> 84 | V58: 11200000 | W58: 12.75 | AO58: 5 | AP58: 560 | AQ58: 1000 | AR58: 10000 | AS58: 60 | AT58: 3000 | AU58: 0.027777778 | AY58: 7 | AZ58: 640 | BA58: 1600 | BB58: 30000 | BC58: 160 | BD58: 14000 | BE58: 0.25 | BI58: 7 | BJ58: 1280 | BK58: 120 | BL58: 2500 | BM58: 4 | BN58: 2400000 | BO58: 3
R59: 13 | S59: 1350 | T59: 150 | U59: =T59*0.6 -> 90 | V59: 17100000 | W59: 17 | AO59: 6 | AP59: 600 | AQ59: 1300 | AR59: 20000 | AS59: 100 | AT59: 7000 | AU59: 0.125 | AY59: 8 | AZ59: 680 | BA59: 1900 | BB59: 50000 | BC59: 220 | BD59: 28000 | BE59: 0.33333333 | BI59: 8 | BJ59: 1380 | BK59: 140 | BL59: 3000 | BM59: 5 | BN59: 3000000 | BO59: 4
AO60: 7 | AP60: 640 | AQ60: 1600 | AR60: 30000 | AS60: 160 | AT60: 14000 | AU60: 0.25 | AY60: 9 | AZ60: 720 | BA60: 2200 | BB60: 75000 | BC60: 300 | BD60: 56000 | BE60: 0.41666667 | BI60: 9 | BJ60: 1480 | BK60: 160 | BL60: 3600 | BM60: 6 | BN60: 4000000 | BO60: 7
AO61: 8 | AP61: 680 | AQ61: 1900 | AR61: 50000 | AS61: 220 | AT61: 28000 | AU61: 0.33333333 | AY61: 10 | AZ61: 780 | BA61: 2800 | BB61: 100000 | BC61: 400 | BD61: 75000 | BE61: 0.5 | BI61: 注：进攻时可掠夺敌人当前采集器生产的75%黑油
F62: X连弩 Bow | H62: 速射弩箭 | P62: 地狱之塔 Dark Tower | R62: 烈焰 | AA62: 天鹰火炮 Ancient Artillery | AC62: 天罚弹 | AO62: 9 | AP62: 720 | AQ62: 2200 | AR62: 75000 | AS62: 300 | AT62: 56000 | AU62: 0.41666667 | AY62: 11 | AZ62: 860 | BA62: 3500 | BB62: 150000 | BC62: 500 | BD62: 100000 | BE62: 0.66666667
F63: 攻速：0.128秒/次 | H63: 等级 | I63: 生命值 | J63: 每秒伤害 | K63: 每次伤害 | L63: 建造成本 | M63: 建造时间 | P63: 抵御陆空 | R63: 等级 | S63: 生命值 | T63: 一阶秒伤 | U63: 二段秒伤 | V63: 三段秒伤 | W63: 多头目标 | X63: 建造成本 | Y63: 建造时间 | AA63: 抵御陆空 | AC63: 等级 | AD63: 生命值 | AE63: 直接伤害 | AF63: 二次伤害 | AG63: 建造成本 | AH63: 建造时间 | AO63: 10 | AP63: 780 | AQ63: 2800 | AR63: 100000 | AS63: 400 | AT63: 75000 | AU63: 0.5 | AY63: 12 | AZ63: 960 | BA63: 4200 | BB63: 200000 | BC63: 600 | BD63: 200000 | BE63: 0.83333333
F64: 单体伤害 | H64: 1 | I64: 1500 | J64: 60 | K64: =J64*0.128 -> 7.68 | L64: 1000000 | M64: 2 | P64: 攻速：0.128秒/次 | R64: 1 | S64: 1500 | T64: 30 | U64: 100 | V64: 1000 | W64: 5 | X64: 1700000 | Y64: 2.5 | AA64: 射程：7-50格 | AC64: 1 | AD64: 4000 | AE64: 300 | AF64: 20 | AG64: 6000000 | AH64: 5 | AO64: 11 | AP64: 860 | AQ64: 3500 | AR64: 150000 | AS64: 500 | AT64: 100000 | AU64: 0.66666667 | AY64: 13 | AZ64: 1080 | BA64: 4900 | BB64: 250000 | BC64: 700 | BD64: 400000 | BE64: 1.6666667
F65: 子弹：1500 | H65: 2 | I65: 1900 | J65: 70 | K65: =J65*0.128 -> 8.96 | L65: 1600000 | M65: 4 | P65: 单体伤害 | R65: 2 | S65: 1800 | T65: 36 | U65: 115 | V65: 1150 | W65: 5 | X65: 2500000 | Y65: 3.25 | AA65: 攻速：10秒/轮 | AC65: 2 | AD65: 4400 | AE65: 350 | AF65: 25 | AG65: 8000000 | AH65: 8.5 | AO65: 12 | AP65: 960 | AQ65: 4200 | AR65: 200000 | AS65: 600 | AT65: 200000 | AU65: 0.83333333 | AY65: 14 | AZ65: 1180 | BA65: 5600 | BB65: 300000 | BC65: 800 | BD65: 800000 | BE65: 3.3333333
F66: 占地：3*3 | H66: 3 | I66: 2300 | J66: 80 | K66: =J66*0.128 -> 10.24 | L66: 2400000 | M66: 5 | P66: 占地：2*2 | R66: 3 | S66: 2100 | T66: 42 | U66: 130 | V66: 1300 | W66: 5 | X66: 3800000 | Y66: 4.25 | AA66: 直接溅射：0.75格 | AC66: 3 | AD66: 4800 | AE66: 400 | AF66: 30 | AG66: 11000000 | AH66: 11 | AO66: 13 | AP66: 1080 | AQ66: 4900 | AR66: 250000 | AS66: 700 | AT66: 400000 | AU66: 1.6666667 | AY66: 15 | AZ66: 1280 | BA66: 6300 | BB66: 350000 | BC66: 900 | BD66: 1200000 | BE66: 6
F67: 判定：2*2 | H67: 4 | I67: 2700 | J67: 95 | K67: =J67*0.128 -> 12.16 | L67: 3400000 | M67: 5.25 | P67: 判定：1*1 | R67: 4 | S67: 2400 | T67: 58 | U67: 155 | V67: 1550 | W67: 5 | X67: 4200000 | Y67: 5 | AA67: 二次溅射：3格 | AC67: 4 | AD67: 5200 | AE67: 450 | AF67: 35 | AG67: 15000000 | AH67: 15 | AO67: 14 | AP67: 1180 | AQ67: 5600 | AR67: 300000 | AS67: 800 | AT67: 800000 | AU67: 3.3333333 | AY67: 注：进攻时可掠夺敌人当前采集器生产的50%圣水
F68: 地面模式： | H68: 5 | I68: 3100 | J68: 125 | K68: =J68*0.128 -> 16 | L68: 4900000 | M68: 6.25 | P68: 子弹：1000 | R68: 5 | S68: 2700 | T68: 70 | U68: 175 | V68: 1750 | W68: 5 | X68: 5200000 | Y68: 6.25 | AA68: 占地：4*4 | AC68: 5 | AD68: 5600 | AE68: 500 | AF68: 40 | AG68: 19000000 | AH68: 19 | AO68: 15 | AP68: 1280 | AQ68: 6300 | AR68: 350000 | AS68: 900 | AT68: 1200000 | AU68: 6
F69: 射程：14格 | H69: 6 | I69: 3500 | J69: 150 | K69: =J69*0.128 -> 19.2 | L69: 7400000 | M69: 9.75 | P69: 单头模式(射程9) | R69: 6 | S69: 3000 | T69: 80 | U69: 195 | V69: 1950 | W69: 5 | X69: 7300000 | Y69: 9.75 | AA69: 判定：3*3 | AC69: 触发人口记录规则：兵种1/单位，法术5/单位，英雄25，援兵信标1，载具1（不包括攻城训练营出来的军队）。 | AO69: 注：进攻时可掠夺敌人当前采集器生产的50%金币
F70: 目标：仅陆军 | H70: 7 | I70: 3900 | J70: 170 | K70: =J70*0.128 -> 21.76 | L70: 10400000 | M70: 12 | P70: 一至二阶：1.5秒 | R70: 7 | S70: 3300 | T70: 94 | U70: 215 | V70: 2150 | W70: 5 | X70: 12000000 | Y70: 12.75 | AA70: 击退距离：0.5格 | AC70: 触发延迟1.125秒，攻击最近或者0.75格内总计生命值最高的群体。
F71: 兼顾模式： | H71: 8 | I71: 4200 | J71: 185 | K71: =J71*0.128 -> 23.68 | L71: 12900000 | M71: 12.75 | P71: 二至三阶：3.75秒 | R71: 8 | S71: 3700 | T71: 105 | U71: 230 | V71: 2300 | W71: 6 | X71: 18000000 | Y71: 18 | AA71: 触发人口： | AB71: 200 | AC71: 连发：0.75秒*3，可射击30轮（90发炮弹）。 | AM71: 储金罐 Gold Storage | AW71: 圣水瓶 Elixir Storage | BG71: 黑油罐 Dark Elixir Storage
F72: 射程：11.5格 | H72: 9 | I72: 4500 | J72: 200 | K72: =J72*0.128 -> 25.6 | L72: 17400000 | M72: 18 | P72: 多头模式(射程10) | R72: 9 | S72: 4000 | T72: 115 | U72: 240 | V72: 2400 | W72: 6 | X72: 21000000 | Y72: 19 | AM72: 占地：3*3 | AO72: 等级 | AP72: 生命值 | AQ72: 资源储量 | AR72: 建造成本 | AS72: 建造时间 | AW72: 占地：3*3 | AY72: 等级 | AZ72: 生命值 | BA72: 资源储量 | BB72: 建造成本 | BC72: 建造时间 | BG72: 占地：3*3 | BI72: 等级 | BJ72: 生命值 | BK72: 资源储量 | BL72: 建造成本 | BM72: 建造时间
F73: 目标：陆空兼顾 | H73: 10 | I73: 4700 | J73: 215 | K73: =J73*0.128 -> 27.52 | L73: 20000000 | M73: 19 | P73: 攻击目标：可变 | AM73: 判定：2*2 | AO73: 1 | AP73: 400 | AQ73: 1500 | AR73: 300 | AS73: 0.00011574074 | AW73: 判定：2*2 | AY73: 1 | AZ73: 400 | BA73: 1500 | BB73: 300 | BC73: 0.00011574074 | BG73: 判定：2*2 | BI73: 1 | BJ73: 2000 | BK73: 10000 | BL73: 250000 | BM73: 0.33333333
P74: 切换时间：0.05秒 | R74: 备注：被冰人普通攻击减速后将降低伤害提高的速度。（2倍时间） | AM74: 储存金币 | AO74: 2 | AP74: 600 | AQ74: 3000 | AR74: 750 | AS74: 0.0034722222 | AW74: 储存圣水 | AY74: 2 | AZ74: 600 | BA74: 3000 | BB74: 750 | BC74: 0.0034722222 | BG74: 储存黑油 | BI74: 2 | BJ74: 2200 | BK74: 17500 | BL74: 500000 | BM74: 0.66666667
AM75: 圣水建筑 | AO75: 3 | AP75: 800 | AQ75: 6000 | AR75: 1500 | AS75: 0.013888889 | AW75: 金币建筑 | AY75: 3 | AZ75: 800 | BA75: 6000 | BB75: 1500 | BC75: 0.013888889 | BG75: 圣水建筑 | BI75: 3 | BJ75: 2400 | BK75: 40000 | BL75: 1000000 | BM75: 1
AO76: 4 | AP76: 1000 | AQ76: 12000 | AR76: 3000 | AS76: 0.041666667 | AY76: 4 | AZ76: 1000 | BA76: 12000 | BB76: 3000 | BC76: 0.041666667 | BI76: 4 | BJ76: 2600 | BK76: 75000 | BL76: 1500000 | BM76: 1.5
F77: 巨型电磁组件 Townhall12 | H77: 超感应电 | P77: 冰爆地狱组件 Townhall13 | R77: 炽热烈焰 | AA77: 西瓜投手 Scattershot | AC77: 还没有熟的西瓜 | AO77: 5 | AP77: 1200 | AQ77: 25000 | AR77: 6000 | AS77: 0.083333333 | AY77: 5 | AZ77: 1200 | BA77: 25000 | BB77: 6000 | BC77: 0.083333333 | BI77: 5 | BJ77: 2900 | BK77: 140000 | BL77: 2000000 | BM77: 2
F78: 伏击陆空 | H78: 星级 | I78: 每秒伤害 | J78: 每次伤害 | K78: 攻击数量 | L78: 自爆威力 | M78: 建造成本 | N78: 建造时间 | P78: 伏击陆空 | R78: 星级 | S78: 每秒伤害 | T78: 每次伤害 | U78: 攻击数量 | V78: 冰冻时间 | W78: 建造成本 | X78: 建造时间 | AA78: 抵御陆空 | AC78: 等级 | AD78: 生命值 | AE78: 每秒伤害 | AF78: 每次伤害 | AG78: 散射伤害 | AH78: 建造成本 | AI78: 建造时间 | AO78: 6 | AP78: 1400 | AQ78: 45000 | AR78: 12000 | AS78: 0.125 | AY78: 6 | AZ78: 1400 | BA78: 45000 | BB78: 12000 | BC78: 0.125 | BI78: 6 | BJ78: 3200 | BK78: 180000 | BL78: 3000000 | BM78: 3
F79: 射程：10格 | H79: 1 | I79: 150 | J79: 75 | K79: 2 | P79: 射程：10格 | R79: 1 | S79: 200 | T79: =S79*0.128 -> 25.6 | U79: 4 | AA79: 射程：3-10格 | AC79: 1 | AD79: 3600 | AE79: 140 | AF79: =AE79*3.228 -> 451.92 | AG79: 300 | AH79: 11200000 | AI79: 11.25 | AO79: 7 | AP79: 1600 | AQ79: 100000 | AR79: 25000 | AS79: 0.16666667 | AY79: 7 | AZ79: 1600 | BA79: 100000 | BB79: 25000 | BC79: 0.16666667 | BI79: 7 | BJ79: 3500 | BK79: 220000 | BL79: 4200000 | BM79: 3.5
F80: 攻速：0.5秒/次 | H80: 2 | I80: 175 | J80: 87.5 | K80: 2 | M80: 3000000 | N80: 1.5 | P80: 攻速：0.128秒/次 | R80: 2 | S80: 225 | T80: =S80*0.128 -> 28.8 | U80: 4 | W80: 7500000 | X80: 4.5 | AA80: 攻速：3.228秒/次 | AC80: 2 | AD80: 4200 | AE80: 170 | AF80: =AE80*3.228 -> 548.76 | AG80: 390 | AH80: 12800000 | AI80: 17 | AO80: 8 | AP80: 1700 | AQ80: 225000 | AR80: 50000 | AS80: 0.20833333 | AY80: 8 | AZ80: 1700 | BA80: 225000 | BB80: 50000 | BC80: 0.20833333 | BI80: 8 | BJ80: 3800 | BK80: 280000 | BL80: 6700000 | BM80: 7.5
F81: 12本防御组件 | H81: 3 | I81: 175 | J81: 87.5 | K81: 3 | M81: 4200000 | N81: 2.75 | P81: 13本防御组件 | R81: 3 | S81: 250 | T81: =S81*0.128 -> 32 | U81: 4 | V81: 4 | W81: 9000000 | X81: 6 | AA81: 西瓜数量：90 | AC81: 3 | AD81: 4800 | AE81: 190 | AF81: =AE81*3.228 -> 613.32 | AG81: 450 | AH81: 18000000 | AI81: 19 | AO81: 9 | AP81: 1800 | AQ81: 450000 | AR81: 100000 | AS81: 0.33333333 | AY81: 9 | AZ81: 1800 | BA81: 450000 | BB81: 100000 | BC81: 0.33333333 | BI81: 9 | BJ81: 4100 | BK81: 330000 | BL81: 11500000 | BM81: 14.25
F82: 附属于大本营 | H82: 4 | I82: 200 | J82: 100 | K82: 3 | M82: 5600000 | N82: 4.25 | P82: 触发延迟：0.5秒 | R82: 4 | S82: 275 | T82: =S82*0.128 -> 35.2 | U82: 4 | V82: 6 | W82: 11200000 | X82: 6.75 | AA82: 溅射半径：1格 | AO82: 10 | AP82: 1900 | AQ82: 850000 | AR82: 250000 | AS82: 0.5 | AY82: 10 | AZ82: 1900 | BA82: 850000 | BB82: 250000 | BC82: 0.5 | BI82: 10 | BJ82: 4300 | BK82: 350000 | BL82: 12500000 | BM82: 15
F83: 触发延迟：0.5秒 | H83: 5 | I83: 200 | J83: 100 | K83: 4 | L83: 1000 | M83: 7000000 | N83: 5.5 | P83: 自爆延迟：1.6秒 | R83: 5 | S83: 300 | T83: =S83*0.128 -> 38.4 | U83: 4 | V83: 8 | W83: 13500000 | X83: 8.25 | AA83: 出手时间：0.8秒 | AC83: 备注1：爆炸后根据攻击方向向前1-5格散射90°并造成散射伤害。 | AO83: 11 | AP83: 2100 | AQ83: 1750000 | AR83: 500000 | AS83: 0.66666667 | AY83: 11 | AZ83: 2100 | BA83: 1750000 | BB83: 500000 | BC83: 0.66666667
P84: 自爆伤害：1000 | R84: 备注：大本营被摧毁后除了爆炸伤害外，还会附加半径为5格的50%的攻速和移速降低。 | AA84: 占地：3*3 | AC84: 备注2：在此扇形内的1-5格根据距离受到100%到33.33%的散射伤害。 | AO84: 12 | AP84: 2500 | AQ84: 2000000 | AR84: 1000000 | AS84: 2 | AY84: 12 | AZ84: 2500 | BA84: 2000000 | BB84: 1000000 | BC84: 2
H85: 备注：5星电塔自爆半径为4格，延迟1.6秒，目标地空。 | AA85: 判定：2*2 | AO85: 13 | AP85: 2900 | AQ85: 3000000 | AR85: 2000000 | AS85: 4 | AY85: 13 | AZ85: 2900 | BA85: 3000000 | BB85: 2000000 | BC85: 4
AO86: 14 | AP86: 3300 | AQ86: 4000000 | AR86: 3500000 | AS86: 6.75 | AY86: 14 | AZ86: 3300 | BA86: 4000000 | BB86: 3500000 | BC86: 6.75
F87: 毒爆地狱组件 Townhall14 | H87: 远古烈焰 | P87: 魔能地狱组件 Townhall15 | R87: 魔能烈焰 | AA87: 连弩小屋组件 Worker Building | AC87: 弩箭 | AO87: 15 | AP87: 3700 | AQ87: 4500000 | AR87: 5500000 | AS87: 11.25 | AY87: 15 | AZ87: 3700 | BA87: 4500000 | BB87: 5500000 | BC87: 11.25
F88: 伏击陆空，目标4个 | H88: 星级 | I88: 每秒伤害 | J88: 最大毒伤 | K88: 移速降低 | L88: 攻速降低 | M88: 建造成本 | N88: 建造时间 | P88: 伏击陆空，目标4个 | R88: 星级 | S88: 每秒伤害 | T88: 自爆伤害 | U88: 最大毒伤 | V88: 爆炸范围 | W88: 建造成本 | X88: 建造时间 | AA88: 抵御陆空 | AC88: 等级 | AD88: 生命值 | AE88: 每秒伤害 | AF88: 每次伤害 | AG88: 每秒修复 | AH88: 每次修复 | AI88: 建造成本 | AJ88: 建造时间 | AO88: 16 | AP88: 3900 | AQ88: 5000000 | AR88: 6500000 | AS88: 12 | AY88: 16 | AZ88: 3900 | BA88: 5000000 | BB88: 6500000 | BC88: 12
F89: 射程：10格 | H89: 1 | I89: 300 | J89: 100 | K89: 0.3 | L89: 0.3 | P89: 射程：10格 | R89: 1 | S89: 300 | T89: 1000 | U89: 180 | V89: 4格 | AA89: 射程：7格 | AC89: 1 | AD89: 250
F90: 攻速：0.128秒/次 | H90: 2 | I90: 300 | J90: 120 | K90: 0.35 | L90: 0.35 | M90: 8500000 | N90: 8.5 | P90: 攻速：0.128秒/次 | R90: 2 | S90: 310 | T90: 1000 | U90: 180 | V90: 4格 | W90: 8500000 | X90: 8.5 | AA90: 攻速：0.4秒/次 | AC90: 2 | AD90: 1000 | AE90: 80 | AF90: =AE90*0.4 -> 32 | AG90: 50 | AH90: =AG90*0.75 -> 37.5 | AI90: 9000000 | AJ90: 9.5 | AM90: 战宠小屋 Pet Shop
F91: 14本防御组件 | H91: 3 | I91: 300 | J91: 140 | K91: 0.4 | L91: 0.4 | M91: 10500000 | N91: 10.5 | P91: 15本防御组件 | R91: 3 | S91: 310 | T91: 1100 | U91: 180 | V91: 4格 | W91: 10500000 | X91: 10.5 | AA91: 维修：0.75秒/次 | AC91: 3 | AD91: 1300 | AE91: 100 | AF91: =AE91*0.4 -> 40 | AG91: 55 | AH91: =AG91*0.75 -> 41.25 | AI91: 12000000 | AJ91: 11.208333 | AM91: 占地：3*3 | AO91: 等级 | AP91: 生命值 | AQ91: 解锁宠物 | AR91: 建造成本 | AS91: 建造时间
F92: 触发延迟：0.5秒 | H92: 4 | I92: 300 | J92: 160 | K92: 0.45 | L92: 0.45 | M92: 12300000 | N92: 12.25 | P92: 触发延迟：0.5秒 | R92: 4 | S92: 320 | T92: 1100 | U92: 180 | V92: 4格 | W92: 12300000 | X92: 12.25 | AA92: 单体伤害 | AC92: 4 | AD92: 1600 | AE92: 120 | AF92: =AE92*0.4 -> 48 | AG92: 60 | AH92: =AG92*0.75 -> 45 | AI92: 14500000 | AJ92: 13.25 | AM92: 判定：3*3 | AO92: 1 | AP92: 700 | AQ92: 莱希 | AR92: 14000000 | AS92: 12.25
F93: 自爆延迟：1.6秒 | H93: 5 | I93: 300 | J93: 180 | K93: 0.5 | L93: 0.5 | M93: 14200000 | N93: 13.25 | P93: 自爆延迟：1.6秒 | R93: 5 | S93: 320 | T93: 1100 | U93: 180 | V93: 4.5格 | W93: 14200000 | X93: 13.25 | AA93: 占地：2*2 | AC93: 备注：开战1.6秒后唤醒，建筑工人会维修小屋范围内的建筑 | AO93: 2 | AP93: 800 | AQ93: 闪枭 | AR93: 16500000 | AS93: 14.25
F94: 自爆伤害： | G94: 1000 | H94: 备注：大本营被摧毁后释放16秒的半径4格的毒药法术，对英雄100% | R94: 备注：大本营被摧毁后释放16秒的半径4格的毒药法术 | AA94: 判定：1*1 | AM94: 圣水建筑 | AO94: 3 | AP94: 900 | AQ94: 大牦 | AR94: 17500000 | AS94: 16
R95: 其对英雄伤害100%，对其他部队移动和攻击速度降低50% | AO95: 4 | AP95: 1000 | AQ95: 独角 | AR95: 18500000 | AS95: 18
F96: 法术塔 Spell Tower | AO96: 5 | AP96: 1050 | AQ96: 冰牙 | AR96: 19750000 | AS96: 19
F97: 陆空 | H97: 等级 | I97: 生命值 | J97: 建造成本 | K97: 建造时间 | L97: 解锁法术 | M97: 触发半径 | N97: 作用半径 | O97: 持续时间 | P97: 冷却时间 | AO97: 6 | AP97: 1100 | AQ97: 地兽 | AR97: 20000000 | AS97: 19.25
F98: 占地：2*2 | H98: 1 | I98: 2500 | J98: 14000000 | K98: 14 | L98: 狂暴法术 | M98: 9格 | N98: 6格 | O98: 18秒 | P98: 70秒 | AO98: 7 | AP98: 1150 | AQ98: 猛蜥 | AR98: 20250000 | AS98: 19.5
F99: 判定：1*1 | H99: 2 | I99: 2800 | J99: 16000000 | K99: 16 | L99: 毒药法术 | M99: 9格 | N99: 5格 | O99: 12秒 | P99: 70秒 | AO99: 8 | AP99: 1200 | AQ99: 凤凰 | AR99: 20500000 | AS99: 19.75
H100: 3 | I100: 3100 | J100: 18000000 | K100: 18 | L100: 隐形法术 | M100: 4.5格 | N100: 4.5格 | O100: 4.5秒 | P100: 50秒
AK102: 隐秘陷阱
...

Sheet 3.1夜本军队
A1: 3.1 夜本军队 | D1: 夜本军队 | AE1: 战争机器
A3: 夜本进攻的一切，训练无需成本时间，允许开战前换兵。 | D3: 索引 | AE3: 索引：
D4: 01.狂暴野蛮人 | AE4: 01.战争机器
A5: 大本等级 | B5: 图例样式 | C5: 简介 | D5: 02.隐秘弓箭手 | F5: 狂暴野蛮人 Barbarian2 | H5: 野蛮狂暴：在部署后的t秒狂暴，获得额外的移动速度和伤害 | R5: 隐秘弓箭手 Archer2 | T5: 隐形披风：在部署后的t秒隐身，不会被锁定为攻击目标 | Z5: 箭矢 | AG5: 战争机器 | AI5: 电磁战锤:释放后回复n生命值,并额外增加k的秒伤攻击三次,冷却14秒
A6: 1~4本 | B6: 4 | C6: 新手起源 | D6: 03.巨人拳击手 | F6: 攻击任何陆军 | H6: 等级 | I6: 生命值 | J6: 每秒伤害 | K6: 每次伤害 | L6: 狂暴时长 | M6: 狂暴秒伤 | N6: 兵营容量 | O6: 升级成本 | P6: 升级时间 | R6: 攻击任何陆空 | T6: 等级 | U6: 生命值 | V6: 每秒伤害 | W6: 隐形时长 | X6: 兵营容量 | Y6: 升级成本 | Z6: 升级时间 | AE6: >>夜本军队 | AG6: 攻击任何陆军 | AI6: 等级 | AJ6: 生命值 | AK6: 每秒伤害 | AL6: 每次伤害 | AM6: 升级成本 | AN6: 升级时间 | AO6: 技能等级 | AP6: 生命恢复 | AQ6: 秒伤增加
A7: 05本 | B7: 5 | C7: 游戏开始 | D7: 04.异变亡灵 | F7: 射程：0.4格 | H7: 1 | I7: 150 | J7: 50 | K7: =J7*0.8 -> 40 | L7: 4秒 | M7: 85 | N7: 4 | R7: 射程：3.5格 | T7: 1 | U7: 100 | V7: 36 | X7: 4 | AE7: ○主界面 | AG7: 射程：1.25格 | AI7: 1 | AJ7: 3600 | AK7: 125 | AL7: =AK7*1.2 -> 150 | AM7: 900000 | AN7: 0.5
A8: 06本 | B8: 6 | C8: 炽热之心 | D8: 05.炸弹兵 | F8: 攻速：0.8秒/次 | H8: 2 | I8: 150 | J8: 50 | K8: =J8*0.8 -> 40 | L8: 4秒 | M8: 85 | N8: 4 | O8: 3500 | P8: 0.00069444444 | R8: 攻速：1秒/次 | T8: 2 | U8: 100 | V8: 36 | W8: 3秒 | X8: 4 | Y8: 5000 | Z8: 0.0020833333 | AG8: 攻速：1.2秒/次 | AI8: 2 | AJ8: 3672 | AK8: 127 | AL8: =AK8*1.2 -> 152.4 | AM8: 1000000 | AN8: 0.5
A9: 07本 | B9: 7 | C9: 重炮出击 | D9: 06.飞龙宝宝 | F9: 移速：2.0格/秒 | H9: 3 | I9: 165 | J9: 55 | K9: =J9*0.8 -> 44 | L9: 4秒 | M9: 93.5 | N9: 4 | O9: 6000 | P9: 0.0034722222 | R9: 移速：3.0格/秒 | T9: 3 | U9: 110 | V9: 40 | W9: 3秒 | X9: 4 | Y9: 8000 | Z9: 0.0069444444 | AG9: 移速：2.0格/秒 | AI9: 3 | AJ9: 3745 | AK9: 130 | AL9: =AK9*1.2 -> 156 | AM9: 1100000 | AN9: 0.5
A10: 08本 | B10: 8 | C10: 电流狂欢 | D10: 07.加农炮战车 | F10: 单体攻击 | H10: 4 | I10: 165 | J10: 55 | K10: =J10*0.8 -> 44 | L10: 4秒 | M10: 93.5 | N10: 6 | O10: 9000 | P10: 0.010416667 | R10: 单体攻击 | T10: 4 | U10: 110 | V10: 40 | W10: 3秒 | X10: 6 | Y10: 12000 | Z10: 0.020833333 | AG10: 技能冷却：14秒 | AI10: 4 | AJ10: 3820 | AK10: 132 | AL10: =AK10*1.2 -> 158.4 | AM10: 1200000 | AN10: 1
A11: 09本 | B11: 9 | C11: 天地合奏 | D11: 08.暗夜女巫 | F11: 狂暴移速:4.0格/秒 | H11: 5 | I11: 182 | J11: 61 | K11: =J11*0.8 -> 48.8 | L11: 4秒 | M11: 103.7 | N11: 6 | O11: 50000 | P11: 0.125 | R11: 隐身时间:可变 | T11: 5 | U11: 121 | V11: 44 | W11: 3秒 | X11: 6 | Y11: 60000 | Z11: 0.16666667 | AG11: 技能作用：3次 | AI11: 5 | AJ11: 3896 | AK11: 135 | AL11: =AK11*1.2 -> 162 | AM11: 1300000 | AN11: 1 | AO11: 1 | AP11: 800 | AQ11: 270
D12: 09.骷髅气球 | F12: 狂暴秒伤:170% | H12: 6 | I12: 182 | J12: 61 | K12: =J12*0.8 -> 48.8 | L12: 4秒 | M12: 103.7 | N12: 10 | O12: 100000 | P12: 0.25 | T12: 6 | U12: 121 | V12: 44 | W12: 5秒 | X12: 6 | Y12: 120000 | Z12: 0.25 | AG12: 移速增加：0.5格/秒 | AI12: 6 | AJ12: 3954 | AK12: 137 | AL12: =AK12*1.2 -> 164.4 | AM12: 1500000 | AN12: 1 | AO12: 1 | AP12: 800 | AQ12: 270
D13: 10.超级皮卡 | F13: 弹射质量：2 | H13: 7 | I13: 200 | J13: 67 | K13: =J13*0.8 -> 53.6 | L13: 4秒 | M13: 113.9 | N13: 10 | O13: 300000 | P13: 0.5 | R13: 弹射质量：2 | T13: 7 | U13: 133 | V13: 48 | W13: 5秒 | X13: 6 | Y13: 320000 | Z13: 0.5 | AI13: 7 | AJ13: 4013 | AK13: 140 | AL13: =AK13*1.2 -> 168 | AM13: 1600000 | AN13: 1 | AO13: 1 | AP13: 800 | AQ13: 270
D14: 11.野猪飞骑 | H14: 8 | I14: 200 | J14: 67 | K14: =J14*0.8 -> 53.6 | L14: 8秒 | M14: 113.9 | N14: 10 | O14: 330000 | P14: 0.5 | T14: 8 | U14: 133 | V14: 48 | W14: 7秒 | X14: 6 | Y14: 350000 | Z14: 0.5 | AI14: 8 | AJ14: 4073 | AK14: 142 | AL14: =AK14*1.2 -> 170.4 | AM14: 1700000 | AN14: 1 | AO14: 1 | AP14: 800 | AQ14: 270
H15: 9 | I15: 220 | J15: 74 | K15: =J15*0.8 -> 59.2 | L15: 8秒 | M15: 125.8 | N15: 10 | O15: 700000 | P15: 1 | T15: 9 | U15: 146 | V15: 53 | W15: 7秒 | X15: 6 | Y15: 800000 | Z15: 1 | AI15: 9 | AJ15: 4134 | AK15: 145 | AL15: =AK15*1.2 -> 174 | AM15: 1800000 | AN15: 1 | AO15: 1 | AP15: 800 | AQ15: 270
D16: >>战争机器 | H16: 10 | I16: 220 | J16: 74 | K16: =J16*0.8 -> 59.2 | L16: 8秒 | M16: 125.8 | N16: 15 | O16: 900000 | P16: 1 | T16: 10 | U16: 146 | V16: 53 | W16: 7秒 | X16: 8 | Y16: 1000000 | Z16: 1 | AI16: 10 | AJ16: 4196 | AK16: 147 | AL16: =AK16*1.2 -> 176.4 | AM16: 1900000 | AN16: 1 | AO16: 2 | AP16: 850 | AQ16: 294
D17: ○主界面 | H17: 11 | I17: 242 | J17: 81 | K17: =J17*0.8 -> 64.8 | L17: 8秒 | M17: 137.7 | N17: 15 | O17: 1000000 | P17: 2 | T17: 11 | U17: 161 | V17: 58 | W17: 7秒 | X17: 8 | Y17: 1100000 | Z17: 2 | AI17: 11 | AJ17: 4238 | AK17: 150 | AL17: =AK17*1.2 -> 180 | AM17: 2100000 | AN17: 2 | AO17: 2 | AP17: 850 | AQ17: 294
H18: 12 | I18: 242 | J18: 81 | K18: =J18*0.8 -> 64.8 | L18: 12秒 | M18: 137.7 | N18: 15 | O18: 1200000 | P18: 2 | T18: 12 | U18: 161 | V18: 58 | W18: 8秒 | X18: 8 | Y18: 1300000 | Z18: 2 | AI18: 12 | AJ18: 4280 | AK18: 154 | AL18: =AK18*1.2 -> 184.8 | AM18: 2200000 | AN18: 2 | AO18: 2 | AP18: 850 | AQ18: 294
H19: 13 | I19: 266 | J19: 89 | K19: =J19*0.8 -> 71.2 | L19: 12秒 | M19: 151.3 | N19: 15 | O19: 2000000 | P19: 3 | T19: 13 | U19: 177 | V19: 64 | W19: 8秒 | X19: 8 | Y19: 2100000 | Z19: 3 | AI19: 13 | AJ19: 4323 | AK19: 157 | AL19: =AK19*1.2 -> 188.4 | AM19: 2300000 | AN19: 2 | AO19: 2 | AP19: 850 | AQ19: 294
H20: 14 | I20: 266 | J20: 89 | K20: =J20*0.8 -> 71.2 | L20: 12秒 | M20: 151.3 | N20: 20 | O20: 2200000 | P20: 3 | T20: 14 | U20: 177 | V20: 64 | W20: 8秒 | X20: 10 | Y20: 2300000 | Z20: 3 | AI20: 14 | AJ20: 4366 | AK20: 160 | AL20: =AK20*1.2 -> 192 | AM20: 2400000 | AN20: 2 | AO20: 2 | AP20: 850 | AQ20: 294
H21: 15 | I21: 293 | J21: 98 | K21: =J21*0.8 -> 78.4 | L21: 12秒 | M21: 166.6 | N21: 20 | O21: 3000000 | P21: 4 | T21: 15 | U21: 195 | V21: 70 | W21: 8秒 | X21: 10 | Y21: 3100000 | Z21: 4 | AI21: 15 | AJ21: 4410 | AK21: 164 | AL21: =AK21*1.2 -> 196.8 | AM21: 2500000 | AN21: 2 | AO21: 3 | AP21: 900 | AQ21: 328
H22: 16 | I22: 293 | J22: 98 | K22: =J22*0.8 -> 78.4 | L22: 16秒 | M22: 166.6 | N22: 20 | O22: 3200000 | P22: 4 | T22: 16 | U22: 195 | V22: 70 | W22: 8秒 | X22: 12 | Y22: 3300000 | Z22: 4 | AI22: 16 | AJ22: 4454 | AK22: 167 | AL22: =AK22*1.2 -> 200.4 | AM22: 2600000 | AN22: 3 | AO22: 3 | AP22: 900 | AQ22: 328
H23: 17 | I23: 322 | J23: 108 | K23: =J23*0.8 -> 86.4 | L23: 16秒 | M23: 183.6 | N23: 20 | O23: 3800000 | P23: 5 | T23: 17 | U23: 215 | V23: 77 | W23: 8秒 | X23: 12 | Y23: 3900000 | Z23: 5 | AI23: 17 | AJ23: 4499 | AK23: 170 | AL23: =AK23*1.2 -> 204 | AM23: 2700000 | AN23: 3 | AO23: 3 | AP23: 900 | AQ23: 328
H24: 18 | I24: 322 | J24: 108 | K24: =J24*0.8 -> 86.4 | L24: 20秒 | M24: 183.6 | N24: 20 | O24: 4000000 | P24: 5 | T24: 18 | U24: 215 | V24: 77 | W24: 8秒 | X24: 14 | Y24: 4100000 | Z24: 5 | AI24: 18 | AJ24: 4544 | AK24: 174 | AL24: =AK24*1.2 -> 208.8 | AM24: 2800000 | AN24: 3 | AO24: 3 | AP24: 900 | AQ24: 328
AI25: 19 | AJ25: 4589 | AK25: 177 | AL25: =AK25*1.2 -> 212.4 | AM25: 2900000 | AN25: 3 | AO25: 3 | AP25: 900 | AQ25: 328
AI26: 20 | AJ26: 4635 | AK26: 180 | AL26: =AK26*1.2 -> 216 | AM26: 3000000 | AN26: 3 | AO26: 4 | AP26: 950 | AQ26: 360
F27: 巨人拳击手 Giant2 | H27: 重拳出击：首次攻击目标造成 x% 的伤害 | R27: 异变亡灵 Gargoyle2 | T27: 远程狙杀：前k次攻击为远程攻击 | Z27: 谢特 | AI27: 21 | AJ27: 4681 | AK27: 186 | AL27: =AK27*1.2 -> 223.2 | AM27: 3100000 | AN27: 3 | AO27: 4 | AP27: 950 | AQ27: 360
F28: 优先攻击防御 | H28: 等级 | I28: 生命值 | J28: 每秒伤害 | K28: 每次伤害 | L28: 伤害比例 | M28: 首次伤害 | N28: 兵营容量 | O28: 升级所需 | P28: 升级时间 | R28: 攻击任何陆空 | T28: 等级 | U28: 生命值 | V28: 每秒伤害 | W28: 狙击次数 | X28: 兵营容量 | Y28: 升级成本 | Z28: 升级时间 | AI28: 22 | AJ28: 4728 | AK28: 192 | AL28: =AK28*1.2 -> 230.4 | AM28: 3200000 | AN28: 3 | AO28: 4 | AP28: 950 | AQ28: 360
F29: 射程：1格 | H29: 1 | I29: 1200 | J29: 36 | K29: =J29*2 -> 72 | M29: 72 | N29: 2 | R29: 射程：4格 | T29: 1 | U29: 100 | V29: 36 | X29: 4 | AI29: 23 | AJ29: 4775 | AK29: 198 | AL29: =AK29*1.2 -> 237.6 | AM29: 3300000 | AN29: 3 | AO29: 4 | AP29: 950 | AQ29: 360
F30: 攻速：2秒/次 | H30: 2 | I30: 1200 | J30: 36 | K30: =J30*2 -> 72 | L30: 2.5 | M30: 180 | N30: 2 | O30: 20000 | P30: 0.020833333 | R30: 攻速：1秒/次 | T30: 2 | U30: 100 | V30: 36 | W30: 2 | X30: 4 | Y30: 50000 | Z30: 0.041666667 | AI30: 24 | AJ30: 4823 | AK30: 204 | AL30: =AK30*1.2 -> 244.8 | AM30: 3400000 | AN30: 3 | AO30: 4 | AP30: 950 | AQ30: 360
F31: 移速：1.5格/秒 | H31: 3 | I31: 1320 | J31: 40 | K31: =J31*2 -> 80 | L31: 2.5 | M31: 200 | N31: 2 | O31: 40000 | P31: 0.041666667 | R31: 移速：4.0格/秒 | T31: 3 | U31: 110 | V31: 40 | W31: 2 | X31: 4 | Y31: 80000 | Z31: 0.125 | AI31: 25 | AJ31: 4871 | AK31: 210 | AL31: =AK31*1.2 -> 252 | AM31: 3500000 | AN31: 3 | AO31: 5 | AP31: 1000 | AQ31: 400
F32: 单体攻击 | H32: 4 | I32: 1520 | J32: 40 | K32: =J32*2 -> 80 | L32: 2.5 | M32: 200 | N32: 2 | O32: 60000 | P32: 0.083333333 | R32: 单体攻击 | T32: 4 | U32: 110 | V32: 40 | W32: 3 | X32: 4 | Y32: 120000 | Z32: 0.20833333 | AI32: 26 | AJ32: 4920 | AK32: 218 | AL32: =AK32*1.2 -> 261.6 | AM32: 3600000 | AN32: 4 | AO32: 5 | AP32: 1000 | AQ32: 400
F33: 重拳出击:首次 | H33: 5 | I33: 1652 | J33: 44 | K33: =J33*2 -> 88 | L33: 2.5 | M33: 220 | N33: 2 | O33: 300000 | P33: 0.33333333 | R33: 狙击距离:8格 | T33: 5 | U33: 121 | V33: 44 | W33: 3 | X33: 4 | Y33: 250000 | Z33: 0.33333333 | AI33: 27 | AJ33: 4970 | AK33: 226 | AL33: =AK33*1.2 -> 271.2 | AM33: 3700000 | AN33: 4 | AO33: 5 | AP33: 1000 | AQ33: 400
F34: 伤害比例:可变 | H34: 6 | I34: 1652 | J34: 44 | K34: =J34*2 -> 88 | L34: 3 | M34: 264 | N34: 2 | O34: 320000 | P34: 0.5 | R34: 狙击次数:可变 | T34: 6 | U34: 121 | V34: 44 | W34: 3 | X34: 6 | Y34: 280000 | Z34: 0.5 | AI34: 28 | AJ34: 5020 | AK34: 234 | AL34: =AK34*1.2 -> 280.8 | AM34: 3800000 | AN34: 4 | AO34: 5 | AP34: 1000 | AQ34: 400
F35: 弹射质量：8 | H35: 7 | I35: 1797 | J35: 48 | K35: =J35*2 -> 96 | L35: 3 | M35: 288 | N35: 2 | O35: 340000 | P35: 0.5 | T35: 7 | U35: 133 | V35: 48 | W35: 4 | X35: 6 | Y35: 320000 | Z35: 0.5 | AI35: 29 | AJ35: 5071 | AK35: 242 | AL35: =AK35*1.2 -> 290.4 | AM35: 3900000 | AN35: 4 | AO35: 5 | AP35: 1000 | AQ35: 400
H36: 8 | I36: 1797 | J36: 48 | K36: =J36*2 -> 96 | L36: 3 | M36: 288 | N36: 3 | O36: 380000 | P36: 0.5 | T36: 8 | U36: 133 | V36: 48 | W36: 4 | X36: 6 | Y36: 360000 | Z36: 0.5 | AI36: 30 | AJ36: 5122 | AK36: 250 | AL36: =AK36*1.2 -> 300 | AM36: 4000000 | AN36: 4 | AO36: 6 | AP36: 1050 | AQ36: 450
H37: 9 | I37: 1957 | J37: 53 | K37: =J37*2 -> 106 | L37: 3 | M37: 318 | N37: 3 | O37: 1000000 | P37: 1 | T37: 9 | U37: 146 | V37: 53 | W37: 4 | X37: 6 | Y37: 900000 | Z37: 1
H38: 10 | I38: 1957 | J38: 53 | K38: =J38*2 -> 106 | L38: 4 | M38: 424 | N38: 3 | O38: 1200000 | P38: 1 | T38: 10 | U38: 146 | V38: 53 | W38: 4 | X38: 8 | Y38: 1100000 | Z38: 1
H39: 11 | I39: 2133 | J39: 58 | K39: =J39*2 -> 116 | L39: 4 | M39: 464 | N39: 3 | O39: 1300000 | P39: 2 | T39: 11 | U39: 161 | V39: 58 | W39: 4 | X39: 8 | Y39: 1300000 | Z39: 2
H40: 12 | I40: 2383 | J40: 58 | K40: =J40*2 -> 116 | L40: 4 | M40: 464 | N40: 3 | O40: 1500000 | P40: 2 | T40: 12 | U40: 161 | V40: 58 | W40: 4 | X40: 10 | Y40: 1500000 | Z40: 2
H41: 13 | I41: 2576 | J41: 64 | K41: =J41*2 -> 128 | L41: 4 | M41: 512 | N41: 3 | O41: 2300000 | P41: 3 | T41: 13 | U41: 177 | V41: 64 | W41: 4 | X41: 10 | Y41: 2300000 | Z41: 3
H42: 14 | I42: 2576 | J42: 64 | K42: =J42*2 -> 128 | L42: 5 | M42: 640 | N42: 3 | O42: 2500000 | P42: 3 | T42: 14 | U42: 177 | V42: 64 | W42: 4 | X42: 10 | Y42: 2500000 | Z42: 3
H43: 15 | I43: 2789 | J43: 70 | K43: =J43*2 -> 140 | L43: 5 | M43: 700 | N43: 3 | O43: 3300000 | P43: 4 | T43: 15 | U43: 195 | V43: 70 | W43: 4 | X43: 10 | Y43: 3300000 | Z43: 4
H44: 16 | I44: 2789 | J44: 70 | K44: =J44*2 -> 140 | L44: 5 | M44: 700 | N44: 4 | O44: 3500000 | P44: 4 | T44: 16 | U44: 195 | V44: 70 | W44: 5 | X44: 10 | Y44: 3500000 | Z44: 4
H45: 17 | I45: 3068 | J45: 77 | K45: =J45*2 -> 154 | L45: 5 | M45: 770 | N45: 4 | O45: 4000000 | P45: 5 | T45: 17 | U45: 215 | V45: 77 | W45: 5 | X45: 10 | Y45: 4000000 | Z45: 5
H46: 18 | I46: 3375 | J46: 85 | K46: =J46*2 -> 170 | L46: 5 | M46: 850 | N46: 4 | O46: 4200000 | P46: 5 | T46: 18 | U46: 215 | V46: 77 | W46: 5 | X46: 12 | Y46: 4200000 | Z46: 5
F49: 炸弹兵 Bomber2 | H49: 强力炸弹：扔出第一个炸弹造成 x% 的伤害 | O49: 手榴弹 | R49: 飞龙宝宝 BabyDragon2 | T49: 火冒三丈：飞龙宝宝在4.5格半径内没有其他空中部队时，伤害提升 x% | AB49: 小火球
F50: 优先攻击城墙 | H50: 等级 | I50: 生命值 | J50: 每秒伤害 | K50: 每次伤害 | L50: 伤害比例 | M50: 首次伤害 | N50: 兵营容量 | O50: 升级成本 | P50: 升级时间 | R50: 攻击任何陆空 | T50: 等级 | U50: 生命值 | V50: 每秒伤害 | W50: 伤害增加 | X50: 狂暴攻速 | Y50: 狂暴秒伤 | Z50: 兵营容量 | AA50: 升级所需 | AB50: 升级时间
F51: 射程：3.5格 | H51: 1 | I51: 100 | J51: 36 | K51: =J51*2 -> 72 | M51: 72 | N51: 2 | R51: 射程：2.5格 | T51: 1 | U51: 645 | V51: 40 | X51: 1.00秒/次 | Y51: 40 | Z51: 2
F52: 攻速：2秒/次 | H52: 2 | I52: 100 | J52: 36 | K52: =J52*2 -> 72 | L52: 2 | M52: 144 | N52: 2 | O52: 150000 | P52: 0.125 | R52: 攻速：1秒/次 | T52: 2 | U52: 645 | V52: 40 | W52: 0.4 | X52: 0.83秒/次 | Y52: 67.2 | Z52: 2 | AA52: 200000 | AB52: 0.20833333
F53: 移速：2.0格/秒 | H53: 3 | I53: 110 | J53: 40 | K53: =J53*2 -> 80 | L53: 2 | M53: 160 | N53: 2 | O53: 200000 | P53: 0.20833333 | R53: 移速：2.5格/秒 | T53: 3 | U53: 710 | V53: 44 | W53: 0.4 | X53: 0.83秒/次 | Y53: 73.92 | Z53: 2 | AA53: 240000 | AB53: 0.33333333
F54: 溅射半径:2格 | H54: 4 | I54: 110 | J54: 40 | K54: =J54*2 -> 80 | L54: 2 | M54: 160 | N54: 3 | O54: 250000 | P54: 0.33333333 | R54: 溅射半径:0.3格 | T54: 4 | U54: 710 | V54: 44 | W54: 0.6 | X54: 0.76秒/次 | Y54: 91.52 | Z54: 2 | AA54: 280000 | AB54: 0.5
F55: 克城墙(伤害*15) | H55: 5 | I55: 121 | J55: 44 | K55: =J55*2 -> 88 | L55: 2 | M55: 176 | N55: 3 | O55: 280000 | P55: 0.5 | R55: 伤害增加:可变 | T55: 5 | U55: 781 | V55: 48 | W55: 0.6 | X55: 0.76秒/次 | Y55: 99.84 | Z55: 2 | AA55: 320000 | AB55: 0.5
F56: 强力炸弹:首次 | H56: 6 | I56: 121 | J56: 44 | K56: =J56*2 -> 88 | L56: 2.5 | M56: 220 | N56: 3 | O56: 320000 | P56: 0.5 | R56: 攻速增加:可变 | T56: 6 | U56: 781 | V56: 48 | W56: 0.8 | X56: 0.71秒/次 | Y56: 120.96 | Z56: 2 | AA56: 360000 | AB56: 0.5
F57: 伤害比例:可变 | H57: 7 | I57: 133 | J57: 48 | K57: =J57*2 -> 96 | L57: 2.5 | M57: 240 | N57: 3 | O57: 340000 | P57: 0.5 | T57: 7 | U57: 859 | V57: 53 | W57: 0.8 | X57: 0.71秒/次 | Y57: 133.56 | Z57: 2 | AA57: 380000 | AB57: 0.5
F58: 弹射质量：4 | H58: 8 | I58: 133 | J58: 48 | K58: =J58*2 -> 96 | L58: 3 | M58: 288 | N58: 3 | O58: 360000 | P58: 0.5 | T58: 8 | U58: 859 | V58: 53 | W58: 1 | X58: 0.66秒/次 | Y58: 159 | Z58: 2 | AA58: 400000 | AB58: 0.5
H59: 9 | I59: 146 | J59: 53 | K59: =J59*2 -> 106 | L59: 3 | M59: 318 | N59: 3 | O59: 900000 | P59: 1 | T59: 9 | U59: 950 | V59: 58 | W59: 1 | X59: 0.66秒/次 | Y59: 174 | Z59: 2 | AA59: 1000000 | AB59: 1
H60: 10 | I60: 146 | J60: 53 | K60: =J60*2 -> 106 | L60: 3 | M60: 318 | N60: 4 | O60: 1000000 | P60: 1 | T60: 10 | U60: 950 | V60: 58 | W60: 1 | X60: 0.66秒/次 | Y60: 174 | Z60: 3 | AA60: 1200000 | AB60: 1
H61: 11 | I61: 161 | J61: 58 | K61: =J61*2 -> 116 | L61: 3 | M61: 348 | N61: 4 | O61: 1200000 | P61: 2 | T61: 11 | U61: 1045 | V61: 64 | W61: 1 | X61: 0.66秒/次 | Y61: 192 | Z61: 3 | AA61: 1400000 | AB61: 2
H62: 12 | I62: 161 | J62: 58 | K62: =J62*2 -> 116 | L62: 3.5 | M62: 406 | N62: 4 | O62: 1400000 | P62: 2 | T62: 12 | U62: 1045 | V62: 64 | W62: 1.2 | X62: 0.62秒/次 | Y62: 225.28 | Z62: 3 | AA62: 1600000 | AB62: 2
H63: 13 | I63: 177 | J63: 64 | K63: =J63*2 -> 128 | L63: 3.5 | M63: 448 | N63: 4 | O63: 2200000 | P63: 3 | T63: 13 | U63: 1150 | V63: 70 | W63: 1.2 | X63: 0.62秒/次 | Y63: 246.4 | Z63: 3 | AA63: 2400000 | AB63: 3
H64: 14 | I64: 177 | J64: 64 | K64: =J64*2 -> 128 | L64: 4 | M64: 512 | N64: 4 | O64: 2400000 | P64: 3 | T64: 14 | U64: 1150 | V64: 70 | W64: 1.4 | X64: 0.58秒/次 | Y64: 285.6 | Z64: 3 | AA64: 2600000 | AB64: 3
H65: 15 | I65: 195 | J65: 70 | K65: =J65*2 -> 140 | L65: 4 | M65: 560 | N65: 4 | O65: 3200000 | P65: 4 | T65: 15 | U65: 1265 | V65: 77 | W65: 1.4 | X65: 0.58秒/次 | Y65: 314.16 | Z65: 3 | AA65: 3400000 | AB65: 4
H66: 16 | I66: 195 | J66: 70 | K66: =J66*2 -> 140 | L66: 4 | M66: 560 | N66: 5 | O66: 3400000 | P66: 4 | T66: 16 | U66: 1265 | V66: 77 | W66: 1.6 | X66: 0.55秒/次 | Y66: 360.36 | Z66: 3 | AA66: 3600000 | AB66: 4
H67: 17 | I67: 215 | J67: 77 | K67: =J67*2 -> 154 | L67: 4 | M67: 616 | N67: 5 | O67: 3900000 | P67: 5 | T67: 17 | U67: =U66+127 -> 1392 | V67: 85 | W67: 1.6 | X67: 0.55秒/次 | Y67: 401.8 | Z67: 3 | AA67: 4100000 | AB67: 5
H68: 18 | I68: 215 | J68: 77 | K68: =J68*2 -> 154 | L68: 4.5 | M68: 693 | N68: 5 | O68: 4100000 | P68: 5 | T68: 18 | U68: 1392 | V68: 85 | W68: 1.6 | X68: 0.55秒/次 | Y68: 401.8 | Z68: 4 | AA68: 4300000 | AB68: 5
T69: 备注：飞龙宝宝狂暴下也会增加攻击速度，增幅是每次伤害的50%
F71: 加农炮战车 Moving Cannon | H71: 奋战到底：被摧毁后，获得n临时生命值并继续射击 | N71: 加农炮弹 | R71: 暗夜女巫 Dark Witch | T71: 蝙蝠召唤：被消灭时，最终召唤n只蝙蝠 | AC71: 黑魔法
F72: 攻击任何陆军 | H72: 等级 | I72: 生命值 | J72: 每秒伤害 | K72: 每次伤害 | L72: 临时生命 | M72: 兵营容量 | N72: 升级成本 | O72: 升级时间 | R72: 攻击任何陆空 | T72: 等级 | U72: 生命值 | V72: 每秒伤害 | W72: 每次伤害 | X72: 召唤间隔 | Y72: 召唤数量 | Z72: 召唤上限 | AA72: 最终召唤 | AB72: 兵营容量 | AC72: 升级所需 | AD72: 升级时间
F73: 射程：4.5格 | H73: 1 | I73: 200 | J73: 85 | K73: =J73*1.2 -> 102 | M73: 2 | R73: 射程：4格 | T73: 1 | U73: 200 | V73: 90 | W73: =V73*0.7 -> 63 | X73: 6.8秒 | Y73: 2 | Z73: 3 | AB73: 2
F74: 攻速：1.2秒/次 | H74: 2 | I74: 200 | J74: 85 | K74: =J74*1.2 -> 102 | L74: 100 | M74: 2 | N74: 400000 | O74: 0.5 | R74: 攻速：0.7秒/次 | T74: 2 | U74: 200 | V74: 90 | W74: =V74*0.7 -> 63 | X74: 5.6秒 | Y74: 2 | Z74: 3 | AB74: 2 | AC74: 600000 | AD74: 0.5
F75: 移速：2.0格/秒 | H75: 3 | I75: 220 | J75: 94 | K75: =J75*1.2 -> 112.8 | L75: 100 | M75: 2 | N75: 500000 | O75: 0.5 | R75: 移速：1.5格/秒 | T75: 3 | U75: 220 | V75: 99 | W75: =V75*0.7 -> 69.3 | X75: 5.6秒 | Y75: 2 | Z75: 3 | AB75: 2 | AC75: 700000 | AD75: 0.5
F76: 单体攻击 | H76: 4 | I76: 220 | J76: 94 | K76: =J76*1.2 -> 112.8 | L76: 150 | M76: 2 | N76: 600000 | O76: 1 | R76: 溅射半径:0.3格 | T76: 4 | U76: 220 | V76: 99 | W76: =V76*0.7 -> 69.3 | X76: 5.6秒 | Y76: 2 | Z76: 3 | AA76: 2 | AB76: 2 | AC76: 800000 | AD76: 1
F77: 最终射程：5.5格 | H77: 5 | I77: 242 | J77: 103 | K77: =J77*1.2 -> 123.6 | L77: 150 | M77: 2 | N77: 700000 | O77: 1 | R77: 最终召唤:可变 | T77: 5 | U77: 242 | V77: 109 | W77: =V77*0.7 -> 76.3 | X77: 5.6秒 | Y77: 2 | Z77: 3 | AA77: 2 | AB77: 2 | AC77: 900000 | AD77: 1
F78: 生命损耗：25/秒 | H78: 6 | I78: 242 | J78: 120 | K78: =J78*1.2 -> 144 | L78: 150 | M78: 2 | N78: 800000 | O78: 1 | R78: 弹射质量：12 | T78: 6 | U78: 242 | V78: 109 | W78: =V78*0.7 -> 76.3 | X78: 6.8秒 | Y78: 3 | Z78: 4 | AA78: 2 | AB78: 2 | AC78: 1000000 | AD78: 2
F79: 弹射质量：8 | H79: 7 | I79: 266 | J79: 130 | K79: =J79*1.2 -> 156 | L79: 150 | M79: 2 | N79: 900000 | O79: 1 | R79: 蝙蝠属性 | T79: 7 | U79: 266 | V79: 120 | W79: =V79*0.7 -> 84 | X79: 6.8秒 | Y79: 3 | Z79: 4 | AA79: 2 | AB79: 2 | AC79: 1100000 | AD79: 2
H80: 8 | I80: 266 | J80: 130 | K80: =J80*1.2 -> 156 | L80: 200 | M80: 2 | N80: 1000000 | O80: 1 | R80: 生命值： 10 | T80: 8 | U80: 266 | V80: 120 | W80: =V80*0.7 -> 84 | X80: 5.6秒 | Y80: 3 | Z80: 4 | AA80: 2 | AB80: 2 | AC80: 1200000 | AD80: 2
H81: 9 | I81: 293 | J81: 141 | K81: =J81*1.2 -> 169.2 | L81: 200 | M81: 2 | N81: 1100000 | O81: 1 | R81: 秒 伤： 20 | T81: 9 | U81: 293 | V81: 132 | W81: =V81*0.7 -> 92.4 | X81: 5.6秒 | Y81: 3 | Z81: 4 | AA81: 2 | AB81: 2 | AC81: 1300000 | AD81: 2
H82: 10 | I82: 293 | J82: 141 | K82: =J82*1.2 -> 169.2 | L82: 200 | M82: 3 | N82: 1200000 | O82: 1 | R82: 射 程： 0.8格 | T82: 10 | U82: 293 | V82: 132 | W82: =V82*0.7 -> 92.4 | X82: 5.6秒 | Y82: 3 | Z82: 4 | AA82: 4 | AB82: 2 | AC82: 1400000 | AD82: 2
H83: 11 | I83: 322 | J83: 153 | K83: =J83*1.2 -> 183.6 | L83: 200 | M83: 3 | N83: 1400000 | O83: 2 | R83: 攻 速： 2秒/次 | T83: 11 | U83: 322 | V83: 145 | W83: =V83*0.7 -> 101.5 | X83: 5.6秒 | Y83: 3 | Z83: 4 | AA83: 4 | AB83: 2 | AC83: 1600000 | AD83: 2
H84: 12 | I84: 322 | J84: 153 | K84: =J84*1.2 -> 183.6 | L84: 300 | M84: 3 | N84: 1600000 | O84: 2 | R84: 移 速： 7.0格/秒 | T84: 12 | U84: 322 | V84: 145 | W84: =V84*0.7 -> 101.5 | X84: 6.8秒 | Y84: 4 | Z84: 5 | AA84: 4 | AB84: 2 | AC84: 1800000 | AD84: 2
H85: 13 | I85: 354 | J85: 167 | K85: =J85*1.2 -> 200.4 | L85: 300 | M85: 3 | N85: 2400000 | O85: 3 | R85: 出手时间 1秒 | T85: 13 | U85: 354 | V85: 160 | W85: =V85*0.7 -> 112 | X85: 6.8秒 | Y85: 4 | Z85: 5 | AA85: 4 | AB85: 2 | AC85: 2500000 | AD85: 3
H86: 14 | I86: 354 | J86: 184 | K86: =J86*1.2 -> 220.8 | L86: 300 | M86: 3 | N86: 2600000 | O86: 3 | T86: 14 | U86: 354 | V86: 160 | W86: =V86*0.7 -> 112 | X86: 5.6秒 | Y86: 4 | Z86: 5 | AA86: 4 | AB86: 2 | AC86: 2700000 | AD86: 3
H87: 15 | I87: 389 | J87: 199 | K87: =J87*1.2 -> 238.8 | L87: 300 | M87: 3 | N87: 3400000 | O87: 4 | T87: 15 | U87: 389 | V87: 176 | W87: =V87*0.7 -> 123.2 | X87: 5.6秒 | Y87: 4 | Z87: 5 | AA87: 4 | AB87: 2 | AC87: 3500000 | AD87: 4
H88: 16 | I88: 389 | J88: 216 | K88: =J88*1.2 -> 259.2 | L88: 300 | M88: 3 | N88: 3600000 | O88: 4 | T88: 16 | U88: 389 | V88: 176 | W88: =V88*0.7 -> 123.2 | X88: 5.6秒 | Y88: 4 | Z88: 5 | AA88: 6 | AB88: 2 | AC88: 3700000 | AD88: 4
H89: 17 | I89: 428 | J89: 233 | K89: =J89*1.2 -> 279.6 | L89: 300 | M89: 3 | N89: 4100000 | O89: 5 | T89: 17 | U89: 428 | V89: =V88+19 -> 195 | W89: =V89*0.7 -> 136.5 | X89: 5.6秒 | Y89: 4 | Z89: 5 | AA89: 6 | AB89: 2 | AC89: 4200000 | AD89: 5
H90: 18 | I90: 471 | J90: 251 | K90: =J90*1.2 -> 301.2 | L90: 300 | M90: 3 | N90: 4300000 | O90: 5 | T90: 18 | U90: 471 | V90: =V89+19 -> 214 | W90: =V90*0.7 -> 149.8 | X90: 5.6秒 | Y90: 4 | Z90: 5 | AA90: 6 | AB90: 2 | AC90: 4400000 | AD90: 5
H91: 备注：如果被弹簧弹射或者等级过低导致可以被巨加一发秒，则不会触发奋战到底
F93: 骷髅气球 Balloon2 | H93: 骷髅绽放：被摧毁时造成n伤害，最终投放k个骷髅 | R93: 超级皮卡 PEKKA2 | T93: 能量过载:被摧毁后自爆产生n伤害
F94: 攻击任何陆军 | H94: 等级 | I94: 生命值 | J94: 投放间隔 | K94: 最终投放 | L94: 坠落伤害 | M94: 兵营容量 | N94: 升级成本 | O94: 升级时间 | R94: 攻击任何陆军 | T94: 等级 | U94: 生命值 | V94: 每秒伤害 | W94: 每次伤害 | X94: 自爆伤害 | Y94: 兵营容量 | Z94: 升级所需 | AA94: 升级时间
F95: 射程：0.5格 | H95: 1 | I95: 1320 | J95: 6.00秒 | M95: 2 | R95: 射程：0.8格 | T95: 1 | U95: 3135 | V95: 305 | W95: =V95*1.8 -> 549 | Y95: 1
F96: 移速：1.5格/秒 | H96: 2 | I96: 1320 | J96: 6.00秒 | K96: 4 | L96: 100 | M96: 2 | N96: 1100000 | O96: 0.5 | R96: 攻速：1.8秒/次 | T96: 2 | U96: 3135 | V96: 305 | W96: =V96*1.8 -> 549 | X96: 400 | Y96: 1 | Z96: 1600000 | AA96: 1
F97: 投放数量：3 | H97: 3 | I97: 1452 | J97: 6.00秒 | K97: 4 | L97: 100 | M97: 2 | N97: 1200000 | O97: 0.5 | R97: 移速：2.4格/秒 | T97: 3 | U97: 3449 | V97: 336 | W97: =V97*1.8 -> 604.8 | X97: 400 | Y97: 1 | Z97: 1700000 | AA97: 1
F98: 投放上限：9 | H98: 4 | I98: 1452 | J98: 5.22秒 | K98: 4 | L98: 100 | M98: 2 | N98: 1300000 | O98: 1 | R98: 单体攻击 | T98: 4 | U98: 3449 | V98: 336 | W98: =V98*1.8 -> 604.8 | X98: 480 | Y98: 1 | Z98: 1800000 | AA98: 2
F99: 投放时间：2.7秒 | H99: 5 | I99: 1597 | J99: 5.22秒 | K99: 4 | L99: 100 | M99: 2 | N99: 1400000 | O99: 1 | R99: 自爆延迟：1.5秒 | T99: 5 | U99: 3794 | V99: 369 | W99: =V99*1.8 -> 664.2 | X99: 480 | Y99: 1 | Z99: 1900000 | AA99: 2
F100: 坠落溅射：2.7格 | H100: 6 | I100: 1597 | J100: 5.22秒 | K100: 6 | L100: 150 | M100: 2 | N100: 1500000 | O100: 2 | R100: 自爆半径：2格 | T100: 6 | U100: 3794 | V100: 369 | W100: =V100*1.8 -> 664.2 | X100: 580 | Y100: 1 | Z100: 2000000 | AA100: 3
H101: 7 | I101: 1757 | J101: 5.22秒 | K101: 6 | L101: 150 | M101: 2 | N101: 1600000 | O101: 2 | R101: 弹射质量：25 | T101: 7 | U101: 4173 | V101: 406 | W101: =V101*1.8 -> 730.8 | X101: 580 | Y101: 1 | Z101: 2200000 | AA101: 3
H102: 8 | I102: 1757 | J102: 4.54秒 | K102: 6 | L102: 150 | M102: 2 | N102: 1700000 | O102: 3 | T102: 8 | U102: 4173 | V102: 406 | W102: =V102*1.8 -> 730.8 | X102: 680 | Y102: 1 | Z102: 2400000 | AA102: 4
H103: 9 | I103: 1933 | J103: 4.54秒 | K103: 6 | L103: 150 | M103: 2 | N103: 1800000 | O103: 3 | T103: 9 | U103: 4590 | V103: 447 | W103: =V103*1.8 -> 804.6 | X103: 680 | Y103: 1 | Z103: 2600000 | AA103: 4
H104: 10 | I104: 1933 | J104: 4.54秒 | K104: 9 | L104: 225 | M104: 2 | N104: 2000000 | O104: 3 | T104: 10 | U104: 4590 | V104: 447 | W104: =V104*1.8 -> 804.6 | X104: 800 | Y104: 1 | Z104: 2800000 | AA104: 4
H105: 11 | I105: 2126 | J105: 4.54秒 | K105: 9 | L105: 225 | M105: 2 | N105: 2200000 | O105: 3 | T105: 11 | U105: 5049 | V105: 491 | W105: =V105*1.8 -> 883.8 | X105: 800 | Y105: 1 | Z105: 3000000 | AA105: 4
...

Sheet 3.2夜本建筑
A1: 3.2 夜本建筑 | D1: 防御建筑 | AJ1: 支援建筑
A3: 所有的建筑物包括防御和支援两大类。 | D3: 索引 | AJ3: 索引：
D4: 01.联排城墙 | AJ4: 01.大本营
A5: 大本等级 | B5: 图例样式 | C5: 简介 | D5: 02.加农炮 | F5: 联排城墙 WallStraight | P5: 加农炮 Cannon2 | R5: 加农炮弹 | Z5: 双管加农炮 Double Cannon | AB5: 加农炮弹 | AJ5: 02.训练营
A6: 1~4本 | B6: 4 | C6: 新手起源 | D6: 03.双管加农炮 | F6: 阻挡多数陆军 | H6: 等级 | I6: 生命值 | J6: 壁垒之戒 | K6: 建造成本 | P6: 抵御陆军 | R6: 等级 | S6: 生命值 | T6: 每秒伤害 | U6: 每次伤害 | V6: 建造成本 | W6: 建造时间 | Z6: 抵御陆军 | AB6: 等级 | AC6: 生命值 | AD6: 每秒伤害 | AE6: 每次伤害 | AF6: 建造成本 | AG6: 建造时间 | AJ6: 03.小型兵营 | AL6: 大本营 Town Hall2 | AV6: 训练营 Barrack2 | BF6: 小型兵营 Troop Housing2
A7: 05本 | B7: 5 | C7: 游戏开始 | D7: 04.多功能箭塔 | F7: 占地：1*1 | H7: 1 | I7: 1300 | J7: 1 | K7: 4000 | P7: 射程：9格 | R7: 1 | S7: 500 | T7: 62.5 | U7: 50 | V7: 10000 | W7: 0.00069444444 | Z7: 射程：7格 | AB7: 1 | AC7: 600 | AD7: =AE7*4/(1.6+0.192*4) -> 84.459459 | AE7: 50 | AF7: 20000 | AG7: 0.0069444444 | AJ7: 04.实验室 | AL7: 占地：4*4 | AN7: 等级 | AO7: 生命值 | AP7: 资源存储 | AQ7: 建造成本 | AR7: 建造时间 | AV7: 占地：3*3 | AX7: 等级 | AY7: 生命值 | AZ7: 解锁兵种 | BA7: 建造成本 | BB7: 建造时间 | BF7: 占地：3*3 | BH7: 数量 | BI7: 生命值 | BJ7: 建造成本 | BK7: 建造时间
A8: 06本 | B8: 6 | C8: 炽热之心 | D8: 05.伏击电塔 | F8: 判定：1*1 | H8: 2 | I8: 1600 | J8: 1 | K8: 10000 | P8: 攻速：0.8秒/次 | R8: 2 | S8: 575 | T8: 68.75 | U8: 55 | V8: 20000 | W8: 0.0034722222 | Z8: 连发：0.192秒*4 | AB8: 2 | AC8: 690 | AD8: =AE8*4/(1.6+0.192*4) -> 92.905405 | AE8: 55 | AF8: 50000 | AG8: 0.041666667 | AJ8: 05.圣水瓶 | AL8: 判定：3*3 | AN8: 1 | AO8: 100 | AP8: 50000 | AV8: 判定：3*3 | AX8: 1 | AY8: 300 | AZ8: 狂暴战士 | BA8: 1000 | BF8: 判定：2*2 | BH8: 1 | BI8: 300
A9: 07本 | B9: 7 | C9: 重炮出击 | D9: 06.防空火炮 | H9: 3 | I9: 1920 | J9: 1 | K9: 100000 | P9: 单体伤害 | R9: 3 | S9: 661 | T9: 76.25 | U9: 61 | V9: 50000 | W9: 0.083333333 | Z9: 攻速：2.368秒/轮 | AB9: 3 | AC9: 794 | AD9: =AE9*4/(1.6+0.192*4) -> 103.04054 | AE9: 61 | AF9: 80000 | AG9: 0.125 | AJ9: 06.圣水泵 | AL9: 金币建筑 | AN9: 2 | AO9: 800 | AP9: 75000 | AQ9: 3500 | AR9: 0.0034722222 | AV9: 训练兵种 | AX9: 2 | AY9: 345 | AZ9: 隐秘射手 | BA9: 4000 | BB9: 0.00069444444 | BF9: 储存部队 | BH9: 2 | BI9: 300 | BJ9: 12000 | BK9: 0.0034722222
A10: 08本 | B10: 8 | C10: 电流狂欢 | D10: 07.撼地巨石 | H10: 4 | I10: 2304 | J10: 1 | K10: 300000 | P10: 占地：3*3 | R10: 4 | S10: 760 | T10: 83.75 | U10: 67 | V10: 200000 | W10: 0.33333333 | Z10: 单体伤害 | AB10: 4 | AC10: 913 | AD10: =AE10*4/(1.6+0.192*4) -> 113.17568 | AE10: 67 | AF10: 300000 | AG10: 0.5 | AJ10: 07.储金库 | AL10: 建议速本！ | AN10: 3 | AO10: 960 | AP10: 100000 | AQ10: 30000 | AR10: 0.042 | AV10: 圣水建筑 | AX10: 3 | AY10: 397 | AZ10: 巨人拳手 | BA10: 10000 | BB10: 0.0069444444 | BF10: 圣水建筑 | BH10: 3 | BI10: 300 | BJ10: 180000 | BK10: 0.125
A11: 09本 | B11: 9 | C11: 天地合奏 | D11: 08.守卫岗哨 | H11: 5 | I11: 2764 | J11: 2 | K11: 800000 | P11: 判定：2*2 | R11: 5 | S11: 874 | T11: 92.5 | U11: 74 | V11: 600000 | W11: 1 | Z11: 占地：3*3 | AB11: 5 | AC11: 1050 | AD11: =AE11*4/(1.6+0.192*4) -> 125 | AE11: 74 | AF11: 900000 | AG11: 1 | AJ11: 08.采金场 | AN11: 4 | AO11: 1152 | AP11: 150000 | AQ11: 200000 | AR11: 1 | AV11: 训练无需时间 | AX11: 4 | AY11: 457 | AZ11: 异变亡灵 | BA11: 25000 | BB11: 0.020833333 | BH11: 4 | BI11: 300 | BJ11: 350000 | BK11: 0.33333333
D12: 09.空炸起源 | H12: 6 | I12: 3316 | J12: 3 | K12: 1200000 | R12: 6 | S12: 1005 | T12: 101.25 | U12: 81 | V12: 1000000 | W12: 1 | Z12: 判定：2*2 | AB12: 6 | AC12: 1208 | AD12: =AE12*4/(1.6+0.192*4) -> 136.82432 | AE12: 81 | AF12: 1400000 | AG12: 1 | AJ12: 09.宝石矿井 | AN12: 5 | AO12: 1382 | AP12: 300000 | AQ12: 400000 | AR12: 2 | AX12: 5 | AY12: 526 | AZ12: 炸弹兵 | BA12: 100000 | BB12: 0.125 | BH12: 5 | BI12: 300 | BJ12: 2500000 | BK12: 2
D13: 10.多管迫击炮 | H13: 7 | I13: 3980 | J13: 4 | K13: 2000000 | R13: 7 | S13: 1156 | T13: 111.25 | U13: 89 | V13: 1800000 | W13: 2 | AB13: 7 | AC13: 1389 | AD13: =AE13*4/(1.6+0.192*4) -> 150.33784 | AE13: 89 | AF13: 2200000 | AG13: 2 | AJ13: 10.时光钟楼 | AN13: 6 | AO13: 1658 | AP13: 400000 | AQ13: 1200000 | AR13: 3 | AX13: 6 | AY13: 605 | AZ13: 飞龙宝宝 | BA13: 150000 | BB13: 0.25 | BH13: 6 | BI13: 300 | BJ13: 2500000 | BK13: 2
D14: 11.熔岩火炮 | H14: 8 | I14: 4776 | J14: 6 | K14: 3000000 | R14: 8 | S14: 1329 | T14: 122.5 | U14: 98 | V14: 2500000 | W14: 3 | AB14: 8 | AC14: 1597 | AD14: =AE14*4/(1.6+0.192*4) -> 165.54054 | AE14: 98 | AF14: 3200000 | AG14: 3 | AJ14: 01.弹射陷阱 | AN14: 7 | AO14: 1990 | AP14: 600000 | AQ14: 1800000 | AR14: 4 | AX14: 7 | AY14: 696 | AZ14: 重炮战车 | BA14: 300000 | BB14: 0.33333333 | BH14: 备注：夜本兵营没有等级，但是下一个建筑更贵，所以以数量代替等级
D15: 12.巨型大炮 | H15: 9 | I15: 5014 | J15: 8 | K15: 4000000 | R15: 9 | S15: 1395 | T15: 135 | U15: 108 | V15: 3300000 | W15: 4 | AB15: 9 | AC15: 1677 | AD15: =AE15*4/(1.6+0.192*4) -> 182.43243 | AE15: 108 | AF15: 4200000 | AG15: 4 | AJ15: 02.隐形弹簧 | AN15: 8 | AO15: 2388 | AP15: 800000 | AQ15: 2800000 | AR15: 5 | AX15: 8 | AY15: 800 | AZ15: 暗夜女巫 | BA15: 500000 | BB15: 0.41666667
D16: 13.超级电塔 | H16: 备注：城墙5个一组，故名“联排城墙” | AJ16: 03.小型地雷 | AN16: 9 | AO16: 2507 | AP16: 1000000 | AQ16: 3800000 | AR16: 6 | AX16: 9 | AY16: 920 | AZ16: 骷髅气球 | BA16: 1000000 | BB16: 0.5
D17: 14.西瓜投手 | H17: 备注2：城墙>=6级可以使用圣水刷墙 | AJ17: 04.大型地雷 | AN17: 备注：需要建造所有已解锁的建筑才能升级大本营 | AX17: 10 | AY17: 1058 | AZ17: 超级皮卡 | BA17: 1500000 | BB17: 1
AJ18: ???.奥仔小屋 | AX18: 11 | AY18: 1111 | AZ18: 野猪飞骑 | BA18: 2000000 | BB18: 1.5
D19: >>支援建筑 | F19: 多功能箭塔 Archer Tower2 | H19: 箭矢 | P19: 伏击电塔 Tesla Tower2 | R19: 感应电 | Z19: 防空火炮 Air Defense Mini | AB19: 三联烟花 | AL19: 实验室 Laboratory2 | AV19: 圣水瓶 Elixir Storage2 | BF19: 圣水泵 Elixir Pump2
D20: ○主界面 | F20: 抵御陆空 | H20: 等级 | I20: 生命值 | J20: 远程秒伤 | K20: 快速秒伤 | L20: 每次伤害 | M20: 建造成本 | N20: 建造时间 | P20: 抵御陆空 | R20: 等级 | S20: 生命值 | T20: 每秒伤害 | U20: 每次伤害 | V20: 建造成本 | W20: 建造时间 | Z20: 抵御空军 | AB20: 等级 | AC20: 生命值 | AD20: 每秒伤害 | AE20: 每次伤害 | AF20: 建造成本 | AG20: 建造时间 | AJ20: >>防御建筑 | AL20: 占地：4*4 | AN20: 等级 | AO20: 生命值 | AP20: 建造成本 | AQ20: 建造时间 | AV20: 占地：3*3 | AX20: 等级 | AY20: 生命值 | AZ20: 储存容量 | BA20: 建造成本 | BB20: 建造时间 | BF20: 占地：3*3 | BH20: 等级 | BI20: 生命值 | BJ20: 开采速度 | BK20: 存储容量 | BL20: 最低收集 | BM20: 建造成本 | BN20: 建造时间
F21: 单体伤害 | H21: 1 | I21: 500 | J21: 35 | K21: 70 | L21: 35 | M21: 12000 | N21: 0.0034722222 | P21: 射程：7格 | R21: 1 | S21: 300 | T21: 41.7 | U21: 25 | V21: 50000 | W21: 0.020833333 | Z21: 射程：10格 | AB21: 1 | AC21: 400 | AD21: =AE21*3/1.024 -> 49.804688 | AE21: 17 | AF21: 30000 | AG21: 0.010416667 | AJ21: ○主界面 | AL21: 判定：3*3 | AN21: 1 | AO21: 650 | AP21: 1000 | AV21: 判定：2*2 | AX21: 1 | AY21: 650 | AZ21: 70000 | BA21: 20000 | BB21: 0.021 | BF21: 判定：2*2 | BH21: 1 | BI21: 300 | BJ21: 1000 | BK21: 24000 | BL21: 30 | BM21: 1000 | BN21: 0.0069444444
F22: 占地：3*3 | H22: 2 | I22: 575 | J22: 40 | K22: 80 | L22: 40 | M22: 30000 | N22: 0.010416667 | P22: 攻速：0.6秒/次 | R22: 2 | S22: 345 | T22: 46.7 | U22: 28 | V22: 100000 | W22: 0.125 | Z22: 连发：0.064秒*3 | AB22: 2 | AC22: 460 | AD22: =AE22*3/1.024 -> 55.664062 | AE22: 19 | AF22: 80000 | AG22: 0.083333333 | AL22: 升级部队 | AN22: 2 | AO22: 800 | AP22: 15000 | AQ22: 0.0069444444 | AV22: 储存圣水 | AX22: 2 | AY22: 800 | AZ22: 150000 | BA22: 80000 | BB22: 0.042 | BF22: 采集圣水 | BH22: 2 | BI22: 345 | BJ22: 1200 | BK22: 28800 | BL22: 40 | BM22: 5000 | BN22: 0.013888889
F23: 判定：2*2 | H23: 3 | I23: 661 | J23: 44 | K23: 88 | L23: 44 | M23: 60000 | N23: 0.083333333 | P23: 单体伤害 | R23: 3 | S23: 397 | T23: 51.7 | U23: 31 | V23: 150000 | W23: 0.20833333 | Z23: 攻速：1.024秒/轮 | AB23: 3 | AC23: 529 | AD23: =AE23*3/1.024 -> 61.523438 | AE23: 21 | AF23: 120000 | AG23: 0.167 | AL23: 圣水建筑 | AN23: 3 | AO23: 960 | AP23: 50000 | AQ23: 0.020833333 | AV23: 金币建筑 | AX23: 3 | AY23: 960 | AZ23: 250000 | BA23: 200000 | BB23: 0.125 | BF23: 金币建筑 | BH23: 3 | BI23: 397 | BJ23: 1500 | BK23: 36000 | BL23: 50 | BM23: 10000 | BN23: 0.03125
F24: 远程模式 | H24: 4 | I24: 760 | J24: 48 | K24: 96 | L24: 48 | M24: 250000 | N24: 0.33333333 | P24: 占地：2*2 | R24: 4 | S24: 457 | T24: 56.7 | U24: 34 | V24: 280000 | W24: 0.41666667 | Z24: 单体伤害 | AB24: 4 | AC24: 608 | AD24: =AE24*3/1.024 -> 67.382812 | AE24: 23 | AF24: 300000 | AG24: 0.5 | AN24: 4 | AO24: 1152 | AP24: 300000 | AQ24: 0.33333333 | AX24: 4 | AY24: 1152 | AZ24: 350000 | BA24: 300000 | BB24: 0.25 | BH24: 4 | BI24: 457 | BJ24: 1800 | BK24: 43200 | BL24: 60 | BM24: 30000 | BN24: 0.083333333
F25: 射程：10格 | H25: 5 | I25: 874 | J25: 53 | K25: 106 | L25: 53 | M25: 800000 | N25: 1 | P25: 判定：1*1 | R25: 5 | S25: 526 | T25: 61.7 | U25: 37 | V25: 700000 | W25: 1 | Z25: 占地：2*2 | AB25: 5 | AC25: 699 | AD25: =AE25*3/1.024 -> 73.242188 | AE25: 25 | AF25: 800000 | AG25: 1 | AN25: 5 | AO25: 1382 | AP25: 700000 | AQ25: 0.5 | AX25: 5 | AY25: 1382 | AZ25: 600000 | BA25: 600000 | BB25: 0.33333333 | BH25: 5 | BI25: 526 | BJ25: 2100 | BK25: 50400 | BL25: 70 | BM25: 60000 | BN25: 0.20833333
F26: 攻速：1秒/次 | H26: 6 | I26: 1005 | J26: 58 | K26: 116 | L26: 58 | M26: 1200000 | N26: 1 | P26: 弹出条件： | R26: 6 | S26: 605 | T26: 68.3 | U26: 41 | V26: 1300000 | W26: 1 | Z26: 判定：2*2 | AB26: 6 | AC26: 804 | AD26: =AE26*3/1.024 -> 82.03125 | AE26: 28 | AF26: 1200000 | AG26: 1 | AN26: 6 | AO26: 1658 | AP26: 1000000 | AQ26: 1 | AX26: 6 | AY26: 1658 | AZ26: 800000 | BA26: 1000000 | BB26: 0.417 | BH26: 6 | BI26: 605 | BJ26: 2500 | BK26: 60000 | BL26: 80 | BM26: 100000 | BN26: 0.33333333
F27: 快速模式 | H27: 7 | I27: 1156 | J27: 64 | K27: 128 | L27: 64 | M27: 2000000 | N27: 2 | P27: 6格内出现目标 | R27: 7 | S27: 696 | T27: 75 | U27: 45 | V27: 2100000 | W27: 2 | AB27: 7 | AC27: 925 | AD27: =AE27*3/1.024 -> 90.820312 | AE27: 31 | AF27: 2000000 | AG27: 2 | AN27: 7 | AO27: 1990 | AP27: 2000000 | AQ27: 2 | AX27: 7 | AY27: 1990 | AZ27: 1200000 | BA27: 1500000 | BB27: 0.5 | BH27: 7 | BI27: 696 | BJ27: 3000 | BK27: 72000 | BL27: 100 | BM27: 200000 | BN27: 0.41666667
F28: 射程：7格 | H28: 8 | I28: 1329 | J28: 70 | K28: 140 | L28: 70 | M28: 2800000 | N28: 3 | P28: 或者摧毁率>50% | R28: 8 | S28: 800 | T28: 83.3 | U28: 50 | V28: 3100000 | W28: 3 | AB28: 8 | AC28: 1064 | AD28: =AE28*3/1.024 -> 99.609375 | AE28: 34 | AF28: 3000000 | AG28: 3 | AN28: 8 | AO28: 2388 | AP28: 3000000 | AQ28: 3 | AX28: 8 | AY28: 2388 | AZ28: 1600000 | BA28: 2000000 | BB28: 1 | BH28: 8 | BI28: 800 | BJ28: 3500 | BK28: 84000 | BL28: 120 | BM28: 300000 | BN28: 0.5
F29: 攻速：0.5秒/次 | H29: 9 | I29: 1395 | J29: 77 | K29: 154 | L29: 77 | M29: 3600000 | N29: 4 | P29: 弹出时间：1秒 | R29: 9 | S29: 840 | T29: 91.7 | U29: 55 | V29: 4100000 | W29: 4 | AB29: 9 | AC29: 1117 | AD29: =AE29*3/1.024 -> 108.39844 | AE29: 37 | AF29: 4000000 | AG29: 4 | AN29: 9 | AO29: 2507 | AP29: 4000000 | AQ29: 4 | AX29: 9 | AY29: 2507 | AZ29: 2000000 | BA29: 2500000 | BB29: 1.5 | BH29: 9 | BI29: 840 | BJ29: 4000 | BK29: 96000 | BL29: 140 | BM29: 400000 | BN29: 0.58333333
AN30: 备注：升级中的实验室依然可以研究
F33: 撼地巨石 Crusher | P33: 守卫岗哨 Guard Post | Z33: 空炸起源 Air Defense2 | AB33: 空中炸弹 | AL33: 储金罐 Gold Storage2 | AV33: 采金场 Gold Mine2 | BF33: 宝石矿井 Gem Mine
F34: 抵御陆军 | H34: 等级 | I34: 生命值 | J34: 每秒伤害 | K34: 每次伤害 | L34: 建造成本 | M34: 建造时间 | P34: 驻扎守军 | R34: 等级 | S34: 生命值 | T34: 守卫数量 | U34: 守卫等级 | V34: 建造成本 | W34: 建造时间 | Z34: 抵御空军 | AB34: 等级 | AC34: 生命值 | AD34: 每秒伤害 | AE34: 每次伤害 | AF34: 建造成本 | AG34: 建造时间 | AL34: 占地：3*3 | AN34: 等级 | AO34: 生命值 | AP34: 储存容量 | AQ34: 建造成本 | AR34: 建造时间 | AV34: 占地：3*3 | AX34: 等级 | AY34: 生命值 | AZ34: 开采速度 | BA34: 存储容量 | BB34: 最低收集 | BC34: 建造成本 | BD34: 建造时间 | BF34: 占地：3*3 | BH34: 等级 | BI34: 生命值 | BJ34: 开采速度 | BK34: 宝石容量 | BL34: 建造成本 | BM34: 建造时间
F35: 射程：2.3格 | H35: 1 | I35: 1000 | J35: 142.9 | K35: 500 | L35: 120000 | M35: 0.083333333 | P35: 巡逻半径：3格 | R35: 1 | S35: 300 | T35: 2 | U35: 2 | V35: 200000 | W35: 0.167 | Z35: 射程：8格 | AB35: 1 | AC35: 1000 | AD35: 83.3 | AE35: 250 | AF35: 300000 | AG35: 0.25 | AL35: 判定：2*2 | AN35: 1 | AO35: 650 | AP35: 70000 | AQ35: 20000 | AR35: 0.021 | AV35: 判定：2*2 | AX35: 1 | AY35: 300 | AZ35: 1000 | BA35: 24000 | BB35: 30 | BC35: 1000 | BD35: 0.0069444444 | BF35: 判定：2*2 | BH35: 1 | BI35: 300 | BJ35: 2.2 | BK35: 10 | BL35: 120000 | BM35: 0.041666667
F36: 攻速：3.5秒/次 | H36: 2 | I36: 1150 | J36: 157.1 | K36: 550 | L36: 180000 | M36: 0.20833333 | P36: 追击半径：7格 | R36: 2 | S36: 345 | T36: 2 | U36: 4 | V36: 240000 | W36: 0.33333333 | Z36: 攻速：3秒/次 | AB36: 2 | AC36: 1150 | AD36: 91.7 | AE36: 275 | AF36: 320000 | AG36: 0.5 | AL36: 储存金币 | AN36: 2 | AO36: 800 | AP36: 150000 | AQ36: 80000 | AR36: 0.042 | AV36: 采集金币 | AX36: 2 | AY36: 345 | AZ36: 1200 | BA36: 28800 | BB36: 40 | BC36: 5000 | BD36: 0.013888889 | BF36: 采集宝石 | BH36: 2 | BI36: 345 | BJ36: 2.4 | BK36: 11 | BL36: 180000 | BM36: 0.083333333
F37: 溅射半径：2.8格 | H37: 3 | I37: 1323 | J37: 172.9 | K37: 605 | L37: 220000 | M37: 0.5 | P37: 占地：2*2 | R37: 3 | S37: 397 | T37: 3 | U37: 6 | V37: 280000 | W37: 0.5 | Z37: 溅射半径：1.5格 | AB37: 3 | AC37: 1323 | AD37: 101 | AE37: 303 | AF37: 340000 | AG37: 1 | AL37: 圣水建筑 | AN37: 3 | AO37: 960 | AP37: 250000 | AQ37: 200000 | AR37: 0.125 | AV37: 圣水建筑 | AX37: 3 | AY37: 397 | AZ37: 1500 | BA37: 36000 | BB37: 50 | BC37: 10000 | BD37: 0.03125 | BF37: 圣水建筑 | BH37: 3 | BI37: 397 | BJ37: 2.6 | BK37: 12 | BL37: 240000 | BM37: 0.25
F38: 占地：3*3 | H38: 4 | I38: 1521 | J38: 190.3 | K38: 666 | L38: 350000 | M38: 1 | P38: 判定：1*1 | R38: 4 | S38: 457 | T38: 3 | U38: 8 | V38: 320000 | W38: 1 | Z38: 占地：3*3 | AB38: 4 | AC38: 1521 | AD38: 111 | AE38: 333 | AF38: 360000 | AG38: 2 | AN38: 4 | AO38: 1152 | AP38: 350000 | AQ38: 300000 | AR38: 0.25 | AX38: 4 | AY38: 457 | AZ38: 1800 | BA38: 43200 | BB38: 60 | BC38: 30000 | BD38: 0.083333333 | BH38: 4 | BI38: 457 | BJ38: 2.9 | BK38: 13 | BL38: 450000 | BM38: 0.33333333
F39: 判定：2*2 | H39: 5 | I39: 1749 | J39: 209.4 | K39: 733 | L39: 1200000 | M39: 2 | R39: 5 | S39: 526 | T39: 4 | U39: 10 | V39: 1000000 | W39: 2 | Z39: 判定：2*2 | AB39: 5 | AC39: 1749 | AD39: 122 | AE39: 366 | AF39: 1200000 | AG39: 2 | AN39: 5 | AO39: 1382 | AP39: 600000 | AQ39: 600000 | AR39: 0.33333333 | AX39: 5 | AY39: 526 | AZ39: 2100 | BA39: 50400 | BB39: 70 | BC39: 60000 | BD39: 0.20833333 | BH39: 5 | BI39: 526 | BJ39: 3.1 | BK39: 14 | BL39: 1000000 | BM39: 0.41666667
F40: 攻击冷却：2.2秒 | H40: 6 | I40: 2011 | J40: 230.3 | K40: 806 | L40: 1500000 | M40: 3 | R40: 6 | S40: 605 | T40: 4 | U40: 12 | V40: 1400000 | W40: 2 | Z40: 攻击冷却：2.2秒 | AB40: 6 | AC40: 2011 | AD40: 134.3 | AE40: 403 | AF40: 1500000 | AG40: 3 | AN40: 6 | AO40: 1658 | AP40: 800000 | AQ40: 1000000 | AR40: 0.417 | AX40: 6 | AY40: 605 | AZ40: 2500 | BA40: 60000 | BB40: 80 | BC40: 100000 | BD40: 0.33333333 | BH40: 6 | BI40: 605 | BJ40: 3.4 | BK40: 16 | BL40: 1500000 | BM40: 0.5
H41: 7 | I41: 2313 | J41: 253.4 | K41: 887 | L41: 2400000 | M41: 3 | R41: 7 | S41: 696 | T41: 5 | U41: 14 | V41: 2300000 | W41: 3 | AB41: 7 | AC41: 2313 | AD41: 147.7 | AE41: 443 | AF41: 2400000 | AG41: 3 | AN41: 7 | AO41: 1990 | AP41: 1200000 | AQ41: 1500000 | AR41: 0.5 | AX41: 7 | AY41: 696 | AZ41: 3000 | BA41: 72000 | BB41: 100 | BC41: 200000 | BD41: 0.41666667 | BH41: 7 | BI41: 696 | BJ41: 3.8 | BK41: 18 | BL41: 2500000 | BM41: 1
H42: 8 | I42: 2660 | J42: 278.9 | K42: 976 | L42: 3400000 | M42: 4 | R42: 8 | S42: 800 | T42: 5 | U42: 16 | V42: 3200000 | W42: 4 | AB42: 8 | AC42: 2660 | AD42: 162.3 | AE42: 487 | AF42: 3400000 | AG42: 4 | AN42: 8 | AO42: 2388 | AP42: 1600000 | AQ42: 2000000 | AR42: 1 | AX42: 8 | AY42: 800 | AZ42: 3500 | BA42: 84000 | BB42: 120 | BC42: 300000 | BD42: 0.5 | BH42: 8 | BI42: 800 | BJ42: 4.3 | BK42: 20 | BL42: 3500000 | BM42: 2
H43: 9 | I43: 2793 | J43: 306.9 | K43: 1074 | L43: 4400000 | M43: 5 | R43: 9 | S43: 840 | T43: 5 | U43: 18 | V43: 4100000 | W43: 5 | AB43: 9 | AC43: 2793 | AD43: 178.7 | AE43: 536 | AF43: 4400000 | AG43: 5 | AN43: 9 | AO43: 2507 | AP43: 2000000 | AQ43: 2500000 | AR43: 1.5 | AX43: 9 | AY43: 840 | AZ43: 4000 | BA43: 96000 | BB43: 140 | BC43: 400000 | BD43: 0.58333333 | BH43: 9 | BI43: 840 | BJ43: 4.8 | BK43: 22 | BL43: 4500000 | BM43: 3
F46: 多管迫击炮 Multi Mortar | H46: 迫击炮弹 | P46: 熔岩火炮 Flamer | R46: 炙热熔岩 | Z46: 巨型大炮 Giant Cannon | AB46: 碳酸钙-60 | AL46: 时光钟楼 Clock Tower | AV46: 弹射陷阱 Pusher | BF46: 隐形弹簧 Ejector2
F47: 抵御陆军 | H47: 等级 | I47: 生命值 | J47: 每秒伤害 | K47: 每次伤害 | L47: 建造成本 | M47: 建造时间 | P47: 抵御陆空 | R47: 等级 | S47: 生命值 | T47: 每秒伤害 | U47: 每次伤害 | V47: 建造成本 | W47: 建造时间 | Z47: 抵御陆军 | AB47: 等级 | AC47: 生命值 | AD47: 每秒伤害 | AE47: 每次伤害 | AF47: 建造成本 | AG47: 建造时间 | AL47: 占地：4*4 | AN47: 等级 | AO47: 生命值 | AP47: 加速时长 | AQ47: 建造成本 | AR47: 建造时间 | AV47: 弹射陆军（击退） | AX47: 等级 | AY47: 弹射能力 | AZ47: 建造成本 | BA47: 建造时间 | BF47: 弹出陆军（秒杀） | BH47: 等级 | BI47: 弹射能力 | BJ47: 建造成本 | BK47: 建造时间
F48: 射程：4-13格 | H48: 1 | I48: 500 | J48: =K48*4/(5+0.5*4) -> 14.285714 | K48: 25 | L48: 600000 | M48: 0.33333333 | P48: 射程：7格 | R48: 1 | S48: 800 | T48: =U48*15/(0.14*15.5+1.8) -> 37.783375 | U48: 10 | V48: 1000000 | W48: 0.41666667 | Z48: 射程：9格 | AB48: 1 | AC48: 700 | AD48: 25 | AE48: 125 | AF48: 2000000 | AG48: 0.5 | AL48: 判定：3*3 | AN48: 1 | AO48: 650 | AP48: 14 | AQ48: 150000 | AR48: 0.083333333 | AV48: 触发半径：1格 | AX48: 1 | AY48: 6 | AZ48: 1000 | BF48: 触发半径：0.7格 | BH48: 1 | BI48: 8 | BJ48: 10000
F49: 连发：0.5秒*4 | H49: 2 | I49: 575 | J49: =K49*4/(5+0.5*4) -> 16 | K49: 28 | L49: 700000 | M49: 0.5 | P49: 连发：0.14秒*15 | R49: 2 | S49: 920 | T49: =U49*15/(0.14*15.5+1.8) -> 41.561713 | U49: 11 | V49: 1200000 | W49: 0.5 | Z49: 攻速：5秒/次 | AB49: 2 | AC49: 805 | AD49: 27.6 | AE49: 138 | AF49: 2100000 | AG49: 1 | AL49: 提供10倍加速 | AN49: 2 | AO49: 800 | AP49: 16 | AQ49: 180000 | AR49: 0.125 | AV49: 作用半径：3.5格 | AX49: 2 | AY49: 8 | AZ49: 3000 | BA49: 0.0034722222 | BF49: 作用半径：0.7格 | BH49: 2 | BI49: 12 | BJ49: 30000 | BK49: 0.041666667
F50: 攻速：5秒/轮 | H50: 3 | I50: 661 | J50: =K50*4/(5+0.5*4) -> 17.714286 | K50: 31 | L50: 800000 | M50: 1 | P50: 攻速：1.8秒/轮 | R50: 3 | S50: 1058 | T50: =U50*15/(0.14*15.5+1.8) -> 45.34005 | U50: 12 | V50: 1400000 | W50: 1 | Z50: 穿透半径：1格 | AB50: 3 | AC50: 926 | AD50: 30.4 | AE50: 152 | AF50: 2200000 | AG50: 1 | AL50: 冷却时间：22小时 | AN50: 3 | AO50: 960 | AP50: 18 | AQ50: 220000 | AR50: 0.167 | AV50: 弹射距离：6格 | AX50: 3 | AY50: 10 | AZ50: 10000 | BA50: 0.013888889 | BF50: 占地面积：1*1 | BH50: 3 | BI50: 16 | BJ50: 100000 | BK50: 0.33333333
F51: 溅射半径：3格 | H51: 4 | I51: 760 | J51: =K51*4/(5+0.5*4) -> 19.428571 | K51: 34 | L51: 1000000 | M51: 2 | P51: 溅射半径：1.2格 | R51: 4 | S51: 1217 | T51: =U51*15/(0.14*15.5+1.8) -> 49.118388 | U51: 13 | V51: 1500000 | W51: 2 | Z51: 占地：3*3 | AB51: 4 | AC51: 1065 | AD51: 33.4 | AE51: 167 | AF51: 2300000 | AG51: 2 | AL51: 金币建筑 | AN51: 4 | AO51: 1152 | AP51: 20 | AQ51: 300000 | AR51: 0.25 | AV51: 占地面积：2*2 | AX51: 4 | AY51: 15 | AZ51: 20000 | BA51: 0.083333333 | BF51: 触发延迟：0.24秒 | BH51: 4 | BI51: 20 | BJ51: 300000 | BK51: 0.5
F52: 占地：3*3 | H52: 5 | I52: 874 | J52: =K52*4/(5+0.5*4) -> 21.142857 | K52: 37 | L52: 1200000 | M52: 3 | P52: 占地：3*3 | R52: 5 | S52: 1400 | T52: =U52*15/(0.14*15.5+1.8) -> 52.896725 | U52: 14 | V52: 1600000 | W52: 2 | Z52: 判定：2*2 | AB52: 5 | AC52: 1225 | AD52: 36.8 | AE52: 184 | AF52: 2400000 | AG52: 2 | AN52: 5 | AO52: 1382 | AP52: 22 | AQ52: 700000 | AR52: 0.33333333 | AV52: 触发延迟：0.16秒 | AX52: 5 | AY52: 20 | AZ52: 40000 | BA52: 0.16666667
F53: 判定：2*2 | H53: 6 | I53: 1005 | J53: =K53*4/(5+0.5*4) -> 23.428571 | K53: 41 | L53: 1600000 | M53: 3 | P53: 判定：2*2 | R53: 6 | S53: 1610 | T53: =U53*15/(0.14*15.5+1.8) -> 60.453401 | U53: 16 | V53: 1700000 | W53: 3 | Z53: 飞行极限：48格 | AB53: 6 | AC53: 1409 | AD53: 40.4 | AE53: 202 | AF53: 2500000 | AG53: 3 | AN53: 6 | AO53: 1658 | AP53: 24 | AQ53: 1200000 | AR53: 0.41666667 | AX53: 6 | AY53: 25 | AZ53: 60000 | BA53: 0.25
H54: 7 | I54: 1156 | J54: =K54*4/(5+0.5*4) -> 25.714286 | K54: 45 | L54: 2500000 | M54: 4 | R54: 7 | S54: 1852 | T54: =U54*15/(0.14*15.5+1.8) -> 68.010076 | U54: 18 | V54: 2600000 | W54: 4 | Z54: 击退距离：0.5格 | AB54: 7 | AC54: 1620 | AD54: 44.4 | AE54: 222 | AF54: 2700000 | AG54: 4 | AN54: 7 | AO54: 1990 | AP54: 26 | AQ54: 1700000 | AR54: 0.5 | AX54: 7 | AY54: 30 | AZ54: 100000 | BA54: 0.33333333
H55: 8 | I55: 1329 | J55: =K55*4/(5+0.5*4) -> 28.571429 | K55: 50 | L55: 3500000 | M55: 5 | R55: 8 | S55: 2130 | T55: =U55*15/(0.14*15.5+1.8) -> 75.566751 | U55: 20 | V55: 3600000 | W55: 5 | AB55: 8 | AC55: 1863 | AD55: 48.8 | AE55: 244 | AF55: 3800000 | AG55: 5 | AN55: 8 | AO55: 2388 | AP55: 28 | AQ55: 2200000 | AR55: 1 | AX55: 8 | AY55: 35 | AZ55: 200000 | BA55: 0.41666667
H56: 9 | I56: 1395 | J56: =K56*4/(5+0.5*4) -> 31.428571 | K56: 55 | L56: 4500000 | M56: 5 | R56: 9 | S56: 2237 | T56: =U56*15/(0.14*15.5+1.8) -> 83.123426 | U56: 22 | V56: 4600000 | W56: 5 | AB56: 9 | AC56: 1956 | AD56: 53.6 | AE56: 268 | AF56: 4700000 | AG56: 5 | AN56: 9 | AO56: 2507 | AP56: 30 | AQ56: 2700000 | AR56: 1.5 | AX56: 9 | AY56: 40 | AZ56: 300000 | BA56: 0.5
AB57: 备注：巨型加农炮的炮弹会越飞越慢，从16秒/格到4秒/格 | AX57: 备注：弹射陷阱对战争机器无效
F59: 超级电塔 Mega Tesla | H59: 超感应电 | P59: 西瓜投手 LavaLauncher | R59: 彻底熟透的西瓜 | AL59: 小型地雷 AirGroundTrap | AV59: 大型地雷 MegaAirGroundTrap | BF59: 奥仔小屋 Arto Building
F60: 抵御陆空 | H60: 等级 | I60: 生命值 | J60: 每秒伤害 | K60: 每次伤害 | L60: 建造成本 | M60: 建造时间 | P60: 抵御陆军 | R60: 等级 | S60: 生命值 | T60: 炮弹伤害 | U60: 熔岩秒伤 | V60: 建造成本 | W60: 建造时间 | AL60: 攻击目标：可调 | AN60: 等级 | AO60: 爆炸伤害 | AP60: 建造成本 | AQ60: 建造时间 | AV60: 攻击目标：可调 | AX60: 等级 | AY60: 爆炸伤害 | AZ60: 建造成本 | BA60: 建造时间 | BF60: 等级 | BG60: 条件
F61: 射程：7.5格 | H61: 1 | I61: 700 | J61: 110 | K61: 440 | L61: 3000000 | M61: 1 | P61: 射程：10-20格 | R61: 1 | S61: 500 | T61: 25 | U61: 160 | V61: 3000000 | W61: 1 | AL61: 触发半径：4格 | AN61: 1 | AO61: 50 | AP61: 5000 | AV61: 触发半径：3格 | AX61: 1 | AY61: 200 | AZ61: 30000 | BF61: 1 | BG61: 100000夜本金币 0小时建造
F62: 攻速：4秒/次 | H62: 2 | I62: 805 | J62: 121 | K62: 484 | L62: 3100000 | M62: 1 | P62: 攻速：7秒/次 | R62: 2 | S62: 575 | T62: 33 | U62: 165 | V62: 3100000 | W62: 1 | AL62: 爆炸半径：5格 | AN62: 2 | AO62: 55 | AP62: 8000 | AQ62: 0.013888889 | AV62: 爆炸半径：4格 | AX62: 2 | AY62: 220 | AZ62: 40000 | BA62: 0.041666667 | BF62: 2 | BG62: 改装家乡加农炮、箭塔和迫击炮
F63: 单体伤害 | H63: 3 | I63: 926 | J63: 133 | K63: 532 | L63: 3200000 | M63: 2 | P63: 溅射半径：3格 | R63: 3 | S63: 661 | T63: 41 | U63: 170 | V63: 3200000 | W63: 2 | AL63: 击退距离：0.5格 | AN63: 3 | AO63: 61 | AP63: 12000 | AQ63: 0.020833333 | AV63: 击退距离：0.5格 | AX63: 3 | AY63: 244 | AZ63: 50000 | BA63: 0.125 | BF63: 3 | BG63: 升级加农炮战车至18级
F64: 占地：3*3 | H64: 4 | I64: 1065 | J64: 146.5 | K64: 586 | L64: 3300000 | M64: 2 | P64: 占地：3*3 | R64: 4 | S64: 760 | T64: 49 | U64: 175 | V64: 3300000 | W64: 2 | AL64: 占地面积：1*1 | AN64: 4 | AO64: 67 | AP64: 25000 | AQ64: 0.041666667 | AV64: 占地面积：2*2 | AX64: 4 | AY64: 268 | AZ64: 80000 | BA64: 0.25 | BF64: 4 | BG64: 升级超级电塔至9级
F65: 判定：2*2 | H65: 5 | I65: 1225 | J65: 161 | K65: 644 | L65: 3400000 | M65: 3 | P65: 判定：2*2 | R65: 5 | S65: 874 | T65: 57 | U65: 180 | V65: 3700000 | W65: 3 | AL65: 触发延迟：0.7秒 | AN65: 5 | AO65: 74 | AP65: 50000 | AQ65: 0.083333333 | AV65: 触发延迟：0.75秒 | AX65: 5 | AY65: 296 | AZ65: 120000 | BA65: 0.33333333 | BF65: 5 | BG65: 升级战争机器至30级
F66: 连锁距离：4格 | H66: 6 | I66: 1409 | J66: 177.25 | K66: 709 | L66: 3600000 | M66: 3 | P66: 熔岩时长：20秒 | R66: 6 | S66: 1005 | T66: 65 | U66: 185 | V66: 4000000 | W66: 3 | AN66: 6 | AO66: 81 | AP66: 80000 | AQ66: 0.125 | AX66: 6 | AY66: 324 | AZ66: 300000 | BA66: 0.41666667 | BF66: 满级后解锁夜本第二个建筑工人：奥仔，从而建筑大师可以到家乡建造建筑
F67: 攻击数量：2个 | H67: 7 | I67: 1620 | J67: 194.75 | K67: 779 | L67: 3800000 | M67: 4 | P67: 攻击冷却：3.0秒 | R67: 7 | S67: 1156 | T67: 73 | U67: 190 | V67: 4300000 | W67: 4 | AN67: 7 | AO67: 89 | AP67: 120000 | AQ67: 0.16666667 | AX67: 7 | AY67: 356 | AZ67: 600000 | BA67: 0.5
H68: 8 | I68: 1863 | J68: 214.25 | K68: 857 | L68: 4000000 | M68: 5 | R68: 8 | S68: 1329 | T68: 81 | U68: 195 | V68: 4600000 | W68: 5 | AN68: 8 | AO68: 98 | AP68: 250000 | AQ68: 0.20833333 | AX68: 8 | AY68: 392 | AZ68: 1000000 | BA68: 1
H69: 9 | I69: 1956 | J69: 235.75 | K69: 943 | L69: 4800000 | M69: 5 | R69: 9 | S69: 1395 | T69: 89 | U69: 200 | V69: 4900000 | W69: 5 | AN69: 9 | AO69: 110 | AP69: 500000 | AQ69: 0.25 | AX69: 9 | AY69: 431 | AZ69: 1400000 | BA69: 1.5
R70: 备注1：单位受到的伤害随站在碎西瓜的时间递增 | AN70: 备注：击退距离只对弹射质量<=2的单位有效
R71: 备注2：碎西瓜对战争机器只有5%

Sheet 4.1都城军队
A1: 4.1 都城军队 | D1: 都城军队 | AF1: 都城法术
A3: 都城进攻摧毁子城获得一次额外进攻机会。 | D3: 索引 | AF3: 索引：
D4: 01.超级野蛮人 | AF4: 01.疗伤法术
A5: 大本等级 | B5: 图例样式 | C5: 简介 | D5: 02.隐秘弓箭手 | F5: 超级野蛮人 Super Barbarian | H5: 野蛮狂暴：在部署后的8秒狂暴，获得额外的移动速度和伤害 | O5: 隐秘弓箭手 Archer3 | S5: 箭矢 | W5: 超级巨人 Giant2 | Y5: 城墙克星：对城墙造成更多伤害 | AF5: 02.弹跳法术 | AH5: 疗伤法术 HealingWave | AO5: 弹跳法术 Jump
A6: 01本 | B6: ❶ | D6: 03.超级巨人 | F6: 攻击任何陆军 | H6: 等级 | I6: 生命值 | J6: 每秒伤害 | K6: 每次伤害 | O6: 攻击任何陆空 | Q6: 等级 | R6: 生命值 | S6: 每秒伤害 | W6: 优先攻击防御 | Y6: 等级 | Z6: 生命值 | AA6: 每秒伤害 | AB6: 每次伤害 | AC6: 城墙每次伤害 | AF6: 03.雷电法术 | AH6: 治疗半径：4.5格 | AJ6: 等级 | AK6: 每秒治疗 | AL6: 每次治疗 | AO6: 覆盖半径：4.5格 | AQ6: 等级 | AR6: 作用半径
A7: 02本 | B7: ❷ | D7: 04.野蛮人攻城槌 | F7: 射程：0.45格 | H7: 1 | I7: 800 | J7: 120 | K7: =J7*0.8 -> 96 | O7: 射程：2.75格 | Q7: 1 | R7: 100 | S7: 60 | W7: 射程：0.75格 | Y7: 1 | Z7: 3000 | AA7: 100 | AB7: =AA7*2 -> 200 | AC7: =AB7*5 -> 1000 | AF7: 04.冰霜法术 | AH7: 持续时长：两次进攻 | AJ7: 1 | AK7: 80 | AL7: =AK7*0.3 -> 24 | AO7: 持续时长：两次进攻 | AQ7: 1 | AR7: 3.2格
A8: 03本 | B8: ❸ | D8: 05.亡灵大军 | F8: 攻速：0.8秒/次 | H8: 2 | I8: 900 | J8: 140 | K8: =J8*0.8 -> 112 | O8: 攻速：1秒/次 | Q8: 2 | R8: 120 | S8: 64 | W8: 攻速：2秒/次 | Y8: 2 | Z8: 3300 | AA8: 110 | AB8: =AA8*2 -> 220 | AC8: =AB8*5 -> 1100 | AF8: 05.狂暴法术 | AH8: 治疗间隔：0.4秒 | AJ8: 2 | AK8: 93 | AL8: =AK8*0.3 -> 27.9 | AO8: 弹跳间隔：0.4秒 | AQ8: 2 | AR8: 3.4格
A9: 04本 | B9: ❹ | D9: 06.超级法师 | F9: 移速：1.8格/秒 | H9: 3 | I9: 1000 | J9: 160 | K9: =J9*0.8 -> 128 | O9: 移速：1.8格/秒 | Q9: 3 | R9: 140 | S9: 68 | W9: 移速：1.1格/秒 | Y9: 3 | Z9: 3600 | AA9: 120 | AB9: =AA9*2 -> 240 | AC9: =AB9*5 -> 1200 | AF9: 06.骷髅召唤法术 | AH9: 放置时长：0.8秒 | AJ9: 3 | AK9: 107 | AL9: =AK9*0.3 -> 32.1 | AO9: 放置时长：0.8秒 | AQ9: 3 | AR9: 3.6格
A10: 05本 | B10: ❺ | D10: 07.火箭气球兵 | F10: 单体攻击延迟0.7秒 | H10: 4 | I10: 1100 | J10: 180 | K10: =J10*0.8 -> 144 | O10: 单体攻击 | Q10: 4 | R10: 160 | S10: 72 | W10: 单体攻击 | Y10: 4 | Z10: 3900 | AA10: 130 | AB10: =AA10*2 -> 260 | AC10: =AB10*5 -> 1300 | AH10: 生效延迟：0.3秒 | AJ10: 4 | AK10: 120 | AL10: =AK10*0.3 -> 36 | AO10: 生效延迟：0.3秒 | AQ10: 4 | AR10: 3.8格
A11: 06本 | B11: ❻ | D11: 08.骷髅飞桶 | F11: 狂暴移速:3.75格/秒 | H11: 5 | I11: 1200 | J11: 200 | K11: =J11*0.8 -> 160 | O11: 隐身时间:5秒 | Q11: 5 | R11: 180 | S11: 76 | W11: 克城墙*5 | Y11: 5 | Z11: 4200 | AA11: 140 | AB11: =AA11*2 -> 280 | AC11: =AB11*5 -> 1400 | AF11: >>都城兵种 | AH11: 占用空间：3 | AJ11: 5 | AK11: 133 | AL11: =AK11*0.3 -> 39.9 | AO11: 占用空间：2 | AQ11: 5 | AR11: 4.0格
A12: 07本 | B12: ❼ | D12: 09.空中堡垒 | F12: 狂暴秒伤:170% | O12: 占据人口：10（5个，单个2） | W12: 人口：10 | AF12: ○主界面 | AQ12: 备注：弹跳效果是让部队有跳墙的能力，而不是暂时抹去城墙。
A13: 08本 | B13: ❽ | D13: 10.突袭炮车 | F13: 人口数：5 | O13: 防守奖励：200 | W13: 防守奖励：1000 | AQ13: 备注2：超过100人口的兵种无效。
A14: 09本 | B14: ❾ | D14: 11.超级皮卡 | F14: 防守奖励：500
A15: 10本 | B15: ❿ | D15: 12.野猪突袭队
D16: 13.超级飞龙 | AH16: 雷电法术 LighningStorm | AO16: 冰霜法术 Frost
D17: 14.高山戈仑 | AH17: 电击溅射：1.5格 | AJ17: 等级 | AK17: 总伤害 | AO17: 持续时长：两次进攻 | AQ17: 等级 | AR17: 作用半径
D18: 15.地狱飞龙 | F18: 野蛮人攻城锤 | L18: 攻城锤野蛮人 | O18: 亡灵大军 Gargoyle3 | T18: 谢特 | W18: 超级法师Super Wizard2 | AH18: 攻击次数：1次 | AJ18: 1 | AK18: 250 | AQ18: 1 | AR18: 4.2格
F19: 优先攻击城墙 | H19: 大本等级 | I19: 生命值 | J19: 伤害 | K19: 对墙伤害 | L19: 生命值 | M19: 每秒伤害 | O19: 攻击任何陆空 | Q19: 等级 | R19: 生命值 | S19: 每秒伤害 | T19: 每次伤害 | W19: 攻击任何陆空 | Y19: 等级 | Z19: 生命值 | AA19: 每秒伤害 | AB19: 直接伤害 | AC19: 连锁伤害 | AH19: 击晕时长：0.1秒 | AJ19: 2 | AK19: 300 | AO19: 放置时长：0.8秒 | AQ19: 2 | AR19: 4.4格
D20: >>法术 | F20: 射程：0.75格 | H20: 1 | I20: 800 | J20: 125 | K20: =J20*40 -> 5000 | L20: 150 | M20: 25 | O20: 射程：1.5格 | Q20: 1 | R20: 60 | S20: 56 | T20: 56 | W20: 射程：2.5格 | Y20: 1 | Z20: 600 | AA20: 160 | AB20: =AA20*2 -> 320 | AC20: =AB20*0.4 -> 128 | AH20: 放置时长：0.8秒 | AJ20: 3 | AK20: 350 | AO20: 生效延迟：0.3秒 | AQ20: 3 | AR20: 4.6格
D21: ○主界面 | F21: 移速：2格/秒 | H21: 2 | I21: 900 | J21: 162 | K21: =J21*40 -> 6480 | L21: 175 | M21: 30 | O21: 攻速：1秒/次 | Q21: 2 | R21: 70 | S21: 62 | T21: 62 | W21: 攻速：2秒/次 | Y21: 2 | Z21: 700 | AA21: 180 | AB21: =AA21*2 -> 360 | AC21: =AB21*0.4 -> 144 | AH21: 电击间隔：0.1秒 | AJ21: 4 | AK21: 400 | AO21: 占用空间：4 | AQ21: 4 | AR21: 4.8格
F22: 溅射半径：0.6格 | H22: 3 | I22: 1000 | J22: 200 | K22: =J22*40 -> 8000 | L22: 200 | M22: 35 | O22: 移速：3.0格/秒 | Q22: 3 | R22: 80 | S22: 68 | T22: 68 | W22: 移速：1.6格/秒 | Y22: 3 | Z22: 800 | AA22: 200 | AB22: =AA22*2 -> 400 | AC22: =AB22*0.4 -> 160 | AH22: 占用空间：1 | AJ22: 5 | AK22: 450 | AQ22: 5 | AR22: 5.0格
F23: 克城墙*20 | H23: 4 | I23: 1100 | J23: 237 | K23: =J23*40 -> 9480 | L23: 225 | M23: 40 | O23: 单体攻击 | Q23: 4 | R23: 90 | S23: 74 | T23: 74 | W23: 单体链式攻击 | Y23: 4 | Z23: 900 | AA23: 220 | AB23: =AA23*2 -> 440 | AC23: =AB23*0.4 -> 176
F24: 占用人口：5 | H24: 5 | I24: 1200 | J24: 275 | K24: =J24*40 -> 11000 | L24: 250 | M24: 45 | O24: 占据人口：10（6只） | Q24: 5 | R24: 100 | S24: 80 | T24: 80 | W24: 人口：10 | Y24: 5 | Z24: 1000 | AA24: 240 | AB24: =AA24*2 -> 480 | AC24: =AB24*0.4 -> 192
F25: 防守奖励：500 | L25: 防守奖励：0 | O25: 防守奖励：167 | W25: 防守奖励：1000
AH26: 狂暴法术 Haste | AO26: 骷髅召唤法术 | AT26: 骷髅
AH27: 狂暴半径：4.5格 | AJ27: 等级 | AK27: 秒伤增加 | AL27: 移速增加 | AO27: 作用半径：3.2格 | AQ27: 等级 | AR27: 骷髅数量 | AT27: 骷髅生命：30
F28: 气球火箭兵 HastyBalloon2 | H28: 航空炸弹 | O28: 骷髅飞桶 | W28: 空中堡垒 | AD28: 骷髅飞骑 | AH28: 持续时长：两次进攻 | AJ28: 1 | AK28: 0.7 | AL28: 10 | AO28: 持续时长：两次进攻 | AQ28: 1 | AR28: 23 | AT28: 每秒伤害：25
F29: 优先攻击防御 | H29: 等级 | I29: 生命值 | J29: 每秒伤害 | K29: 每次伤害 | L29: 坠落伤害 | O29: 防御建筑 | Q29: 等级 | R29: 生命值 | S29: 伤害 | T29: 分裂骷髅数 | W29: 防御建筑 | Y29: 等级 | Z29: 生命值 | AA29: 每秒伤害 | AB29: 骷髅飞骑数 | AC29: 坠毁骷髅数 | AD29: 生命值 | AE29: 每次伤害 | AH29: 狂暴间隔：0.4秒 | AJ29: 2 | AK29: 0.8 | AL29: 12 | AQ29: 2 | AR29: 27 | AT29: 地面目标↔陆空目标
F30: 射程：0格 | H30: 1 | I30: 720 | J30: 175 | K30: =J30*3 -> 525 | L30: 400 | O30: 射程：0格 | Q30: 1 | R30: 700 | S30: 324 | T30: 8 | W30: 射程：4.5格 | Y30: 1 | Z30: 12000 | AA30: 300 | AB30: 10 | AC30: 22 | AD30: 200 | AE30: 130 | AH30: 放置时长：0.8秒 | AJ30: 3 | AK30: 0.9 | AL30: 14 | AQ30: 3 | AR30: 31 | AT30: 射程：0.4格↔0.0格
F31: 攻速：3秒/次 | H31: 2 | I31: 800 | J31: 200 | K31: =J31*3 -> 600 | L31: 450 | O31: 溅射半径：1格 | Q31: 2 | R31: 800 | S31: 486 | T31: 9 | W31: 攻速：2秒/次 | Y31: 2 | Z31: 13500 | AA31: 325 | AB31: 12 | AC31: 24 | AD31: 250 | AE31: 140 | AH31: 生效延迟：0.3秒 | AJ31: 4 | AK31: 1 | AL31: 16 | AQ31: 4 | AR31: 35 | AT31: 攻速：1.0↔0.7秒/次
F32: 移速：1.1格/秒 | H32: 3 | I32: 880 | J32: 225 | K32: =J32*3 -> 675 | L32: 500 | O32: 攻击延迟：2.25秒 | Q32: 3 | R32: 850 | S32: 594 | T32: 10 | W32: 移速：1.1格/秒 | Y32: 3 | Z32: 15000 | AA32: 350 | AB32: 14 | AC32: 26 | AD32: 300 | AE32: 150 | AH32: 占用空间：3 | AJ32: 5 | AK32: 1.1 | AL32: 18 | AO32: 占用空间：2 | AT32: 移速：2.0格/秒↔1.1格/秒
F33: 溅射半径：1格 | H33: 4 | I33: 960 | J33: 250 | K33: =J33*3 -> 750 | L33: 550 | O33: 移速：1格/秒 | Q33: 4 | R33: 1050 | S33: 708 | T33: 11 | W33: 占用空间：100 | Y33: 4 | Z33: 16500 | AA33: 375 | AB33: 16 | AC33: 28 | AD33: 350 | AE33: 160 | AT33: 单体攻击
F34: 出手时间：2.25秒 | H34: 5 | I34: 1040 | J34: 275 | K34: =J34*3 -> 825 | L34: 600 | O34: 占用空间：15 | Q34: 5 | R34: 1200 | S34: 768 | T34: 12 | W34: 出手延迟：2秒 | Y34: 5 | Z34: 18000 | AA34: 400 | AB34: 18 | AC34: 30 | AD34: 400 | AE34: 170
F35: 自爆半径：1.0格 | O35: 每组数量：3 | W35: 防守奖励：10000
F36: 坠落时长：0.416秒 | O36: 防守奖励：500
F37: 占用空间：15
F38: 每组数量：2 | H38: 气球火箭兵会在部署后的4秒内提高达到惊人的7格/秒
F39: 防守奖励：750
F42: 突袭炮车 Raid Cart | H42: 奋战到底：被摧毁后，获得临时生命值并继续射击 | M42: 加农炮弹 | O42: 超级皮卡 PEKKA3 | Q42: 能量过载:被摧毁后自爆产生n伤害 | W42: 野猪突袭队(2陆1空） | Y42: 奇袭俯冲:飞骑撞击防御建筑致晕 | AC42: 野猪飞骑
F43: 攻击任何陆军 | H43: 等级 | I43: 生命值 | J43: 每秒伤害 | K43: 每次伤害 | L43: 临时生命 | O43: 攻击任何陆军 | Q43: 等级 | R43: 生命值 | S43: 每秒伤害 | T43: 每次伤害 | U43: 自爆伤害 | W43: 防御建筑 | Y43: 等级 | Z43: 生命值 | AA43: 每秒伤害 | AB43: 每次伤害 | AC43: 撞击伤害 | AD43: 生命值
F44: 射程：3格 | H44: 1 | I44: 2800 | J44: 240 | K44: =J44*2.5 -> 600 | L44: 1200 | O44: 射程：0.8格 | Q44: 1 | R44: 6800 | S44: 680 | T44: =S44*1.8 -> 1224 | U44: 1000 | W44: 射程：0.25格 | Y44: 1 | Z44: 880 | AA44: 130 | AB44: =AA44*1 -> 130 | AC44: 120 | AD44: 650
F45: 攻速：2.5秒/次 | H45: 2 | I45: 3100 | J45: 280 | K45: =J45*2.5 -> 700 | L45: 1400 | O45: 攻速：1.8秒/次 | Q45: 2 | R45: 7600 | S45: 760 | T45: =S45*1.8 -> 1368 | U45: 1200 | W45: 攻速：1秒/次 | Y45: 2 | Z45: 960 | AA45: 145 | AB45: =AA45*1 -> 145 | AC45: 130 | AD45: 700
F46: 移速：1.25格/秒 | H46: 3 | I46: 3400 | J46: 320 | K46: =J46*2.5 -> 800 | L46: 1600 | O46: 移速：1.5格/秒 | Q46: 3 | R46: 8400 | S46: 840 | T46: =S46*1.8 -> 1512 | U46: 1400 | W46: 移速：2.5格/秒 | Y46: 3 | Z46: 1040 | AA46: 160 | AB46: =AA46*1 -> 160 | AC46: 140 | AD46: 750
F47: 单体攻击 | H47: 4 | I47: 3700 | J47: 360 | K47: =J47*2.5 -> 900 | L47: 1800 | O47: 单体攻击 | Q47: 4 | R47: 9200 | S47: 920 | T47: =S47*1.8 -> 1656 | U47: 1600 | W47: 单体攻击 | Y47: 4 | Z47: 1120 | AA47: 175 | AB47: =AA47*1 -> 175 | AC47: 150 | AD47: 800
F48: 出手延迟：2秒 | H48: 5 | I48: 4000 | J48: 400 | K48: =J48*2.5 -> 1000 | L48: 2000 | O48: 自爆延迟：1.5秒 | Q48: 5 | R48: 10000 | S48: 1000 | T48: =S48*1.8 -> 1800 | U48: 1800 | W48: 占据人口：15 | Y48: 5 | Z48: 1200 | AA48: 190 | AB48: =AA48*1 -> 190 | AC48: 160 | AD48: 850
F49: 最终射程：5.5格 | O49: 自爆半径：1.8格 | W49: 防守奖励：500 | AC49: 防守奖励：0
F50: 生命损耗：25/秒 | H50: 注：死亡后临时生命衰减每秒100 | O50: 占据人口：40
F51: 占用空间：30 | O51: 防守奖励：4000
F52: 防守奖励：3000
F54: 超级飞龙 Super Dragon | H54: 致热龙息 | O54: 高山戈仑 | Q54: 城墙一碰就倒 | W54: 地狱飞龙 InfernoDragon
F55: 攻击任何陆空 | H55: 等级 | I55: 生命值 | J55: 每秒伤害 | K55: 每次伤害 | O55: 攻击地面目标 | Q55: 等级 | R55: 生命值 | S55: 每秒伤害 | T55: 每次伤害 | U55: 死亡伤害 | W55: 攻击任何陆空 | Y55: 等级 | Z55: 生命值 | AA55: 一阶秒伤 | AB55: 二阶秒伤 | AC55: 三阶秒伤
F56: 射程：2.25格 | H56: 1 | I56: 5800 | J56: 400 | K56: =J56*0.378 -> 151.2 | O56: 射程：2格 | Q56: 1 | R56: 30000 | S56: 800 | T56: =S56*3 -> 2400 | U56: 300 | W56: 射程：2.75格 | Y56: 1 | Z56: 1700 | AA56: 65 | AB56: 130 | AC56: 1300
F57: 攻击间隔：1.8秒 | H57: 2 | I57: 6100 | J57: 438 | K57: =J57*0.378 -> 165.564 | O57: 攻击速度：3秒/次 | Q57: 2 | R57: 33500 | S57: 900 | T57: =S57*3 -> 2700 | U57: 350 | W57: 攻速：0.128秒/次 | Y57: 2 | Z57: 1900 | AA57: 70 | AB57: 140 | AC57: 1400
F58: 移速：1.25格/秒 | H58: 3 | I58: 6400 | J58: 476 | K58: =J58*0.378 -> 179.928 | O58: 移速：0.5格/秒 | Q58: 3 | R58: 37000 | S58: 1000 | T58: =S58*3 -> 3000 | U58: 400 | W58: 移速：2.25格/秒 | Y58: 3 | Z58: 2100 | AA58: 75 | AB58: 150 | AC58: 1500
F59: 溅射半径：1.2格 | H59: 4 | I59: 6700 | J59: 514 | K59: =J59*0.378 -> 194.292 | O59: 溅射半径：0.75 | Q59: 4 | R59: 40500 | S59: 1100 | T59: =S59*3 -> 3300 | U59: 450 | W59: 一至二阶：1.7秒 | Y59: 4 | Z59: 2300 | AA59: 80 | AB59: 160 | AC59: 1600
F60: 连发：0.192秒*10 | H60: 5 | I60: 7000 | J60: 552 | K60: =J60*0.378 -> 208.656 | O60: 自爆延迟：0.4秒 | Q60: 5 | R60: 44000 | S60: 1200 | T60: =S60*3 -> 3600 | U60: 500 | W60: 二至三阶：1.5秒
F61: 出手时间：0.3秒 | O61: 自爆半径：2.5格 | W61: 充能时间：0.6秒
F62: 占用空间：40 | H62: 备注：超级飞龙始终攻击建筑中心，攻击落点存在直径1格的散布 | O62: 占用空间：160 | Q62: 备注：高山戈仑可以越过宽度 2 格以内的河流 | W62: 占用空间：15
F63: 防守奖励：4000 | H63: 备注2：对于3*3建筑而言，超级飞龙命中其周围建筑的概率是63% | O63: 防守奖励：16000

Sheet 4.2都城建筑
A1: 4.2都城建筑 | D1: 防御建筑 | AJ1: 支援建筑
A3: 所有的建筑物包括防御和支援两大类。 | D3: 索引 | AJ3: 索引：
D4: 01.城墙 | AJ4: 01.都城大本营
A5: 大本等级 | B5: 图例样式 | C5: 简介 | D5: 02.加农炮 | F5: 城墙 Wall | P5: 加农炮 Cannon3 | R5: 加农炮弹 | Z5: 投矛器 Spear Thrower | AB5: 矛 | AJ5: 02.子城大本营
A6: 01本 | B6: ❶ | D6: 03.投矛器 | F6: 阻挡多数陆军 | H6: 等级 | I6: 生命值 | J6: 建造成本 | P6: 抵御陆军 | R6: 等级 | S6: 生命值 | T6: 每秒伤害 | U6: 每次伤害 | V6: 升级成本 | W6: 摧毁收益 | Z6: 抵御陆空 | AB6: 等级 | AC6: 生命值 | AD6: 秒伤 | AE6: 每次伤害 | AF6: 建造成本 | AG6: 摧毁收益 | AJ6: 03.兵营 | AM6: 都城大本营 Capital Hall | AW6: 可解锁子城等级 | BE6: 子城大本营 District Hall
A7: 02本 | B7: ❷ | D7: 04.防空火箭 | F7: 占地：1*1 | H7: 1 | I7: 5000 | J7: 0 | P7: 射程：8格 | R7: 1 | S7: 1250 | T7: 130 | U7: =T7*1.5 -> 195 | V7: 2500 | W7: 100 | Z7: 射程：9格 | AB7: 1 | AC7: 1200 | AD7: 90 | AE7: =AD7*0.9 -> 81 | AF7: 12000 | AG7: 100 | AJ7: 04.法术仓库 | AM7: 抵御陆空 | AO7: 等级 | AP7: 生命值 | AQ7: 每秒伤害 | AR7: 每次伤害 | AS7: 建造成本 | AT7: 升级要求 | AU7: 摧毁奖励 | AV7: 摧毁奖章 | AW7: 野蛮人营地 | AX7: 法师山谷 | AY7: 气球环焦 | AZ7: 建筑工人工坊 | BA7: 飞龙悬崖 | BB7: 戈仑石场 | BC7: 骷髅公园 | BE7: 占地：4*4 | BG7: 等级 | BH7: 生命值 | BI7: 建造成本 | BJ7: 摧毁奖励 | BK7: 摧毁奖章
A8: 03本 | B8: ❸ | D8: 05.多管加农炮 | F8: 判定：1*1 | H8: 2 | I8: 6500 | J8: 500 | P8: 攻速：1.5秒/次 | R8: 2 | S8: 1450 | T8: 150 | U8: =T8*1.5 -> 225 | V8: 5000 | W8: 110 | Z8: 攻速：0.9秒/次 | AB8: 2 | AC8: 1400 | AD8: 110 | AE8: =AD8*0.9 -> 99 | AF8: 30000 | AG8: 110 | AJ8: 05.超级野蛮人训练营 | AM8: 射程：15格 | AO8: 1 | AP8: 10000 | AQ8: 0 | AR8: =AQ8*8 -> 0 | AU8: 100 | AV8: 45 | BE8: 判定：3*3 | BG8: 1 | BH8: 6000 | BJ8: 200 | BK8: 135
A9: 04本 | B9: ❹ | D9: 06.炸弹塔 | H9: 3 | I9: 8000 | J9: 1500 | P9: 单体伤害 | R9: 3 | S9: 1700 | T9: 170 | U9: =T9*1.5 -> 255 | V9: 10000 | W9: 120 | Z9: 单体伤害 | AB9: 3 | AC9: 1600 | AD9: 130 | AE9: =AD9*0.9 -> 117 | AF9: 60000 | AG9: 120 | AJ9: 06.隐秘弓箭手训练营 | AM9: 攻速：8秒/次 | AO9: 2 | AP9: 14000 | AQ9: 80 | AR9: =AQ9*8 -> 640 | AS9: 50000 | AT9: 15 | AU9: 200 | AV9: 180 | AW9: 1 | BG9: 2 | BH9: 7000 | BI9: 25000 | BJ9: 225 | BK9: 225
A10: 05本 | B10: ❺ | D10: 07.多管迫击炮 | H10: 4 | I10: 9500 | J10: 3500 | P10: 占地：2*2 | R10: 4 | S10: 2000 | T10: 190 | U10: =T10*1.5 -> 285 | V10: 18000 | W10: 130 | Z10: 占地：2*2 | AB10: 4 | AC10: 1800 | AD10: 150 | AE10: =AD10*0.9 -> 135 | AF10: 250000 | AG10: 130 | AJ10: 07.超级巨人训练营 | AM10: 溅射半径：2.5格 | AO10: 3 | AP10: 18000 | AQ10: 100 | AR10: =AQ10*8 -> 800 | AS10: 75000 | AT10: 65 | AU10: 300 | AV10: 360 | AW10: 2 | AX10: 1 | BG10: 3 | BH10: 8000 | BI10: 75000 | BJ10: 250 | BK10: 350 | BO10: 1
